Workbook

Sheet Detail Per Entity
C2: Short Term Forecast - Main entities TPEU
B3: From | C3: =D5 -> Week 18
B4: To | C4: =M5 -> Week 23 | D4: DATA FROM DIAPASON (TMS) | I4: FORECAST BASED ON LOCAL ENTITIES AP/AR/HR INFORMATION
D5: =CONCATENATE("Week"," ",WEEKNUM(D6,21)) -> Week 18 | I5: =CONCATENATE("Week"," ",WEEKNUM($D$6+7,21)) -> Week 19 | J5: =CONCATENATE("Week"," ",WEEKNUM($D$6+14,21)) -> Week 20 | K5: =CONCATENATE("Week"," ",WEEKNUM($D$6+22,21)) -> Week 21 | L5: =CONCATENATE("Week"," ",WEEKNUM($D$6+29,21)) -> Week 22 | M5: =CONCATENATE("Week"," ",WEEKNUM($D$6+36,21)) -> Week 23
C6: Amounts in M USD Eq. (end of month Exchange rate) | D6: 44319 | E6: =DATE(YEAR(D6), MONTH(D6), DAY(D6)+1) -> 44320 | F6: =DATE(YEAR(E6), MONTH(E6), DAY(E6)+1) -> 44321 | G6: =DATE(YEAR(F6), MONTH(F6), DAY(F6)+1) -> 44322 | H6: =DATE(YEAR(G6), MONTH(G6), DAY(G6)+1) -> 44323 | I6: =CONCATENATE(TEXT($D$6+7,"jj/mm")," - ",TEXT($D$6+11,"jj/mm")) -> 10/05 - 14/05 | J6: =CONCATENATE(TEXT($D$6+14,"jj/mm")," - ",TEXT($D$6+18,"jj/mm")) -> 17/05 - 21/05 | K6: =CONCATENATE(TEXT($D$6+21,"jj/mm")," - ",TEXT($D$6+25,"jj/mm")) -> 24/05 - 28/05 | L6: =CONCATENATE(TEXT($D$6+28,"jj/mm")," - ",TEXT($D$6+32,"jj/mm")) -> 31/05 - 04/06 | M6: =CONCATENATE(TEXT($D$6+35,"jj/mm")," - ",TEXT($D$6+39,"jj/mm")) -> 07/06 - 11/06 | P6: check1
B7: Technip Abu Dhabi | C7: Initial Local Cash Balance | D7: =TABUD!C9 -> 4.3 | E7: =TABUD!D9 -> 0.95 | F7: =TABUD!E9 -> 1.5742572 | G7: =TABUD!F9 -> 1.5742572 | H7: =TABUD!G9 -> 1.0195503 | I7: =TABUD!H9 -> 1.0195503 | J7: =TABUD!I9 -> 1.0118521 | K7: =TABUD!J9 -> 0.98002275 | ... M7: =TABUD!L9 -> 0.95809297
C8: Inflow | D8: =SUM(TABUD!C10:C13) -> 0 | E8: =SUM(TABUD!D10:D13) -> 0 | F8: =SUM(TABUD!E10:E13) -> 0 | G8: =SUM(TABUD!F10:F13) -> 0.45726165 | H8: =SUM(TABUD!G10:G13) -> 0 | I8: =SUM(TABUD!H10:H13) -> 0.11162087 | J8: =SUM(TABUD!I10:I13) -> 0 | K8: =SUM(TABUD!J10:J13) -> 1.9417249 | ... M8: =SUM(TABUD!L10:L13) -> 0.23070025
C9: Outflow | D9: =SUM(TABUD!C16:C23) -> 3.35 | E9: =SUM(TABUD!D16:D23) -> 0 | F9: =SUM(TABUD!E16:E23) -> 0 | G9: =SUM(TABUD!F16:F23) -> 3.3119686 | H9: =SUM(TABUD!G16:G23) -> 0 | I9: =SUM(TABUD!H16:H23) -> 0.91931909 | J9: =SUM(TABUD!I16:I23) -> 1.0318294 | K9: =SUM(TABUD!J16:J23) -> 0.52425741 | ... M9: =SUM(TABUD!L16:L23) -> 0.82597286
C10: NET CASH POOLING | D10: =TABUD!C14-TABUD!C24 -> 0 | E10: =TABUD!D14-TABUD!D24 -> 0.62425725 | F10: =TABUD!E14-TABUD!E24 -> 0 | G10: =TABUD!F14-TABUD!F24 -> 2.3 | H10: =TABUD!G14-TABUD!G24 -> 0 | I10: =TABUD!H14-TABUD!H24 -> 0.8 | J10: =TABUD!I14-TABUD!I24 -> 1 | K10: =TABUD!J14-TABUD!J24 -> -1.5 | ... M10: =TABUD!L14-TABUD!L24 -> 0.6
C11: Closing Local Cash Balance | D11: =D7+D8-D9+D10 -> 0.95 | E11: =E7+E8-E9+E10 -> 1.5742572 | F11: =F7+F8-F9+F10 -> 1.5742572 | G11: =G7+G8-G9+G10 -> 1.0195503 | H11: =H7+H8-H9+H10 -> 1.0195503 | I11: =I7+I8-I9+I10 -> 1.0118521 | J11: =J7+J8-J9+J10 -> 0.98002275 | K11: =K7+K8-K9+K10 -> 0.89749026 | ... M11: =M7+M8-M9+M10 -> 0.96282035 | O11: =SUM(D11:M11) -> 10.947894 | P11: =O11-TABUD!N26 -> 0
B12: Technip Geoproduction | C12: Initial Local Cash Balance | D12: =GEOP!C9 -> 64.176884 | E12: =GEOP!D9 -> 60.176884 | F12: =GEOP!E9 -> 60.176884 | G12: =GEOP!F9 -> 60.176884 | H12: =GEOP!G9 -> 60.176884 | I12: =GEOP!H9 -> 60.044942 | J12: =GEOP!I9 -> 44.979293 | K12: =GEOP!J9 -> 44.993231 | ... M12: =GEOP!L9 -> 66.304625
C13: Inflow | D13: =SUM(GEOP!C10:C13) -> 0 | E13: =SUM(GEOP!D10:D13) -> 0 | F13: =SUM(GEOP!E10:E13) -> 0 | G13: =SUM(GEOP!F10:F13) -> 0 | H13: =SUM(GEOP!G10:G13) -> 0 | I13: =SUM(GEOP!H10:H13) -> 6.120748 | J13: =SUM(GEOP!I10:I13) -> 0.697331 | K13: =SUM(GEOP!J10:J13) -> 4.722995 | ... M13: =SUM(GEOP!L10:L13) -> 0.073584
C14: Outflow | D14: =SUM(GEOP!C16:C23) -> 4 | E14: =SUM(GEOP!D16:D23) -> 0 | F14: =SUM(GEOP!E16:E23) -> 0 | G14: =SUM(GEOP!F16:F23) -> 0 | H14: =SUM(GEOP!G16:G23) -> 0.131942 | I14: =SUM(GEOP!H16:H23) -> 0.186397 | J14: =SUM(GEOP!I16:I23) -> 0.683393 | K14: =SUM(GEOP!J16:J23) -> 0.372303 | ... M14: =SUM(GEOP!L16:L23) -> 0
C15: NET CASH POOLING | D15: =GEOP!C14-GEOP!C24 -> 0 | E15: =GEOP!D14-GEOP!D24 -> 0 | F15: =GEOP!E14-GEOP!E24 -> 0 | G15: =GEOP!F14-GEOP!F24 -> 0 | H15: =GEOP!G14-GEOP!G24 -> 0 | I15: =GEOP!H14-GEOP!H24 -> -21 | J15: =GEOP!I14-GEOP!I24 -> 0 | K15: =GEOP!J14-GEOP!J24 -> 0 | ... M15: =GEOP!L14-GEOP!L24 -> 0
C16: Closing Local Cash Balance | D16: =D12+D13-D14+D15 -> 60.176884 | E16: =E12+E13-E14+E15 -> 60.176884 | F16: =F12+F13-F14+F15 -> 60.176884 | G16: =G12+G13-G14+G15 -> 60.176884 | H16: =H12+H13-H14+H15 -> 60.044942 | I16: =I12+I13-I14+I15 -> 44.979293 | J16: =J12+J13-J14+J15 -> 44.993231 | K16: =K12+K13-K14+K15 -> 49.343923 | ... M16: =M12+M13-M14+M15 -> 66.378209 | O16: =SUM(D16:M16) -> 572.75176 | P16: =O16-GEOP!N26 -> 0
B17: Technip Italy | C17: Initial Local Cash Balance | D17: =TITA!C9 -> 11.924 | E17: =TITA!D9 -> 13.748688 | F17: =TITA!E9 -> 13.748688 | G17: =TITA!F9 -> 2.9041176 | H17: =TITA!G9 -> 2.9041176 | I17: =TITA!H9 -> 7.4231176 | J17: =TITA!I9 -> 5.0531176 | K17: =TITA!J9 -> 5.1231176 | ... M17: =TITA!L9 -> 2.9831176
C18: Inflow | D18: =SUM(TITA!C10:C13) -> 1.05 | E18: =SUM(TITA!D10:D13) -> 0 | F18: =SUM(TITA!E10:E13) -> 0 | G18: =SUM(TITA!F10:F13) -> 0 | H18: =SUM(TITA!G10:G13) -> 4.59 | I18: =SUM(TITA!H10:H13) -> 0.63 | J18: =SUM(TITA!I10:I13) -> 5.87 | K18: =SUM(TITA!J10:J13) -> 22.31 | ... M18: =SUM(TITA!L10:L13) -> 4.01
C19: Outflow | D19: =SUM(TITA!C16:C23) -> 7.065 | E19: =SUM(TITA!D16:D23) -> 0 | F19: =SUM(TITA!E16:E23) -> 10.844571 | G19: =SUM(TITA!F16:F23) -> 0 | H19: =SUM(TITA!G16:G23) -> 0.071 | I19: =SUM(TITA!H16:H23) -> 10 | J19: =SUM(TITA!I16:I23) -> 15.8 | K19: =SUM(TITA!J16:J23) -> 10 | ... M19: =SUM(TITA!L16:L23) -> 10
C20: NET CASH POOLING | D20: =TITA!C14-TITA!C24 -> 7.8396883 | E20: =TITA!D14-TITA!D24 -> 0 | F20: =TITA!E14-TITA!E24 -> 0 | G20: =TITA!F14-TITA!F24 -> 0 | H20: =TITA!G14-TITA!G24 -> 0 | I20: =TITA!H14-TITA!H24 -> 7 | J20: =TITA!I14-TITA!I24 -> 10 | K20: =TITA!J14-TITA!J24 -> -15 | ... M20: =TITA!L14-TITA!L24 -> 10
C21: Closing Local Cash Balance | D21: =D17+D18-D19+D20 -> 13.748688 | E21: =E17+E18-E19+E20 -> 13.748688 | F21: =F17+F18-F19+F20 -> 2.9041176 | G21: =G17+G18-G19+G20 -> 2.9041176 | H21: =H17+H18-H19+H20 -> 7.4231176 | I21: =I17+I18-I19+I20 -> 5.0531176 | J21: =J17+J18-J19+J20 -> 5.1231176 | K21: =K17+K18-K19+K20 -> 2.4331176 | ... M21: =M17+M18-M19+M20 -> 6.9931176 | O21: =SUM(D21:M21) -> 63.314317 | P21: =O21-TITA!N26 -> 0
B22: Technip Australia Pty Ltd | C22: Initial Local Cash Balance | D22: =TAP!C9 -> 7.304108 | E22: =TAP!D9 -> 7.304108 | F22: =TAP!E9 -> 7.304108 | G22: =TAP!F9 -> 7.304108 | H22: =TAP!G9 -> 7.304108 | I22: =TAP!H9 -> 15.524536 | J22: =TAP!I9 -> 9.331355 | K22: =TAP!J9 -> 9.306832 | ... M22: =TAP!L9 -> 9.013792
C23: Inflow | D23: =SUM(TAP!C10:C13) -> 0 | E23: =SUM(TAP!D10:D13) -> 0 | F23: =SUM(TAP!E10:E13) -> 0 | G23: =SUM(TAP!F10:F13) -> 0 | H23: =SUM(TAP!G10:G13) -> 8.220428 | I23: =SUM(TAP!H10:H13) -> 0 | J23: =SUM(TAP!I10:I13) -> 0 | K23: =SUM(TAP!J10:J13) -> 0 | ... M23: =SUM(TAP!L10:L13) -> 0
C24: Outflow | D24: =SUM(TAP!C16:C23) -> 0 | E24: =SUM(TAP!D16:D23) -> 0 | F24: =SUM(TAP!E16:E23) -> 0 | G24: =SUM(TAP!F16:F23) -> 0 | H24: =SUM(TAP!G16:G23) -> 0 | I24: =SUM(TAP!H16:H23) -> 1.193181 | J24: =SUM(TAP!I16:I23) -> 0.024523 | K24: =SUM(TAP!J16:J23) -> 0.58865 | ... M24: =SUM(TAP!L16:L23) -> 0.52
C25: NET CASH POOLING | D25: =TAP!C14-TAP!C24 -> 0 | E25: =TAP!D14-TAP!D24 -> 0 | F25: =TAP!E14-TAP!E24 -> 0 | G25: =TAP!F14-TAP!F24 -> 0 | H25: =TAP!G14-TAP!G24 -> 0 | I25: =TAP!H14-TAP!H24 -> -5 | J25: =TAP!I14-TAP!I24 -> 0 | K25: =TAP!J14-TAP!J24 -> 0 | ... M25: =TAP!L14-TAP!L24 -> 0
C26: Closing Local Cash Balance | D26: =D22+D23-D24+D25 -> 7.304108 | E26: =E22+E23-E24+E25 -> 7.304108 | F26: =F22+F23-F24+F25 -> 7.304108 | G26: =G22+G23-G24+G25 -> 7.304108 | H26: =H22+H23-H24+H25 -> 15.524536 | I26: =I22+I23-I24+I25 -> 9.331355 | J26: =J22+J23-J24+J25 -> 9.306832 | K26: =K22+K23-K24+K25 -> 8.718182 | ... M26: =M22+M23-M24+M25 -> 8.493792 | O26: =SUM(D26:M26) -> 89.604921 | P26: =O26-TAP!N26 -> 0
B27: Technip France | C27: Initial Local Cash Balance | D27: =TFRA!C9 -> 0 | E27: =TFRA!D9 -> 0 | F27: =TFRA!E9 -> 0 | G27: =TFRA!F9 -> 0 | H27: =TFRA!G9 -> 0 | I27: =TFRA!H9 -> 0 | J27: =TFRA!I9 -> 0 | K27: =TFRA!J9 -> 0 | ... M27: =TFRA!L9 -> 0
C28: Inflow | D28: =SUM(TFRA!C10:C13) -> 3.1 | E28: =SUM(TFRA!D10:D13) -> 1.3433948 | F28: =SUM(TFRA!E10:E13) -> 0 | G28: =SUM(TFRA!F10:F13) -> 1.5 | H28: =SUM(TFRA!G10:G13) -> 0 | I28: =SUM(TFRA!H10:H13) -> 27.7 | J28: =SUM(TFRA!I10:I13) -> 21.4 | K28: =SUM(TFRA!J10:J13) -> 5.3 | ... M28: =SUM(TFRA!L10:L13) -> 53.7
C29: Outflow | D29: =SUM(TFRA!C16:C23) -> 4.143 | E29: =SUM(TFRA!D16:D23) -> 9.540015 | F29: =SUM(TFRA!E16:E23) -> 11.505 | G29: =SUM(TFRA!F16:F23) -> 6.156 | H29: =SUM(TFRA!G16:G23) -> 0 | I29: =SUM(TFRA!H16:H23) -> 5.4 | J29: =SUM(TFRA!I16:I23) -> 1.045 | K29: =SUM(TFRA!J16:J23) -> 0 | ... M29: =SUM(TFRA!L16:L23) -> 5.4
C30: NET CASH POOLING | D30: =TFRA!C14-TFRA!C24 -> 1.043 | E30: =TFRA!D14-TFRA!D24 -> 8.1966202 | F30: =TFRA!E14-TFRA!E24 -> 11.505 | G30: =TFRA!F14-TFRA!F24 -> 4.656 | H30: =TFRA!G14-TFRA!G24 -> 0 | I30: =TFRA!H14-TFRA!H24 -> -22.3 | J30: =TFRA!I14-TFRA!I24 -> -20.355 | K30: =TFRA!J14-TFRA!J24 -> -5.3 | ... M30: =TFRA!L14-TFRA!L24 -> -48.3
C31: Closing Local Cash Balance | D31: =D27+D28-D29+D30 -> 0 | E31: =E27+E28-E29+E30 -> 0 | F31: =F27+F28-F29+F30 -> 0 | G31: =G27+G28-G29+G30 -> 0 | H31: =H27+H28-H29+H30 -> 0 | I31: =I27+I28-I29+I30 -> 0 | J31: =J27+J28-J29+J30 -> 0 | K31: =K27+K28-K29+K30 -> 0 | ... M31: =M27+M28-M29+M30 -> 0 | O31: =SUM(D31:M31) -> 0 | P31: =O31-TFRA!N26 -> 0
B32: Technip USA | C32: Initial Local Cash Balance | D32: =TUSA!C9 -> 4.0977143 | E32: =TUSA!D9 -> 13.131551 | F32: =TUSA!E9 -> 4.0415506 | G32: =TUSA!F9 -> 4.0502275 | H32: =TUSA!G9 -> 4.0502275 | I32: =TUSA!H9 -> 4.0469946 | J32: =TUSA!I9 -> 3.9920788 | K32: =TUSA!J9 -> 3.9421283 | ... M32: =TUSA!L9 -> 3.8465415
C33: Inflow | D33: =SUM(TUSA!C10:C13) -> 9.0338362 | E33: =SUM(TUSA!D10:D13) -> 0 | F33: =SUM(TUSA!E10:E13) -> 0.18118934 | G33: =SUM(TUSA!F10:F13) -> 0 | H33: =SUM(TUSA!G10:G13) -> 1.2767671 | I33: =SUM(TUSA!H10:H13) -> 22.864536 | J33: =SUM(TUSA!I10:I13) -> 10.303982 | K33: =SUM(TUSA!J10:J13) -> 1.5377971 | ... M33: =SUM(TUSA!L10:L13) -> 0
C34: Outflow | D34: =SUM(TUSA!C16:C23) -> 0 | E34: =SUM(TUSA!D16:D23) -> 0 | F34: =SUM(TUSA!E16:E23) -> 7.4125124 | G34: =SUM(TUSA!F16:F23) -> 0 | H34: =SUM(TUSA!G16:G23) -> 0 | I34: =SUM(TUSA!H16:H23) -> 4.589452 | J34: =SUM(TUSA!I16:I23) -> 10.763932 | K34: =SUM(TUSA!J16:J23) -> 4.589452 | ... M34: =SUM(TUSA!L16:L23) -> 4.589452
C35: NET CASH POOLING | D35: =TUSA!C14-TUSA!C24 -> 0 | E35: =TUSA!D14-TUSA!D24 -> -9.09 | F35: =TUSA!E14-TUSA!E24 -> 7.24 | G35: =TUSA!F14-TUSA!F24 -> 0 | H35: =TUSA!G14-TUSA!G24 -> -1.28 | I35: =TUSA!H14-TUSA!H24 -> -18.33 | J35: =TUSA!I14-TUSA!I24 -> 0.41 | K35: =TUSA!J14-TUSA!J24 -> 3.01 | ... M35: =TUSA!L14-TUSA!L24 -> 4.54
C36: Closing Local Cash Balance | D36: =D32+D33-D34+D35 -> 13.131551 | E36: =E32+E33-E34+E35 -> 4.0415506 | F36: =F32+F33-F34+F35 -> 4.0502275 | G36: =G32+G33-G34+G35 -> 4.0502275 | H36: =H32+H33-H34+H35 -> 4.0469946 | I36: =I32+I33-I34+I35 -> 3.9920788 | J36: =J32+J33-J34+J35 -> 3.9421283 | K36: =K32+K33-K34+K35 -> 3.9004735 | ... M36: =M32+M33-M34+M35 -> 3.7970896 | O36: =SUM(D36:M36) -> 48.798863 | P36: =O36-TUSA!N26 -> 0

Sheet Detail per Line+Variation TPEU
B2: Global Vision - Main Entities point of view - Variation
B3: ACTUAL FORECAST | C3: ='Detail Per Entity'!C3 -> Week 18 | H3: ='Detail Per Entity'!I5 -> Week 19 | I3: ='Detail Per Entity'!J5 -> Week 20 | J3: ='Detail Per Entity'!K5 -> Week 21 | K3: ='Detail Per Entity'!L5 -> Week 22 | L3: ='Detail Per Entity'!M5 -> Week 23
B4: Amounts in M USD Eq. | C4: ='Detail Per Entity'!D6 -> 44319 | D4: ='Detail Per Entity'!E6 -> 44320 | E4: ='Detail Per Entity'!F6 -> 44321 | F4: ='Detail Per Entity'!G6 -> 44322 | G4: ='Detail Per Entity'!H6 -> 44323 | H4: ='Detail Per Entity'!I6 -> 10/05 - 14/05 | I4: ='Detail Per Entity'!J6 -> 17/05 - 21/05 | J4: ='Detail Per Entity'!K6 -> 24/05 - 28/05 | ... L4: ='Detail Per Entity'!M6 -> 07/06 - 11/06
B5: OPENING LOCAL BANK BALANCE | C5: =TABUD!C9+GEOP!C9+TITA!C9+TAP!C9+TFRA!C9+TUSA!C9 -> 91.802706 | D5: =TABUD!D9+GEOP!D9+TITA!D9+TAP!D9+TFRA!D9+TUSA!D9 -> 95.311231 | E5: =TABUD!E9+GEOP!E9+TITA!E9+TAP!E9+TFRA!E9+TUSA!E9 -> 86.845488 | F5: =TABUD!F9+GEOP!F9+TITA!F9+TAP!F9+TFRA!F9+TUSA!F9 -> 76.009594 | G5: =TABUD!G9+GEOP!G9+TITA!G9+TAP!G9+TFRA!G9+TUSA!G9 -> 75.454887 | H5: =TABUD!H9+GEOP!H9+TITA!H9+TAP!H9+TFRA!H9+TUSA!H9 -> 88.05914 | I5: =TABUD!I9+GEOP!I9+TITA!I9+TAP!I9+TFRA!I9+TUSA!I9 -> 64.367696 | J5: =TABUD!J9+GEOP!J9+TITA!J9+TAP!J9+TFRA!J9+TUSA!J9 -> 64.345331 | ... L5: =TABUD!L9+GEOP!L9+TITA!L9+TAP!L9+TFRA!L9+TUSA!L9 -> 83.106169
B6: AR -External | C6: =TABUD!C10+GEOP!C10+TITA!C10+TAP!C10+TFRA!C10+TUSA!C10 -> 4.0150396 | D6: =TABUD!D10+GEOP!D10+TITA!D10+TAP!D10+TFRA!D10+TUSA!D10 -> 1.3433948 | E6: =TABUD!E10+GEOP!E10+TITA!E10+TAP!E10+TFRA!E10+TUSA!E10 -> 0.18118934 | F6: =TABUD!F10+GEOP!F10+TITA!F10+TAP!F10+TFRA!F10+TUSA!F10 -> 1.9572617 | G6: =TABUD!G10+GEOP!G10+TITA!G10+TAP!G10+TFRA!G10+TUSA!G10 -> 13.527195 | H6: =TABUD!H10+GEOP!H10+TITA!H10+TAP!H10+TFRA!H10+TUSA!H10 -> 36.912577 | I6: =TABUD!I10+GEOP!I10+TITA!I10+TAP!I10+TFRA!I10+TUSA!I10 -> 28.068011 | J6: =TABUD!J10+GEOP!J10+TITA!J10+TAP!J10+TFRA!J10+TUSA!J10 -> 29.430606 | ... L6: =TABUD!L10+GEOP!L10+TITA!L10+TAP!L10+TFRA!L10+TUSA!L10 -> 7.8628452
B7: AR - Interco | C7: =TABUD!C11+GEOP!C11+TITA!C11+TAP!C11+TFRA!C11+TUSA!C11 -> 9.1687966 | D7: =TABUD!D11+GEOP!D11+TITA!D11+TAP!D11+TFRA!D11+TUSA!D11 -> 0 | E7: =TABUD!E11+GEOP!E11+TITA!E11+TAP!E11+TFRA!E11+TUSA!E11 -> 0 | F7: =TABUD!F11+GEOP!F11+TITA!F11+TAP!F11+TFRA!F11+TUSA!F11 -> 0 | G7: =TABUD!G11+GEOP!G11+TITA!G11+TAP!G11+TFRA!G11+TUSA!G11 -> 0.56 | H7: =TABUD!H11+GEOP!H11+TITA!H11+TAP!H11+TFRA!H11+TUSA!H11 -> 20.514328 | I7: =TABUD!I11+GEOP!I11+TITA!I11+TAP!I11+TFRA!I11+TUSA!I11 -> 10.203302 | J7: =TABUD!J11+GEOP!J11+TITA!J11+TAP!J11+TFRA!J11+TUSA!J11 -> 6.3819106 | ... L7: =TABUD!L11+GEOP!L11+TITA!L11+TAP!L11+TFRA!L11+TUSA!L11 -> 0.15143908
B8: Dividend Received | C8: =TABUD!C12+GEOP!C12+TITA!C12+TAP!C12+TFRA!C12+TUSA!C12 -> 0 | D8: =TABUD!D12+GEOP!D12+TITA!D12+TAP!D12+TFRA!D12+TUSA!D12 -> 0 | E8: =TABUD!E12+GEOP!E12+TITA!E12+TAP!E12+TFRA!E12+TUSA!E12 -> 0 | F8: =TABUD!F12+GEOP!F12+TITA!F12+TAP!F12+TFRA!F12+TUSA!F12 -> 0 | G8: =TABUD!G12+GEOP!G12+TITA!G12+TAP!G12+TFRA!G12+TUSA!G12 -> 0 | H8: =TABUD!H12+GEOP!H12+TITA!H12+TAP!H12+TFRA!H12+TUSA!H12 -> 0 | I8: =TABUD!I12+GEOP!I12+TITA!I12+TAP!I12+TFRA!I12+TUSA!I12 -> 0 | J8: =TABUD!J12+GEOP!J12+TITA!J12+TAP!J12+TFRA!J12+TUSA!J12 -> 0 | ... L8: =TABUD!L12+GEOP!L12+TITA!L12+TAP!L12+TFRA!L12+TUSA!L12 -> 0
B9: Others | C9: =TABUD!C13+GEOP!C13+TITA!C13+TAP!C13+TFRA!C13+TUSA!C13 -> 0 | D9: =TABUD!D13+GEOP!D13+TITA!D13+TAP!D13+TFRA!D13+TUSA!D13 -> 0 | E9: =TABUD!E13+GEOP!E13+TITA!E13+TAP!E13+TFRA!E13+TUSA!E13 -> 0 | F9: =TABUD!F13+GEOP!F13+TITA!F13+TAP!F13+TFRA!F13+TUSA!F13 -> 0 | G9: =TABUD!G13+GEOP!G13+TITA!G13+TAP!G13+TFRA!G13+TUSA!G13 -> 0 | H9: =TABUD!H13+GEOP!H13+TITA!H13+TAP!H13+TFRA!H13+TUSA!H13 -> 0 | I9: =TABUD!I13+GEOP!I13+TITA!I13+TAP!I13+TFRA!I13+TUSA!I13 -> 0 | J9: =TABUD!J13+GEOP!J13+TITA!J13+TAP!J13+TFRA!J13+TUSA!J13 -> 0 | ... L9: =TABUD!L13+GEOP!L13+TITA!L13+TAP!L13+TFRA!L13+TUSA!L13 -> 50
B10: Inflow From Technip EuroCash | C10: =TABUD!C14+GEOP!C14+TITA!C14+TAP!C14+TFRA!C14+TUSA!C14 -> 8.8826883 | D10: =TABUD!D14+GEOP!D14+TITA!D14+TAP!D14+TFRA!D14+TUSA!D14 -> 8.8208774 | E10: =TABUD!E14+GEOP!E14+TITA!E14+TAP!E14+TFRA!E14+TUSA!E14 -> 18.745 | F10: =TABUD!F14+GEOP!F14+TITA!F14+TAP!F14+TFRA!F14+TUSA!F14 -> 6.956 | G10: =TABUD!G14+GEOP!G14+TITA!G14+TAP!G14+TFRA!G14+TUSA!G14 -> 0 | H10: =TABUD!H14+GEOP!H14+TITA!H14+TAP!H14+TFRA!H14+TUSA!H14 -> 7.8 | I10: =TABUD!I14+GEOP!I14+TITA!I14+TAP!I14+TFRA!I14+TUSA!I14 -> 11.41 | J10: =TABUD!J14+GEOP!J14+TITA!J14+TAP!J14+TFRA!J14+TUSA!J14 -> 3.01 | ... L10: =TABUD!L14+GEOP!L14+TITA!L14+TAP!L14+TFRA!L14+TUSA!L14 -> 15.14
B11: TOTAL INFLOWS | C11: =TABUD!C15+GEOP!C15+TITA!C15+TAP!C15+TFRA!C15+TUSA!C15 -> 22.066525 | D11: =TABUD!D15+GEOP!D15+TITA!D15+TAP!D15+TFRA!D15+TUSA!D15 -> 10.164272 | E11: =TABUD!E15+GEOP!E15+TITA!E15+TAP!E15+TFRA!E15+TUSA!E15 -> 18.926189 | F11: =TABUD!F15+GEOP!F15+TITA!F15+TAP!F15+TFRA!F15+TUSA!F15 -> 8.9132617 | G11: =TABUD!G15+GEOP!G15+TITA!G15+TAP!G15+TFRA!G15+TUSA!G15 -> 14.087195 | H11: =TABUD!H15+GEOP!H15+TITA!H15+TAP!H15+TFRA!H15+TUSA!H15 -> 65.226905 | I11: =TABUD!I15+GEOP!I15+TITA!I15+TAP!I15+TFRA!I15+TUSA!I15 -> 49.681313 | J11: =TABUD!J15+GEOP!J15+TITA!J15+TAP!J15+TFRA!J15+TUSA!J15 -> 38.822517 | ... L11: =TABUD!L15+GEOP!L15+TITA!L15+TAP!L15+TFRA!L15+TUSA!L15 -> 73.154284
B12: AP - External | C12: =TABUD!C16+GEOP!C16+TITA!C16+TAP!C16+TFRA!C16+TUSA!C16 -> 0.025 | D12: =TABUD!D16+GEOP!D16+TITA!D16+TAP!D16+TFRA!D16+TUSA!D16 -> 9.25 | E12: =TABUD!E16+GEOP!E16+TITA!E16+TAP!E16+TFRA!E16+TUSA!E16 -> 13.550584 | F12: =TABUD!F16+GEOP!F16+TITA!F16+TAP!F16+TFRA!F16+TUSA!F16 -> 9.0605085 | G12: =TABUD!G16+GEOP!G16+TITA!G16+TAP!G16+TFRA!G16+TUSA!G16 -> 0.131942 | H12: =TABUD!H16+GEOP!H16+TITA!H16+TAP!H16+TFRA!H16+TUSA!H16 -> 13.581232 | I12: =TABUD!I16+GEOP!I16+TITA!I16+TAP!I16+TFRA!I16+TUSA!I16 -> 13.294084 | J12: =TABUD!J16+GEOP!J16+TITA!J16+TAP!J16+TFRA!J16+TUSA!J16 -> 12.911855 | ... L12: =TABUD!L16+GEOP!L16+TITA!L16+TAP!L16+TFRA!L16+TUSA!L16 -> 12.832747
B13: AP - Interco | C13: =TABUD!C17+GEOP!C17+TITA!C17+TAP!C17+TFRA!C17+TUSA!C17 -> 0 | D13: =TABUD!D17+GEOP!D17+TITA!D17+TAP!D17+TFRA!D17+TUSA!D17 -> 0.290015 | E13: =TABUD!E17+GEOP!E17+TITA!E17+TAP!E17+TFRA!E17+TUSA!E17 -> 0.71334185 | F13: =TABUD!F17+GEOP!F17+TITA!F17+TAP!F17+TFRA!F17+TUSA!F17 -> 0.25746002 | G13: =TABUD!G17+GEOP!G17+TITA!G17+TAP!G17+TFRA!G17+TUSA!G17 -> 0 | H13: =TABUD!H17+GEOP!H17+TITA!H17+TAP!H17+TFRA!H17+TUSA!H17 -> 2.20444 | I13: =TABUD!I17+GEOP!I17+TITA!I17+TAP!I17+TFRA!I17+TUSA!I17 -> 2.4524354 | J13: =TABUD!J17+GEOP!J17+TITA!J17+TAP!J17+TFRA!J17+TUSA!J17 -> 2.0601296 | ... L13: =TABUD!L17+GEOP!L17+TITA!L17+TAP!L17+TFRA!L17+TUSA!L17 -> 2
B14: HR - Payroll | C14: =TABUD!C18+GEOP!C18+TITA!C18+TAP!C18+TFRA!C18+TUSA!C18 -> 14.39 | D14: =TABUD!D18+GEOP!D18+TITA!D18+TAP!D18+TFRA!D18+TUSA!D18 -> 0 | E14: =TABUD!E18+GEOP!E18+TITA!E18+TAP!E18+TFRA!E18+TUSA!E18 -> 14.566332 | F14: =TABUD!F18+GEOP!F18+TITA!F18+TAP!F18+TFRA!F18+TUSA!F18 -> 0 | G14: =TABUD!G18+GEOP!G18+TITA!G18+TAP!G18+TFRA!G18+TUSA!G18 -> 0.071 | H14: =TABUD!H18+GEOP!H18+TITA!H18+TAP!H18+TFRA!H18+TUSA!H18 -> 0.52 | I14: =TABUD!I18+GEOP!I18+TITA!I18+TAP!I18+TFRA!I18+TUSA!I18 -> 11.455332 | J14: =TABUD!J18+GEOP!J18+TITA!J18+TAP!J18+TFRA!J18+TUSA!J18 -> 0.52 | ... L14: =TABUD!L18+GEOP!L18+TITA!L18+TAP!L18+TFRA!L18+TUSA!L18 -> 0.52
B15: HR - Others | C15: =TABUD!C19+GEOP!C19+TITA!C19+TAP!C19+TFRA!C19+TUSA!C19 -> 4.143 | D15: =TABUD!D19+GEOP!D19+TITA!D19+TAP!D19+TFRA!D19+TUSA!D19 -> 0 | E15: =TABUD!E19+GEOP!E19+TITA!E19+TAP!E19+TFRA!E19+TUSA!E19 -> 0.93182569 | F15: =TABUD!F19+GEOP!F19+TITA!F19+TAP!F19+TFRA!F19+TUSA!F19 -> 0.15 | G15: =TABUD!G19+GEOP!G19+TITA!G19+TAP!G19+TFRA!G19+TUSA!G19 -> 0 | H15: =TABUD!H19+GEOP!H19+TITA!H19+TAP!H19+TFRA!H19+TUSA!H19 -> 5.9826775 | I15: =TABUD!I19+GEOP!I19+TITA!I19+TAP!I19+TFRA!I19+TUSA!I19 -> 1.1018257 | J15: =TABUD!J19+GEOP!J19+TITA!J19+TAP!J19+TFRA!J19+TUSA!J19 -> 0.58267745 | ... L15: =TABUD!L19+GEOP!L19+TITA!L19+TAP!L19+TFRA!L19+TUSA!L19 -> 5.9826775
B16: HR - Bonus | C16: =TABUD!C20+GEOP!C20+TITA!C20+TAP!C20+TFRA!C20+TUSA!C20 -> 0 | D16: =TABUD!D20+GEOP!D20+TITA!D20+TAP!D20+TFRA!D20+TUSA!D20 -> 0 | E16: =TABUD!E20+GEOP!E20+TITA!E20+TAP!E20+TFRA!E20+TUSA!E20 -> 0 | F16: =TABUD!F20+GEOP!F20+TITA!F20+TAP!F20+TFRA!F20+TUSA!F20 -> 0 | G16: =TABUD!G20+GEOP!G20+TITA!G20+TAP!G20+TFRA!G20+TUSA!G20 -> 0 | H16: =TABUD!H20+GEOP!H20+TITA!H20+TAP!H20+TFRA!H20+TUSA!H20 -> 0 | I16: =TABUD!I20+GEOP!I20+TITA!I20+TAP!I20+TFRA!I20+TUSA!I20 -> 0 | J16: =TABUD!J20+GEOP!J20+TITA!J20+TAP!J20+TFRA!J20+TUSA!J20 -> 0 | ... L16: =TABUD!L20+GEOP!L20+TITA!L20+TAP!L20+TFRA!L20+TUSA!L20 -> 0
... B21: TOTAL OUTFLOWS | C21: =TABUD!C25+GEOP!C25+TITA!C25+TAP!C25+TFRA!C25+TUSA!C25 -> 18.558 | D21: =TABUD!D25+GEOP!D25+TITA!D25+TAP!D25+TFRA!D25+TUSA!D25 -> 18.630015 | E21: =TABUD!E25+GEOP!E25+TITA!E25+TAP!E25+TFRA!E25+TUSA!E25 -> 29.762083 | F21: =TABUD!F25+GEOP!F25+TITA!F25+TAP!F25+TFRA!F25+TUSA!F25 -> 9.4679686 | G21: =TABUD!G25+GEOP!G25+TITA!G25+TAP!G25+TFRA!G25+TUSA!G25 -> 1.482942 | H21: =TABUD!H25+GEOP!H25+TITA!H25+TAP!H25+TFRA!H25+TUSA!H25 -> 88.918349 | I21: =TABUD!I25+GEOP!I25+TITA!I25+TAP!I25+TFRA!I25+TUSA!I25 -> 49.703677 | J21: =TABUD!J25+GEOP!J25+TITA!J25+TAP!J25+TFRA!J25+TUSA!J25 -> 37.874662 | ... L21: =TABUD!L25+GEOP!L25+TITA!L25+TAP!L25+TFRA!L25+TUSA!L25 -> 69.635425
B22: CLOSING LOCAL BANK BALANCE | C22: =TABUD!C26+GEOP!C26+TITA!C26+TAP!C26+TFRA!C26+TUSA!C26 -> 95.311231 | D22: =TABUD!D26+GEOP!D26+TITA!D26+TAP!D26+TFRA!D26+TUSA!D26 -> 86.845488 | E22: =TABUD!E26+GEOP!E26+TITA!E26+TAP!E26+TFRA!E26+TUSA!E26 -> 76.009594 | F22: =TABUD!F26+GEOP!F26+TITA!F26+TAP!F26+TFRA!F26+TUSA!F26 -> 75.454887 | G22: =TABUD!G26+GEOP!G26+TITA!G26+TAP!G26+TFRA!G26+TUSA!G26 -> 88.05914 | H22: =TABUD!H26+GEOP!H26+TITA!H26+TAP!H26+TFRA!H26+TUSA!H26 -> 64.367696 | I22: =TABUD!I26+GEOP!I26+TITA!I26+TAP!I26+TFRA!I26+TUSA!I26 -> 64.345331 | J22: =TABUD!J26+GEOP!J26+TITA!J26+TAP!J26+TFRA!J26+TUSA!J26 -> 65.293186 | ... L22: =TABUD!L26+GEOP!L26+TITA!L26+TAP!L26+TFRA!L26+TUSA!L26 -> 86.625028 | M22: =SUM(C22:L22) -> 785.41775 | N22: =TABUD!N26+GEOP!N26+TITA!N26+TAP!N26+TFRA!N26+TUSA!N26 -> 785.41775 | O22: =M22-N22 -> 0
G25: =CONCATENATE("Week"," ",WEEKNUM('Detail Per Entity'!$D$6-6,21)) -> Week 17 | H25: ='Detail Per Entity'!D5 -> Week 18 | I25: ='Detail Per Entity'!I5 -> Week 19 | J25: ='Detail Per Entity'!J5 -> Week 20 | K25: ='Detail Per Entity'!K5 -> Week 21
B26: Amounts in M USD Eq. | G26: =CONCATENATE(TEXT('Detail Per Entity'!$D$6-7,"jj/mm")," - ",TEXT('Detail Per Entity'!$D$6-3,"jj/mm")) -> 26/04 - 30/04 | H26: =CONCATENATE(TEXT('Detail Per Entity'!$D$6,"jj/mm")," - ",TEXT('Detail Per Entity'!$D$6+5,"jj/mm")) -> 03/05 - 08/05 | I26: ='Detail Per Entity'!I6 -> 10/05 - 14/05 | J26: ='Detail Per Entity'!J6 -> 17/05 - 21/05 | K26: ='Detail Per Entity'!K6 -> 24/05 - 28/05
B27: OPENING LOCAL BANK BALANCE | G27: =TABUD!G31+GEOP!G31+TITA!G31+TAP!G31+TFRA!G31+TUSA!G31 -> 95.273052 | H27: =TABUD!H31+GEOP!H31+TITA!H31+TAP!H31+TFRA!H31+TUSA!H31 -> 80.295448 | I27: =TABUD!I31+GEOP!I31+TITA!I31+TAP!I31+TFRA!I31+TUSA!I31 -> 62.682953 | J27: =TABUD!J31+GEOP!J31+TITA!J31+TAP!J31+TFRA!J31+TUSA!J31 -> 82.195588 | K27: =TABUD!K31+GEOP!K31+TITA!K31+TAP!K31+TFRA!K31+TUSA!K31 -> 130.81988
B28: AR -External | G28: =TABUD!G32+GEOP!G32+TITA!G32+TAP!G32+TFRA!G32+TUSA!G32 -> 21.462781 | H28: =TABUD!H32+GEOP!H32+TITA!H32+TAP!H32+TFRA!H32+TUSA!H32 -> 35.976833 | I28: =TABUD!I32+GEOP!I32+TITA!I32+TAP!I32+TFRA!I32+TUSA!I32 -> 26.930621 | J28: =TABUD!J32+GEOP!J32+TITA!J32+TAP!J32+TFRA!J32+TUSA!J32 -> 72.794905 | K28: =TABUD!K32+GEOP!K32+TITA!K32+TAP!K32+TFRA!K32+TUSA!K32 -> 15.558828
B29: AR - Interco | G29: =TABUD!G33+GEOP!G33+TITA!G33+TAP!G33+TFRA!G33+TUSA!G33 -> 0.55 | H29: =TABUD!H33+GEOP!H33+TITA!H33+TAP!H33+TFRA!H33+TUSA!H33 -> 20.514328 | I29: =TABUD!I33+GEOP!I33+TITA!I33+TAP!I33+TFRA!I33+TUSA!I33 -> 9.8333016 | J29: =TABUD!J33+GEOP!J33+TITA!J33+TAP!J33+TFRA!J33+TUSA!J33 -> 2.102716 | K29: =TABUD!K33+GEOP!K33+TITA!K33+TAP!K33+TFRA!K33+TUSA!K33 -> 0
B30: Dividend Received | G30: =TABUD!G34+GEOP!G34+TITA!G34+TAP!G34+TFRA!G34+TUSA!G34 -> 0 | H30: =TABUD!H34+GEOP!H34+TITA!H34+TAP!H34+TFRA!H34+TUSA!H34 -> 0 | I30: =TABUD!I34+GEOP!I34+TITA!I34+TAP!I34+TFRA!I34+TUSA!I34 -> 0 | J30: =TABUD!J34+GEOP!J34+TITA!J34+TAP!J34+TFRA!J34+TUSA!J34 -> 0 | K30: =TABUD!K34+GEOP!K34+TITA!K34+TAP!K34+TFRA!K34+TUSA!K34 -> 0
B31: Others | G31: =TABUD!G35+GEOP!G35+TITA!G35+TAP!G35+TFRA!G35+TUSA!G35 -> 0 | H31: =TABUD!H35+GEOP!H35+TITA!H35+TAP!H35+TFRA!H35+TUSA!H35 -> 0 | I31: =TABUD!I35+GEOP!I35+TITA!I35+TAP!I35+TFRA!I35+TUSA!I35 -> 0 | J31: =TABUD!J35+GEOP!J35+TITA!J35+TAP!J35+TFRA!J35+TUSA!J35 -> 0 | K31: =TABUD!K35+GEOP!K35+TITA!K35+TAP!K35+TFRA!K35+TUSA!K35 -> 0
B32: Inflow From Technip EuroCash | G32: =TABUD!G36+GEOP!G36+TITA!G36+TAP!G36+TFRA!G36+TUSA!G36 -> 22.693896 | H32: =TABUD!H36+GEOP!H36+TITA!H36+TAP!H36+TFRA!H36+TUSA!H36 -> 7.8 | I32: =TABUD!I36+GEOP!I36+TITA!I36+TAP!I36+TFRA!I36+TUSA!I36 -> 12.77 | J32: =TABUD!J36+GEOP!J36+TITA!J36+TAP!J36+TFRA!J36+TUSA!J36 -> 5.36 | K32: =TABUD!K36+GEOP!K36+TITA!K36+TAP!K36+TFRA!K36+TUSA!K36 -> 42.54
B33: TOTAL INFLOWS | G33: =TABUD!G37+GEOP!G37+TITA!G37+TAP!G37+TFRA!G37+TUSA!G37 -> 44.706677 | H33: =TABUD!H37+GEOP!H37+TITA!H37+TAP!H37+TFRA!H37+TUSA!H37 -> 64.29116 | I33: =TABUD!I37+GEOP!I37+TITA!I37+TAP!I37+TFRA!I37+TUSA!I37 -> 49.533922 | J33: =TABUD!J37+GEOP!J37+TITA!J37+TAP!J37+TFRA!J37+TUSA!J37 -> 80.257621 | K33: =TABUD!K37+GEOP!K37+TITA!K37+TAP!K37+TFRA!K37+TUSA!K37 -> 58.098828
B34: AP - External | G34: =TABUD!G38+GEOP!G38+TITA!G38+TAP!G38+TFRA!G38+TUSA!G38 -> 13.430735 | H34: =TABUD!H38+GEOP!H38+TITA!H38+TAP!H38+TFRA!H38+TUSA!H38 -> 13.939692 | I34: =TABUD!I38+GEOP!I38+TITA!I38+TAP!I38+TFRA!I38+TUSA!I38 -> 14.059741 | J34: =TABUD!J38+GEOP!J38+TITA!J38+TAP!J38+TFRA!J38+TUSA!J38 -> 13.470518 | K34: =TABUD!K38+GEOP!K38+TITA!K38+TAP!K38+TFRA!K38+TUSA!K38 -> 13.204367
B35: AP - Interco | G35: =TABUD!G39+GEOP!G39+TITA!G39+TAP!G39+TFRA!G39+TUSA!G39 -> 2 | H35: =TABUD!H39+GEOP!H39+TITA!H39+TAP!H39+TFRA!H39+TUSA!H39 -> 2.181286 | I35: =TABUD!I39+GEOP!I39+TITA!I39+TAP!I39+TFRA!I39+TUSA!I39 -> 2.1043884 | J35: =TABUD!J39+GEOP!J39+TITA!J39+TAP!J39+TFRA!J39+TUSA!J39 -> 2.0601296 | K35: =TABUD!K39+GEOP!K39+TITA!K39+TAP!K39+TFRA!K39+TUSA!K39 -> 2
B36: HR - Payroll | G36: =TABUD!G40+GEOP!G40+TITA!G40+TAP!G40+TFRA!G40+TUSA!G40 -> 29.007824 | H36: =TABUD!H40+GEOP!H40+TITA!H40+TAP!H40+TFRA!H40+TUSA!H40 -> 0.52 | I36: =TABUD!I40+GEOP!I40+TITA!I40+TAP!I40+TFRA!I40+TUSA!I40 -> 11.455332 | J36: =TABUD!J40+GEOP!J40+TITA!J40+TAP!J40+TFRA!J40+TUSA!J40 -> 0.52 | K36: =TABUD!K40+GEOP!K40+TITA!K40+TAP!K40+TFRA!K40+TUSA!K40 -> 10.655332
B37: HR - Others | G37: =TABUD!G41+GEOP!G41+TITA!G41+TAP!G41+TFRA!G41+TUSA!G41 -> 5.2457217 | H37: =TABUD!H41+GEOP!H41+TITA!H41+TAP!H41+TFRA!H41+TUSA!H41 -> 5.9826775 | I37: =TABUD!I41+GEOP!I41+TITA!I41+TAP!I41+TFRA!I41+TUSA!I41 -> 1.1018257 | J37: =TABUD!J41+GEOP!J41+TITA!J41+TAP!J41+TFRA!J41+TUSA!J41 -> 0.58267745 | K37: =TABUD!K41+GEOP!K41+TITA!K41+TAP!K41+TFRA!K41+TUSA!K41 -> 1.1018257
B38: HR - Bonus | G38: =TABUD!G42+GEOP!G42+TITA!G42+TAP!G42+TFRA!G42+TUSA!G42 -> 0 | H38: =TABUD!H42+GEOP!H42+TITA!H42+TAP!H42+TFRA!H42+TUSA!H42 -> 0 | I38: =TABUD!I42+GEOP!I42+TITA!I42+TAP!I42+TFRA!I42+TUSA!I42 -> 0 | J38: =TABUD!J42+GEOP!J42+TITA!J42+TAP!J42+TFRA!J42+TUSA!J42 -> 0 | K38: =TABUD!K42+GEOP!K42+TITA!K42+TAP!K42+TFRA!K42+TUSA!K42 -> 0
... B41: Others | G41: =TABUD!G45+GEOP!G45+TITA!G45+TAP!G45+TFRA!G45+TUSA!G45 -> 0 | H41: =TABUD!H45+GEOP!H45+TITA!H45+TAP!H45+TFRA!H45+TUSA!H45 -> 0 | I41: =TABUD!I45+GEOP!I45+TITA!I45+TAP!I45+TFRA!I45+TUSA!I45 -> 0 | J41: =TABUD!J45+GEOP!J45+TITA!J45+TAP!J45+TFRA!J45+TUSA!J45 -> 0 | K41: =TABUD!K45+GEOP!K45+TITA!K45+TAP!K45+TFRA!K45+TUSA!K45 -> 0
B42: Outflow to Technip EuroCash | G42: =TABUD!G46+GEOP!G46+TITA!G46+TAP!G46+TFRA!G46+TUSA!G46 -> 10 | H42: =TABUD!H46+GEOP!H46+TITA!H46+TAP!H46+TFRA!H46+TUSA!H46 -> 59.28 | I42: =TABUD!I46+GEOP!I46+TITA!I46+TAP!I46+TFRA!I46+TUSA!I46 -> 0 | J42: =TABUD!J46+GEOP!J46+TITA!J46+TAP!J46+TFRA!J46+TUSA!J46 -> 15 | K42: =TABUD!K46+GEOP!K46+TITA!K46+TAP!K46+TFRA!K46+TUSA!K46 -> 0.7 | P42: =H42-H32 -> 51.48
B43: TOTAL OUTFLOWS | G43: =TABUD!G47+GEOP!G47+TITA!G47+TAP!G47+TFRA!G47+TUSA!G47 -> 59.684281 | H43: =TABUD!H47+GEOP!H47+TITA!H47+TAP!H47+TFRA!H47+TUSA!H47 -> 81.903656 | I43: =TABUD!I47+GEOP!I47+TITA!I47+TAP!I47+TFRA!I47+TUSA!I47 -> 30.021287 | J43: =TABUD!J47+GEOP!J47+TITA!J47+TAP!J47+TFRA!J47+TUSA!J47 -> 31.633325 | K43: =TABUD!K47+GEOP!K47+TITA!K47+TAP!K47+TFRA!K47+TUSA!K47 -> 27.661525
B44: CLOSING LOCAL BANK BALANCE | G44: =TABUD!G48+GEOP!G48+TITA!G48+TAP!G48+TFRA!G48+TUSA!G48 -> 80.295448 | H44: =TABUD!H48+GEOP!H48+TITA!H48+TAP!H48+TFRA!H48+TUSA!H48 -> 62.682953 | I44: =TABUD!I48+GEOP!I48+TITA!I48+TAP!I48+TFRA!I48+TUSA!I48 -> 82.195588 | J44: =TABUD!J48+GEOP!J48+TITA!J48+TAP!J48+TFRA!J48+TUSA!J48 -> 130.81988 | K44: =TABUD!K48+GEOP!K48+TITA!K48+TAP!K48+TFRA!K48+TUSA!K48 -> 161.25719 | M44: =SUM(G44:L44) -> 517.25106 | N44: =TABUD!N48+GEOP!N48+TITA!N48+TAP!N48+TFRA!N48+TUSA!N48 -> 517.25106 | O44: =M44-N44 -> 0
J46: =48-4 -> 44 | K46: =+J46+J47 -> 4.9148965
B47: DIFFERENCES INFLOWS TPEU | G47: =-(TABUD!G51+GEOP!G51+TITA!G51+TAP!G51+TFRA!G51+TUSA!G51) -> 8.7400963 | H47: =-(TABUD!H51+GEOP!H51+TITA!H51+TAP!H51+TFRA!H51+TUSA!H51) -> 0.93574462 | I47: =-(TABUD!I51+GEOP!I51+TITA!I51+TAP!I51+TFRA!I51+TUSA!I51) -> 1.5073902 | J47: =-(TABUD!J51+GEOP!J51+TITA!J51+TAP!J51+TFRA!J51+TUSA!J51) -> -39.085103 | K47: =-(TABUD!K51+GEOP!K51+TITA!K51+TAP!K51+TFRA!K51+TUSA!K51) -> 7.1
G48: =IF(G47>=20,"MATERIAL",IF(G47<=-20,"INFO NEEDED","NOT MATERIAL")) -> NOT MATERIAL | H48: =IF(H47>=20,"MATERIAL",IF(H47<=-20,"INFO NEEDED","NOT MATERIAL")) -> NOT MATERIAL | I48: =IF(I47>=20,"MATERIAL",IF(I47<=-20,"INFO NEEDED","NOT MATERIAL")) -> NOT MATERIAL | J48: =IF(J47>=20,"MATERIAL",IF(J47<=-20,"INFO NEEDED","NOT MATERIAL")) -> INFO NEEDED | K48: =IF(K47>=20,"MATERIAL",IF(K47<=-20,"INFO NEEDED","NOT MATERIAL")) -> NOT MATERIAL
B49: DIFFERENCES OUTFLOWS TPEU | G49: =-(TABUD!G53+GEOP!G53+TITA!G53+TAP!G53+TFRA!G53+TUSA!G53) -> 17.846727 | H49: =-(TABUD!H53+GEOP!H53+TITA!H53+TAP!H53+TFRA!H53+TUSA!H53) -> -0.33530659 | I49: =-(TABUD!I53+GEOP!I53+TITA!I53+TAP!I53+TFRA!I53+TUSA!I53) -> -0.6726099 | J49: =-(TABUD!J53+GEOP!J53+TITA!J53+TAP!J53+TFRA!J53+TUSA!J53) -> -0.55866269 | K49: =-(TABUD!K53+GEOP!K53+TITA!K53+TAP!K53+TFRA!K53+TUSA!K53) -> 12.69432
G50: =IF(G49>=20,"MATERIAL",IF(G49<=-20,"INFO NEEDED","NOT MATERIAL")) -> NOT MATERIAL | H50: =IF(H49>=20,"MATERIAL",IF(H49<=-20,"INFO NEEDED","NOT MATERIAL")) -> NOT MATERIAL | I50: =IF(I49>=20,"MATERIAL",IF(I49<=-20,"INFO NEEDED","NOT MATERIAL")) -> NOT MATERIAL | J50: =IF(J49>=20,"MATERIAL",IF(J49<=-20,"INFO NEEDED","NOT MATERIAL")) -> NOT MATERIAL | K50: =IF(K49>=20,"MATERIAL",IF(K49<=-20,"INFO NEEDED","NOT MATERIAL")) -> NOT MATERIAL
B55: Interco Reconciliation TPEU | C55: =C7-C13 -> 9.1687966 | D55: =D7-D13 -> -0.290015 | E55: =E7-E13 -> -0.71334185 | F55: =F7-F13 -> -0.25746002 | G55: =SUM(C7:G7)-SUM(C13:G13) -> 8.4679798 | H55: =H7-H13 -> 18.309888 | I55: =I7-I13 -> 7.7508662 | J55: =J7-J13 -> 4.321781 | K55: =K7-K13 -> -2 | L55: =L7-L13 -> -1.8485609 | M55: =SUM(C55:L55) -> 42.909933
B56: Net Cash Pooling Main Entities Actual TPEU | C56: =C20-C10 -> -8.8826883 | D56: =D20-D10 -> 0.26912255 | E56: =E20-E10 -> -18.745 | F56: =F20-F10 -> -6.956 | G56: =SUM(C20:G20)-SUM(C10:G10) -> -33.034566 | H56: =H20-H10 -> 58.83 | I56: =I20-I10 -> 8.945 | J56: =J20-J10 -> 18.79 | K56: =K20-K10 -> -34.81 | L56: =L20-L10 -> 33.16 | M56: =SUM(C56:L56) -> 17.565868
B57: Actual forecast TPEU | C57: USE DIAPASON REPORT FOR THESE DAYS | G57: =+G56 -> -33.034566 | H57: =+H56 -> 58.83 | I57: =+I56 -> 8.945 | J57: =+J56 -> 18.79 | K57: =+K56 -> -34.81 | L57: =+L56 -> 33.16
B58: Net Dividend TP | C58: Net Dividend | G58: =SUM(C8:G8)-SUM(C17:G17) -> 0 | H58: =H8-H17 -> 0 | I58: =I8-I17 -> 0 | J58: =J8-J17 -> 0 | K58: =K8-K17 -> 0 | L58: =L8-L17 -> 0
B62: Previous forecast TPEU | G62: 58.83 | H62: 8.945 | I62: 18.79 | J62: -34.81 | K62: -17.65
B63: Difference on cash pooling forecasts TPEU | G63: =G57-G62 -> -91.864566 | H63: =H57-H62 -> 49.885 | I63: =I57-I62 -> -9.845 | J63: =J57-J62 -> 53.6 | K63: =K57-K62 -> -17.16 | L63: =L57-L62 -> 33.16
G67: =SUM(G28:G31)-SUM(C6:G9) -> -8.7400963 | H67: =SUM(H28:H31)-SUM(H6:H9) -> -0.93574462 | I67: =SUM(I28:I31)-SUM(I6:I9) -> -1.5073902 | J67: =SUM(J28:J31)-SUM(J6:J9) -> 39.085103 | K67: =SUM(K28:K31)-SUM(K6:K9) -> -7.1
F68: check | G68: =G47+G67 -> 0 | H68: =H47+H67 -> 2.6645353e-15 | I68: =I47+I67 -> 2.6645353e-15 | J68: =J47+J67 -> 0 | K68: =K47+K67 -> 0
G69: =SUM(G34:G41)-SUM(C12:G19) -> -17.846727 | H69: =SUM(H34:H41)-SUM(H12:H19) -> 0.33530659 | I69: =SUM(I34:I41)-SUM(I12:I19) -> 0.6726099 | J69: =SUM(J34:J41)-SUM(J12:J19) -> 0.55866269 | K69: =SUM(K34:K41)-SUM(K12:K19) -> -12.69432
F70: check | G70: =G49+G69 -> 0 | H70: =H49+H69 -> -1.3322676e-15 | I70: =I49+I69 -> 4.8849813e-15 | J70: =J49+J69 -> 3.7747583e-15 | K70: =K49+K69 -> 0

Sheet DIFFERENCES O_I
G2: Week 18
G3: =+'Detail Per Entity'!D6 -> 44319 | H3: =+'Detail Per Entity'!E6 -> 44320 | I3: =+'Detail Per Entity'!F6 -> 44321 | J3: =+'Detail Per Entity'!G6 -> 44322 | K3: =+'Detail Per Entity'!H6 -> 44323
B4: =+'Detail per Line+Variation TPEU'!B20 -> Outflow to Technip EuroCash | G4: ='Detail per Line+Variation TPEU'!C20 -> 0 | H4: ='Detail per Line+Variation TPEU'!D20 -> 9.09 | I4: ='Detail per Line+Variation TPEU'!E20 -> 0 | J4: ='Detail per Line+Variation TPEU'!F20 -> 0 | K4: ='Detail per Line+Variation TPEU'!G20 -> 1.28
G8: =+G2 -> Week 18
G9: =G3 -> 44319 | H9: =H3 -> 44320 | I9: =I3 -> 44321 | J9: =J3 -> 44322 | K9: =K3 -> 44323
B10: ='Detail per Line+Variation TPEU'!B10 -> Inflow From Technip EuroCash | C10: ='Detail per Line+Variation TPEU'!C10 -> 8.8826883 | D10: ='Detail per Line+Variation TPEU'!D10 -> 8.8208774 | E10: ='Detail per Line+Variation TPEU'!E10 -> 18.745 | F10: ='Detail per Line+Variation TPEU'!F10 -> 6.956 | G10: ='Detail per Line+Variation TPEU'!C10 -> 8.8826883 | H10: ='Detail per Line+Variation TPEU'!D10 -> 8.8208774 | I10: ='Detail per Line+Variation TPEU'!E10 -> 18.745 | J10: ='Detail per Line+Variation TPEU'!F10 -> 6.956 | K10: ='Detail per Line+Variation TPEU'!G10 -> 0
G25: =+'Detail per Line+Variation TPEU'!G25 -> Week 17 | H25: =+'Detail per Line+Variation TPEU'!H25 -> Week 18 | I25: =+'Detail per Line+Variation TPEU'!I25 -> Week 19 | J25: =+'Detail per Line+Variation TPEU'!J25 -> Week 20 | K25: =+'Detail per Line+Variation TPEU'!K25 -> Week 21
G26: =+'Detail per Line+Variation TPEU'!G26 -> 26/04 - 30/04 | H26: =+'Detail per Line+Variation TPEU'!H26 -> 03/05 - 08/05 | I26: =+'Detail per Line+Variation TPEU'!I26 -> 10/05 - 14/05 | J26: =+'Detail per Line+Variation TPEU'!J26 -> 17/05 - 21/05 | K26: =+'Detail per Line+Variation TPEU'!K26 -> 24/05 - 28/05
B27: DIFFERENCES INFLOWS TPEU | G27: =+'Detail per Line+Variation TPEU'!G47 -> 8.7400963 | H27: =+'Detail per Line+Variation TPEU'!H47 -> 0.93574462 | I27: =+'Detail per Line+Variation TPEU'!I47 -> 1.5073902 | J27: =+'Detail per Line+Variation TPEU'!J47 -> -39.085103 | K27: =+'Detail per Line+Variation TPEU'!K47 -> 7.1
G28: =+'Detail per Line+Variation TPEU'!G48 -> NOT MATERIAL | H28: =+'Detail per Line+Variation TPEU'!H48 -> NOT MATERIAL | I28: =+'Detail per Line+Variation TPEU'!I48 -> NOT MATERIAL | J28: =+'Detail per Line+Variation TPEU'!J48 -> INFO NEEDED | K28: =+'Detail per Line+Variation TPEU'!K48 -> NOT MATERIAL
B29: DIFFERENCES OUTFLOWS TPEU | G29: =+'Detail per Line+Variation TPEU'!G49 -> 17.846727 | H29: =+'Detail per Line+Variation TPEU'!H49 -> -0.33530659 | I29: =+'Detail per Line+Variation TPEU'!I49 -> -0.6726099 | J29: =+'Detail per Line+Variation TPEU'!J49 -> -0.55866269 | K29: =+'Detail per Line+Variation TPEU'!K49 -> 12.69432
G30: =+'Detail per Line+Variation TPEU'!G50 -> NOT MATERIAL | H30: =+'Detail per Line+Variation TPEU'!H50 -> NOT MATERIAL | I30: =+'Detail per Line+Variation TPEU'!I50 -> NOT MATERIAL | J30: =+'Detail per Line+Variation TPEU'!J50 -> NOT MATERIAL | K30: =+'Detail per Line+Variation TPEU'!K50 -> NOT MATERIAL
B35: =+'Detail per Line+Variation TPEU'!B55 -> Interco Reconciliation TPEU | G35: =+'Detail per Line+Variation TPEU'!G55 -> 8.4679798 | H35: =+'Detail per Line+Variation TPEU'!H55 -> 18.309888 | I35: =+'Detail per Line+Variation TPEU'!I55 -> 7.7508662 | J35: =+'Detail per Line+Variation TPEU'!J55 -> 4.321781 | K35: =+'Detail per Line+Variation TPEU'!K55 -> -2
B36: =+'Detail per Line+Variation TPEU'!B56 -> Net Cash Pooling Main Entities Actual TPEU | G36: =+'Detail per Line+Variation TPEU'!G56 -> -33.034566 | H36: =+'Detail per Line+Variation TPEU'!H56 -> 58.83 | I36: =+'Detail per Line+Variation TPEU'!I56 -> 8.945 | J36: =+'Detail per Line+Variation TPEU'!J56 -> 18.79 | K36: =+'Detail per Line+Variation TPEU'!K56 -> -34.81
B37: =+'Detail per Line+Variation TPEU'!B57 -> Actual forecast TPEU | G37: =+'Detail per Line+Variation TPEU'!G57 -> -33.034566 | H37: =+'Detail per Line+Variation TPEU'!H57 -> 58.83 | I37: =+'Detail per Line+Variation TPEU'!I57 -> 8.945 | J37: =+'Detail per Line+Variation TPEU'!J57 -> 18.79 | K37: =+'Detail per Line+Variation TPEU'!K57 -> -34.81
B38: =+'Detail per Line+Variation TPEU'!B58 -> Net Dividend TP | G38: =+'Detail per Line+Variation TPEU'!G58 -> 0 | H38: =+'Detail per Line+Variation TPEU'!H58 -> 0 | I38: =+'Detail per Line+Variation TPEU'!I58 -> 0 | J38: =+'Detail per Line+Variation TPEU'!J58 -> 0 | K38: =+'Detail per Line+Variation TPEU'!K58 -> 0
B42: =+'Detail per Line+Variation TPEU'!B62 -> Previous forecast TPEU | G42: =+'Detail per Line+Variation TPEU'!G62 -> 58.83 | H42: =+'Detail per Line+Variation TPEU'!H62 -> 8.945 | I42: =+'Detail per Line+Variation TPEU'!I62 -> 18.79 | J42: =+'Detail per Line+Variation TPEU'!J62 -> -34.81 | K42: =+'Detail per Line+Variation TPEU'!K62 -> -17.65
B43: =+'Detail per Line+Variation TPEU'!B63 -> Difference on cash pooling forecasts TPEU | G43: =+'Detail per Line+Variation TPEU'!G63 -> -91.864566 | H43: =+'Detail per Line+Variation TPEU'!H63 -> 49.885 | I43: =+'Detail per Line+Variation TPEU'!I63 -> -9.845 | J43: =+'Detail per Line+Variation TPEU'!J63 -> 53.6 | K43: =+'Detail per Line+Variation TPEU'!K63 -> -17.16

Sheet FLOWS IN DIAPASON
B2: ='Detail Per Entity'!C3 -> Week 18
B3: Montant en M EUR
B5: Total des fonds recus par TPEU ST | C5: =SUM('Detail per Line+Variation TPEU'!C20:G20) -> 10.37 | F5: Total des fonds envoyé par TPEU ST | G5: =+SUM('Detail per Line+Variation TPEU'!C10:G10) -> 43.404566
B6: FILIALES - > TPEU saisi, intégré ou reçu dans diapason | F6: TPEU -> FILIALES saisi, intégré ou envoyé dans diapason
B7: Entité | C7: Date de valeur | D7: Montant | F7: Entité | G7: Date de valeur | H7: Montant
B8: =IF(COUNT(BDDTransfer!CD:CD)>COUNTA($B$5:B5),VLOOKUP(SMALL(BDDTransfer!CD:CD,COUNTA(B$5:B5)),BDDTransfer!CD:CN,4,0),"") -> Technip Abu Dhabi | C8: =IF(COUNT(BDDTransfer!CD:CD)>COUNTA($B$6:B6),VLOOKUP(SMALL(BDDTransfer!CD:CD,COUNTA(B$6:B6)+1),BDDTransfer!CD:CN,5,0),"") -> 44322 | D8: =IF(COUNT(BDDTransfer!CD:CD)>COUNTA($B$6:B6),VLOOKUP(SMALL(BDDTransfer!CD:CD,COUNTA(B$6:B6)+1),BDDTransfer!CD:CN,8,0),"") -> 0.1 | F8: =IF(COUNT(BDDTransfer!CE:CE)>COUNTA($F$5:F5),VLOOKUP(SMALL(BDDTransfer!CE:CE,COUNTA(F$5:F5)),BDDTransfer!CE:CN,3,0),VLOOKUP(SMALL(BDDZBA!CD:CD,COUNTA(F$5:F5)),BDDZBA!CD:CL,3,0)) -> Technip Energies Singapore Pte. Ltd. | G8: =IF(COUNT(BDDTransfer!CE:CE)>COUNTA($F$5:F5),VLOOKUP(SMALL(BDDTransfer!CE:CE,COUNTA(F$5:F5)),BDDTransfer!CE:CN,4,0),VLOOKUP(SMALL(BDDZBA!CD:CD,COUNTA(F$5:F5)),BDDZBA!CD:CL,9,0)) -> 44322 | H8: =IF(COUNT(BDDTransfer!CE:CE)>COUNTA($F$5:F5),VLOOKUP(SMALL(BDDTransfer!CE:CE,COUNTA(F$5:F5)),BDDTransfer!CE:CN,7,0),VLOOKUP(SMALL(BDDZBA!CD:CD,COUNTA(F$5:F5)),BDDZBA!CD:CL,6,0)) -> 0.16614055
B9: =IF(COUNT(BDDTransfer!CD:CD)>COUNTA($B$5:B6),VLOOKUP(SMALL(BDDTransfer!CD:CD,COUNTA(B$5:B6)),BDDTransfer!CD:CN,4,0),"") -> Technip Abu Dhabi | C9: =IF(COUNT(BDDTransfer!CD:CD)>COUNTA($B$6:B7),VLOOKUP(SMALL(BDDTransfer!CD:CD,COUNTA(B$6:B7)+1),BDDTransfer!CD:CN,5,0),"") -> 44322 | D9: =IF(COUNT(BDDTransfer!CD:CD)>COUNTA($B$6:B7),VLOOKUP(SMALL(BDDTransfer!CD:CD,COUNTA(B$6:B7)+1),BDDTransfer!CD:CN,8,0),"") -> 0.33228111 | F9: =IF(COUNT(BDDTransfer!CE:CE)>COUNTA($F$5:F6),VLOOKUP(SMALL(BDDTransfer!CE:CE,COUNTA(F$5:F6)),BDDTransfer!CE:CN,3,0),VLOOKUP(SMALL(BDDZBA!CD:CD,COUNTA(F$5:F6)),BDDZBA!CD:CL,3,0)) -> Technip Energies Singapore Pte. Ltd. | G9: =IF(COUNT(BDDTransfer!CE:CE)>COUNTA($F$5:F6),VLOOKUP(SMALL(BDDTransfer!CE:CE,COUNTA(F$5:F6)),BDDTransfer!CE:CN,4,0),VLOOKUP(SMALL(BDDZBA!CD:CD,COUNTA(F$5:F6)),BDDZBA!CD:CL,9,0)) -> 44322 | H9: =IF(COUNT(BDDTransfer!CE:CE)>COUNTA($F$5:F6),VLOOKUP(SMALL(BDDTransfer!CE:CE,COUNTA(F$5:F6)),BDDTransfer!CE:CN,7,0),VLOOKUP(SMALL(BDDZBA!CD:CD,COUNTA(F$5:F6)),BDDZBA!CD:CL,6,0)) -> 1.5610365
B10: =IF(COUNT(BDDTransfer!CD:CD)>COUNTA($B$5:B7),VLOOKUP(SMALL(BDDTransfer!CD:CD,COUNTA(B$5:B7)),BDDTransfer!CD:CN,4,0),"") -> Technip Abu Dhabi | C10: =IF(COUNT(BDDTransfer!CD:CD)>COUNTA($B$6:B8),VLOOKUP(SMALL(BDDTransfer!CD:CD,COUNTA(B$6:B8)+1),BDDTransfer!CD:CN,5,0),"") -> 44322 | D10: =IF(COUNT(BDDTransfer!CD:CD)>COUNTA($B$6:B8),VLOOKUP(SMALL(BDDTransfer!CD:CD,COUNTA(B$6:B8)+1),BDDTransfer!CD:CN,8,0),"") -> 16.614055 | F10: =IF(COUNT(BDDTransfer!CE:CE)>COUNTA($F$5:F7),VLOOKUP(SMALL(BDDTransfer!CE:CE,COUNTA(F$5:F7)),BDDTransfer!CE:CN,3,0),VLOOKUP(SMALL(BDDZBA!CD:CD,COUNTA(F$5:F7)),BDDZBA!CD:CL,3,0)) -> Badger Licensing LLC | G10: =IF(COUNT(BDDTransfer!CE:CE)>COUNTA($F$5:F7),VLOOKUP(SMALL(BDDTransfer!CE:CE,COUNTA(F$5:F7)),BDDTransfer!CE:CN,4,0),VLOOKUP(SMALL(BDDZBA!CD:CD,COUNTA(F$5:F7)),BDDZBA!CD:CL,9,0)) -> 44321 | H10: =IF(COUNT(BDDTransfer!CE:CE)>COUNTA($F$5:F7),VLOOKUP(SMALL(BDDTransfer!CE:CE,COUNTA(F$5:F7)),BDDTransfer!CE:CN,7,0),VLOOKUP(SMALL(BDDZBA!CD:CD,COUNTA(F$5:F7)),BDDZBA!CD:CL,6,0)) -> 1.1629839
B11: =IF(COUNT(BDDTransfer!CD:CD)>COUNTA($B$5:B8),VLOOKUP(SMALL(BDDTransfer!CD:CD,COUNTA(B$5:B8)),BDDTransfer!CD:CN,4,0),"") -> Technip Consultant (M) SDN Bhd | C11: =IF(COUNT(BDDTransfer!CD:CD)>COUNTA($B$6:B9),VLOOKUP(SMALL(BDDTransfer!CD:CD,COUNTA(B$6:B9)+1),BDDTransfer!CD:CN,5,0),"") -> 44322 | D11: =IF(COUNT(BDDTransfer!CD:CD)>COUNTA($B$6:B9),VLOOKUP(SMALL(BDDTransfer!CD:CD,COUNTA(B$6:B9)+1),BDDTransfer!CD:CN,8,0),"") -> 20.767569 | F11: =IF(COUNT(BDDTransfer!CE:CE)>COUNTA($F$5:F8),VLOOKUP(SMALL(BDDTransfer!CE:CE,COUNTA(F$5:F8)),BDDTransfer!CE:CN,3,0),VLOOKUP(SMALL(BDDZBA!CD:CD,COUNTA(F$5:F8)),BDDZBA!CD:CL,3,0)) -> Technip France | G11: =IF(COUNT(BDDTransfer!CE:CE)>COUNTA($F$5:F8),VLOOKUP(SMALL(BDDTransfer!CE:CE,COUNTA(F$5:F8)),BDDTransfer!CE:CN,4,0),VLOOKUP(SMALL(BDDZBA!CD:CD,COUNTA(F$5:F8)),BDDZBA!CD:CL,9,0)) -> 44322 | H11: =IF(COUNT(BDDTransfer!CE:CE)>COUNTA($F$5:F8),VLOOKUP(SMALL(BDDTransfer!CE:CE,COUNTA(F$5:F8)),BDDTransfer!CE:CN,7,0),VLOOKUP(SMALL(BDDZBA!CD:CD,COUNTA(F$5:F8)),BDDZBA!CD:CL,6,0)) -> 0.00015199722
B12: =IF(COUNT(BDDTransfer!CD:CD)>COUNTA($B$5:B9),VLOOKUP(SMALL(BDDTransfer!CD:CD,COUNTA(B$5:B9)),BDDTransfer!CD:CN,4,0),"") -> Technip Geoproduction (M) SDN Bhd | C12: =IF(COUNT(BDDTransfer!CD:CD)>COUNTA($B$6:B10),VLOOKUP(SMALL(BDDTransfer!CD:CD,COUNTA(B$6:B10)+1),BDDTransfer!CD:CN,5,0),"") -> 44322 | D12: =IF(COUNT(BDDTransfer!CD:CD)>COUNTA($B$6:B10),VLOOKUP(SMALL(BDDTransfer!CD:CD,COUNTA(B$6:B10)+1),BDDTransfer!CD:CN,8,0),"") -> 0.14439736 | F12: =IF(COUNT(BDDTransfer!CE:CE)>COUNTA($F$5:F9),VLOOKUP(SMALL(BDDTransfer!CE:CE,COUNTA(F$5:F9)),BDDTransfer!CE:CN,3,0),VLOOKUP(SMALL(BDDZBA!CD:CD,COUNTA(F$5:F9)),BDDZBA!CD:CL,3,0)) -> Technip Abu Dhabi | G12: =IF(COUNT(BDDTransfer!CE:CE)>COUNTA($F$5:F9),VLOOKUP(SMALL(BDDTransfer!CE:CE,COUNTA(F$5:F9)),BDDTransfer!CE:CN,4,0),VLOOKUP(SMALL(BDDZBA!CD:CD,COUNTA(F$5:F9)),BDDZBA!CD:CL,9,0)) -> 44320 | H12: =IF(COUNT(BDDTransfer!CE:CE)>COUNTA($F$5:F9),VLOOKUP(SMALL(BDDTransfer!CE:CE,COUNTA(F$5:F9)),BDDTransfer!CE:CN,7,0),VLOOKUP(SMALL(BDDZBA!CD:CD,COUNTA(F$5:F9)),BDDZBA!CD:CL,6,0)) -> 0.1
B13: =IF(COUNT(BDDTransfer!CD:CD)>COUNTA($B$5:B10),VLOOKUP(SMALL(BDDTransfer!CD:CD,COUNTA(B$5:B10)),BDDTransfer!CD:CN,4,0),"") -> Technip France | C13: =IF(COUNT(BDDTransfer!CD:CD)>COUNTA($B$6:B11),VLOOKUP(SMALL(BDDTransfer!CD:CD,COUNTA(B$6:B11)+1),BDDTransfer!CD:CN,5,0),"") -> 44319 | D13: =IF(COUNT(BDDTransfer!CD:CD)>COUNTA($B$6:B11),VLOOKUP(SMALL(BDDTransfer!CD:CD,COUNTA(B$6:B11)+1),BDDTransfer!CD:CN,8,0),"") -> 0.099986002 | F13: =IF(COUNT(BDDTransfer!CE:CE)>COUNTA($F$5:F10),VLOOKUP(SMALL(BDDTransfer!CE:CE,COUNTA(F$5:F10)),BDDTransfer!CE:CN,3,0),VLOOKUP(SMALL(BDDZBA!CD:CD,COUNTA(F$5:F10)),BDDZBA!CD:CL,3,0)) -> Technip Abu Dhabi | G13: =IF(COUNT(BDDTransfer!CE:CE)>COUNTA($F$5:F10),VLOOKUP(SMALL(BDDTransfer!CE:CE,COUNTA(F$5:F10)),BDDTransfer!CE:CN,4,0),VLOOKUP(SMALL(BDDZBA!CD:CD,COUNTA(F$5:F10)),BDDZBA!CD:CL,9,0)) -> 44320 | H13: =IF(COUNT(BDDTransfer!CE:CE)>COUNTA($F$5:F10),VLOOKUP(SMALL(BDDTransfer!CE:CE,COUNTA(F$5:F10)),BDDTransfer!CE:CN,7,0),VLOOKUP(SMALL(BDDZBA!CD:CD,COUNTA(F$5:F10)),BDDZBA!CD:CL,6,0)) -> 0.33228111
B14: =IF(COUNT(BDDTransfer!CD:CD)>COUNTA($B$5:B11),VLOOKUP(SMALL(BDDTransfer!CD:CD,COUNTA(B$5:B11)),BDDTransfer!CD:CN,4,0),"") | C14: =IF(COUNT(BDDTransfer!CD:CD)>COUNTA($B$6:B12),VLOOKUP(SMALL(BDDTransfer!CD:CD,COUNTA(B$6:B12)+1),BDDTransfer!CD:CN,5,0),"") | D14: =IF(COUNT(BDDTransfer!CD:CD)>COUNTA($B$6:B12),VLOOKUP(SMALL(BDDTransfer!CD:CD,COUNTA(B$6:B12)+1),BDDTransfer!CD:CN,8,0),"") | F14: =IF(COUNT(BDDTransfer!CE:CE)>COUNTA($F$5:F11),VLOOKUP(SMALL(BDDTransfer!CE:CE,COUNTA(F$5:F11)),BDDTransfer!CE:CN,3,0),VLOOKUP(SMALL(BDDZBA!CD:CD,COUNTA(F$5:F11)),BDDZBA!CD:CL,3,0)) -> Technip Abu Dhabi | G14: =IF(COUNT(BDDTransfer!CE:CE)>COUNTA($F$5:F11),VLOOKUP(SMALL(BDDTransfer!CE:CE,COUNTA(F$5:F11)),BDDTransfer!CE:CN,4,0),VLOOKUP(SMALL(BDDZBA!CD:CD,COUNTA(F$5:F11)),BDDZBA!CD:CL,9,0)) -> 44320 | H14: =IF(COUNT(BDDTransfer!CE:CE)>COUNTA($F$5:F11),VLOOKUP(SMALL(BDDTransfer!CE:CE,COUNTA(F$5:F11)),BDDTransfer!CE:CN,7,0),VLOOKUP(SMALL(BDDZBA!CD:CD,COUNTA(F$5:F11)),BDDZBA!CD:CL,6,0)) -> 0.66456222
B15: =IF(COUNT(BDDTransfer!CD:CD)>COUNTA($B$5:B12),VLOOKUP(SMALL(BDDTransfer!CD:CD,COUNTA(B$5:B12)),BDDTransfer!CD:CN,4,0),"") | C15: =IF(COUNT(BDDTransfer!CD:CD)>COUNTA($B$6:B13),VLOOKUP(SMALL(BDDTransfer!CD:CD,COUNTA(B$6:B13)+1),BDDTransfer!CD:CN,5,0),"") | D15: =IF(COUNT(BDDTransfer!CD:CD)>COUNTA($B$6:B13),VLOOKUP(SMALL(BDDTransfer!CD:CD,COUNTA(B$6:B13)+1),BDDTransfer!CD:CN,8,0),"") | F15: =IF(COUNT(BDDTransfer!CE:CE)>COUNTA($F$5:F12),VLOOKUP(SMALL(BDDTransfer!CE:CE,COUNTA(F$5:F12)),BDDTransfer!CE:CN,3,0),VLOOKUP(SMALL(BDDZBA!CD:CD,COUNTA(F$5:F12)),BDDZBA!CD:CL,3,0)) -> Technip Abu Dhabi | G15: =IF(COUNT(BDDTransfer!CE:CE)>COUNTA($F$5:F12),VLOOKUP(SMALL(BDDTransfer!CE:CE,COUNTA(F$5:F12)),BDDTransfer!CE:CN,4,0),VLOOKUP(SMALL(BDDZBA!CD:CD,COUNTA(F$5:F12)),BDDZBA!CD:CL,9,0)) -> 44320 | H15: =IF(COUNT(BDDTransfer!CE:CE)>COUNTA($F$5:F12),VLOOKUP(SMALL(BDDTransfer!CE:CE,COUNTA(F$5:F12)),BDDTransfer!CE:CN,7,0),VLOOKUP(SMALL(BDDZBA!CD:CD,COUNTA(F$5:F12)),BDDZBA!CD:CL,6,0)) -> 0.0080510668
B16: =IF(COUNT(BDDTransfer!CD:CD)>COUNTA($B$5:B13),VLOOKUP(SMALL(BDDTransfer!CD:CD,COUNTA(B$5:B13)),BDDTransfer!CD:CN,4,0),"") | C16: =IF(COUNT(BDDTransfer!CD:CD)>COUNTA($B$6:B14),VLOOKUP(SMALL(BDDTransfer!CD:CD,COUNTA(B$6:B14)+1),BDDTransfer!CD:CN,5,0),"") | D16: =IF(COUNT(BDDTransfer!CD:CD)>COUNTA($B$6:B14),VLOOKUP(SMALL(BDDTransfer!CD:CD,COUNTA(B$6:B14)+1),BDDTransfer!CD:CN,8,0),"") | F16: =IF(COUNT(BDDTransfer!CE:CE)>COUNTA($F$5:F13),VLOOKUP(SMALL(BDDTransfer!CE:CE,COUNTA(F$5:F13)),BDDTransfer!CE:CN,3,0),VLOOKUP(SMALL(BDDZBA!CD:CD,COUNTA(F$5:F13)),BDDZBA!CD:CL,3,0)) -> Technip Abu Dhabi | G16: =IF(COUNT(BDDTransfer!CE:CE)>COUNTA($F$5:F13),VLOOKUP(SMALL(BDDTransfer!CE:CE,COUNTA(F$5:F13)),BDDTransfer!CE:CN,4,0),VLOOKUP(SMALL(BDDZBA!CD:CD,COUNTA(F$5:F13)),BDDZBA!CD:CL,9,0)) -> 44320 | H16: =IF(COUNT(BDDTransfer!CE:CE)>COUNTA($F$5:F13),VLOOKUP(SMALL(BDDTransfer!CE:CE,COUNTA(F$5:F13)),BDDTransfer!CE:CN,7,0),VLOOKUP(SMALL(BDDZBA!CD:CD,COUNTA(F$5:F13)),BDDZBA!CD:CL,6,0)) -> 1.2438548
B17: =IF(COUNT(BDDTransfer!CD:CD)>COUNTA($B$5:B14),VLOOKUP(SMALL(BDDTransfer!CD:CD,COUNTA(B$5:B14)),BDDTransfer!CD:CN,4,0),"") | C17: =IF(COUNT(BDDTransfer!CD:CD)>COUNTA($B$6:B15),VLOOKUP(SMALL(BDDTransfer!CD:CD,COUNTA(B$6:B15)+1),BDDTransfer!CD:CN,5,0),"") | D17: =IF(COUNT(BDDTransfer!CD:CD)>COUNTA($B$6:B15),VLOOKUP(SMALL(BDDTransfer!CD:CD,COUNTA(B$6:B15)+1),BDDTransfer!CD:CN,8,0),"") | F17: =IF(COUNT(BDDTransfer!CE:CE)>COUNTA($F$5:F14),VLOOKUP(SMALL(BDDTransfer!CE:CE,COUNTA(F$5:F14)),BDDTransfer!CE:CN,3,0),VLOOKUP(SMALL(BDDZBA!CD:CD,COUNTA(F$5:F14)),BDDZBA!CD:CL,3,0)) -> Technip France | G17: =IF(COUNT(BDDTransfer!CE:CE)>COUNTA($F$5:F14),VLOOKUP(SMALL(BDDTransfer!CE:CE,COUNTA(F$5:F14)),BDDTransfer!CE:CN,4,0),VLOOKUP(SMALL(BDDZBA!CD:CD,COUNTA(F$5:F14)),BDDZBA!CD:CL,9,0)) -> 44326 | H17: =IF(COUNT(BDDTransfer!CE:CE)>COUNTA($F$5:F14),VLOOKUP(SMALL(BDDTransfer!CE:CE,COUNTA(F$5:F14)),BDDTransfer!CE:CN,7,0),VLOOKUP(SMALL(BDDZBA!CD:CD,COUNTA(F$5:F14)),BDDZBA!CD:CL,6,0)) -> 1
B18: =IF(COUNT(BDDTransfer!CD:CD)>COUNTA($B$5:B15),VLOOKUP(SMALL(BDDTransfer!CD:CD,COUNTA(B$5:B15)),BDDTransfer!CD:CN,4,0),"") | C18: =IF(COUNT(BDDTransfer!CD:CD)>COUNTA($B$6:B16),VLOOKUP(SMALL(BDDTransfer!CD:CD,COUNTA(B$6:B16)+1),BDDTransfer!CD:CN,5,0),"") | D18: =IF(COUNT(BDDTransfer!CD:CD)>COUNTA($B$6:B16),VLOOKUP(SMALL(BDDTransfer!CD:CD,COUNTA(B$6:B16)+1),BDDTransfer!CD:CN,8,0),"")
B19: =IF(COUNT(BDDTransfer!CD:CD)>COUNTA($B$6:B17),VLOOKUP(SMALL(BDDTransfer!CD:CD,COUNTA(B$6:B17)+1),BDDTransfer!CD:CN,4,0),"") | C19: =IF(COUNT(BDDTransfer!CD:CD)>COUNTA($B$6:B17),VLOOKUP(SMALL(BDDTransfer!CD:CD,COUNTA(B$6:B17)+1),BDDTransfer!CD:CN,5,0),"") | D19: =IF(COUNT(BDDTransfer!CD:CD)>COUNTA($B$6:B17),VLOOKUP(SMALL(BDDTransfer!CD:CD,COUNTA(B$6:B17)+1),BDDTransfer!CD:CN,8,0),"") | F19: =IF(COUNT(BDDZBA!CD:CD)>COUNTA($F$5:F15),VLOOKUP(SMALL(BDDZBA!CD:CD,COUNTA(F$5:F15)),BDDZBA!CD:CL,3,0),"")
B20: =IF(COUNT(BDDTransfer!CD:CD)>COUNTA($B$6:B18),VLOOKUP(SMALL(BDDTransfer!CD:CD,COUNTA(B$6:B18)+1),BDDTransfer!CD:CN,4,0),"") | C20: =IF(COUNT(BDDTransfer!CD:CD)>COUNTA($B$6:B18),VLOOKUP(SMALL(BDDTransfer!CD:CD,COUNTA(B$6:B18)+1),BDDTransfer!CD:CN,5,0),"") | D20: =IF(COUNT(BDDTransfer!CD:CD)>COUNTA($B$6:B18),VLOOKUP(SMALL(BDDTransfer!CD:CD,COUNTA(B$6:B18)+1),BDDTransfer!CD:CN,8,0),"") | F20: =IF(COUNT(BDDZBA!CD:CD)>COUNTA($F$5:F16),VLOOKUP(SMALL(BDDZBA!CD:CD,COUNTA(F$5:F16)),BDDZBA!CD:CL,3,0),"")
B21: =IF(COUNT(BDDTransfer!CD:CD)>COUNTA($B$6:B19),VLOOKUP(SMALL(BDDTransfer!CD:CD,COUNTA(B$6:B19)+1),BDDTransfer!CD:CN,4,0),"") | C21: =IF(COUNT(BDDTransfer!CD:CD)>COUNTA($B$6:B19),VLOOKUP(SMALL(BDDTransfer!CD:CD,COUNTA(B$6:B19)+1),BDDTransfer!CD:CN,5,0),"") | D21: =IF(COUNT(BDDTransfer!CD:CD)>COUNTA($B$6:B19),VLOOKUP(SMALL(BDDTransfer!CD:CD,COUNTA(B$6:B19)+1),BDDTransfer!CD:CN,8,0),"") | F21: =IF(COUNT(BDDZBA!CD:CD)>COUNTA($F$5:F17),VLOOKUP(SMALL(BDDZBA!CD:CD,COUNTA(F$5:F17)),BDDZBA!CD:CL,3,0),"")
B22: =IF(COUNT(BDDTransfer!CD:CD)>COUNTA($B$6:B20),VLOOKUP(SMALL(BDDTransfer!CD:CD,COUNTA(B$6:B20)+1),BDDTransfer!CD:CN,4,0),"") | C22: =IF(COUNT(BDDTransfer!CD:CD)>COUNTA($B$6:B20),VLOOKUP(SMALL(BDDTransfer!CD:CD,COUNTA(B$6:B20)+1),BDDTransfer!CD:CN,5,0),"") | D22: =IF(COUNT(BDDTransfer!CD:CD)>COUNTA($B$6:B20),VLOOKUP(SMALL(BDDTransfer!CD:CD,COUNTA(B$6:B20)+1),BDDTransfer!CD:CN,8,0),"") | F22: =IF(COUNT(BDDZBA!CD:CD)>COUNTA($F$5:F18),VLOOKUP(SMALL(BDDZBA!CD:CD,COUNTA(F$5:F18)),BDDZBA!CD:CL,3,0),"")
B23: =IF(COUNT(BDDTransfer!CD:CD)>COUNTA($B$6:B21),VLOOKUP(SMALL(BDDTransfer!CD:CD,COUNTA(B$6:B21)+1),BDDTransfer!CD:CN,4,0),"") | C23: =IF(COUNT(BDDTransfer!CD:CD)>COUNTA($B$6:B21),VLOOKUP(SMALL(BDDTransfer!CD:CD,COUNTA(B$6:B21)+1),BDDTransfer!CD:CN,5,0),"") | D23: =IF(COUNT(BDDTransfer!CD:CD)>COUNTA($B$6:B21),VLOOKUP(SMALL(BDDTransfer!CD:CD,COUNTA(B$6:B21)+1),BDDTransfer!CD:CN,8,0),"") | F23: =IF(COUNT(BDDZBA!CD:CD)>COUNTA($F$5:F19),VLOOKUP(SMALL(BDDZBA!CD:CD,COUNTA(F$5:F19)),BDDZBA!CD:CL,3,0),"")
B24: =IF(COUNT(BDDTransfer!CD:CD)>COUNTA($B$6:B22),VLOOKUP(SMALL(BDDTransfer!CD:CD,COUNTA(B$6:B22)+1),BDDTransfer!CD:CN,4,0),"") | C24: =IF(COUNT(BDDTransfer!CD:CD)>COUNTA($B$6:B22),VLOOKUP(SMALL(BDDTransfer!CD:CD,COUNTA(B$6:B22)+1),BDDTransfer!CD:CN,5,0),"") | D24: =IF(COUNT(BDDTransfer!CD:CD)>COUNTA($B$6:B22),VLOOKUP(SMALL(BDDTransfer!CD:CD,COUNTA(B$6:B22)+1),BDDTransfer!CD:CN,8,0),"") | F24: =IF(COUNT(BDDZBA!CD:CD)>COUNTA($F$5:F20),VLOOKUP(SMALL(BDDZBA!CD:CD,COUNTA(F$5:F20)),BDDZBA!CD:CL,3,0),"")
B25: =IF(COUNT(BDDTransfer!CD:CD)>COUNTA($B$6:B23),VLOOKUP(SMALL(BDDTransfer!CD:CD,COUNTA(B$6:B23)+1),BDDTransfer!CD:CN,4,0),"") | C25: =IF(COUNT(BDDTransfer!CD:CD)>COUNTA($B$6:B23),VLOOKUP(SMALL(BDDTransfer!CD:CD,COUNTA(B$6:B23)+1),BDDTransfer!CD:CN,5,0),"") | D25: =IF(COUNT(BDDTransfer!CD:CD)>COUNTA($B$6:B23),VLOOKUP(SMALL(BDDTransfer!CD:CD,COUNTA(B$6:B23)+1),BDDTransfer!CD:CN,8,0),"") | F25: =IF(COUNT(BDDTransfer!CE:CE)>COUNTA($F$5:F21),VLOOKUP(SMALL(BDDZBA!CD:CD,COUNTA(F$5:F21)),BDDZBA!CD:CL,3,0),"")
B26: =IF(COUNT(BDDTransfer!CD:CD)>COUNTA($B$7:B25),VLOOKUP(SMALL(BDDTransfer!CD:CD,COUNTA(B$7:B25)+1),BDDTransfer!CD:CN,3,0),"") | F26: =IF(COUNT(BDDTransfer!CE:CE)>COUNTA($F$5:F22),VLOOKUP(SMALL(BDDZBA!CD:CD,COUNTA(F$5:F22)),BDDZBA!CD:CL,3,0),"")
B27: Total des fonds à recevoir par TPEU intégré dans diapason | D27: =SUM(D8:D26) -> 38.058289 | F27: Total des fonds à envoyer par TPEU intégré dans diapason | H27: =SUM(H8:H26) -> 6.2390622
B28: Dont flux non intégrés dans Diapason | D28: =C6-D27 -> -38.058289 | F28: Dont flux non intégrés dans Diapason | H28: 2.92
B31: CP Net TPEU flux non intégré dans Diapason | C31: =D28-H28 -> -40.978289
B32: CP Net Forecast Diapason TPEU | C32: =C5-G5 -> -33.034566
B33: CP Net TPEU flux intégrés dans Diapason | C33: =D27-H27 -> 31.819227
B39: Total des fonds à envoyer par TPEU/TCBV non intégré dans diapason
B40: Dont flux intégrés dans Diapason
B45: EUR/CNY | C45: 7.6941
B46: EUR/USD = | C46: 1.1775
B47: EUR/NOK= | C47: 10.2022
B48: EUR/AED | C48: 4.3251
B49: EUR/GBP | C49: 0.8518
B50: EUR/AUD | C50: 1.5431
B51: EUR/SGD | C51: 1.5791
B52: EUR/RUB | C52: 88.7572

Sheet TABUD
B2: NB: Inflow From/Outflow To Technip EuroCash/TCBV must be consistent with what you capture in Diapason
B4: TECHNIP ABU DHABI | C4: IMPORTANT: DATA C/V IN EUR AND NO LONGER IN USD | F4: =F14+D14 -> 2.9242572
A7: Table A=> | B7: ACTUAL FORECAST | C7: Week 17 | H7: Week 18 | I7: Week 19 | J7: Week 20 | K7: Week 21 | L7: Week 22
B8: Amounts in M EUR Eq. | C8: 44312 | D8: 44313 | E8: 44314 | F8: 44315 | G8: 44316 | H8: May 03 rd - May 07 th | I8: May 10 th - May 14 th | J8: May 17 th - May 21 st | K8: May 24 th - May 28 th | L8: May 31 st - Jun 04 th
B9: OPENING LOCAL BANK BALANCE | C9: 4.3 | D9: 0.95 | E9: 1.5742572 | F9: 1.5742572 | G9: 1.0195503 | H9: 1.0195503 | I9: 1.0118521 | J9: 0.98002275 | K9: 0.89749026 | L9: 0.95809297
B10: AR -External | F10: 0.45726165 | H10: 0.11162087 | I10: 0 | J10: 0.86055773 | K10: 1.2132176 | L10: 0.12607117
B11: AR - Interco | H11: 0 | I11: 0 | J11: 1.0811672 | K11: 0 | L11: 0.10462908
B12: Dividend Received
B13: Others
B14: Inflow From Technip EuroCash/TCBV/TCBV | D14: 0.62425725 | F14: 2.3 | H14: 0.8 | I14: 1 | L14: 0.6
B15: TOTAL INFLOWS | C15: 0 | D15: 0.62425725 | E15: 0 | F15: 2.7572617 | G15: 0 | H15: 0.91162087 | I15: 1 | J15: 1.9417249 | K15: 1.2132176 | L15: 0.83070025
B16: AP - External | F16: 2.9045085 | H16: 0.74931909 | I16: 0.75744098 | J16: 0.29412781 | K16: 0.18261494 | L16: 0.65597286
B17: AP - Interco | F17: 0.25746002 | H17: 0 | I17: 0.1043884 | J17: 0.060129607 | K17: 0 | L17: 0
B18: HR - Payroll | C18: 3.35
B19: HR - Others | F19: 0.15 | H19: 0.17 | I19: 0.17 | J19: 0.17 | K19: 0.17 | L19: 0.17
B20: HR - Bonus
B21: Dividends Paid
B22: Taxes
B23: Others
B24: Outflow to Technip EuroCash/TCBV | J24: 1.5 | K24: 0.8
B25: TOTAL OUTFLOWS | C25: 3.35 | D25: 0 | E25: 0 | F25: 3.3119686 | G25: 0 | H25: 0.91931909 | I25: 1.0318294 | J25: 2.0242574 | K25: 1.1526149 | L25: 0.82597286
B26: CLOSING LOCAL BANK BALANCE | C26: 0.95 | D26: 1.5742572 | E26: 1.5742572 | F26: 1.0195503 | G26: 1.0195503 | H26: 1.0118521 | I26: 0.98002275 | J26: 0.89749026 | K26: 0.95809297 | L26: 0.96282035 | N26: 10.947894
A29: Table B=> | B29: PREVIOUS FORECAST | G29: Week 17 | H29: Week 18 | I29: Week 19 | J29: Week 20 | K29: Week 21
B30: Amounts in M EUR Eq. | G30: April 26 th - April 30 th | H30: May 03 rd - May 07 th | I30: May 10 th - May 14 th | J30: May 17 th - May 21 st | K30: May 24 th - May 28 th
B31: OPENING LOCAL BANK BALANCE | G31: 4.2743857 | H31: 0.86261881 | I31: 0.98014207 | J31: 0.94831269 | K31: 0.88208601
B32: AR -External | G32: 0.45726165 | H32: 0.23769203 | I32: 0 | J32: 0.47490453 | K32: 1.2132176
B33: AR - Interco
B34: Dividend Received
B35: Others
B36: Inflow From Technip EuroCash/TCBV | H36: 0.8 | I36: 1
B37: TOTAL INFLOWS | G37: 0.45726165 | H37: 1.037692 | I37: 1 | J37: 0.47490453 | K37: 1.2132176
B38: AP - External | G38: 0.34653594 | H38: 0.75016877 | I38: 0.75744098 | J38: 0.3110016 | K38: 0.20293981
B39: AP - Interco | G39: 0 | H39: 0 | I39: 0.1043884 | J39: 0.060129607 | K39: 0
B40: HR - Payroll | G40: 3.3524926
B41: HR - Others | G41: 0.17 | H41: 0.17 | I41: 0.17 | J41: 0.17 | K41: 0.17
B42: HR - Bonus
B43: Dividends Paid
B44: Taxes
B45: Others
B46: Outflow to Technip EuroCash/TCBV | K46: 0.7
B47: TOTAL OUTFLOWS | G47: 3.8690286 | H47: 0.92016877 | I47: 1.0318294 | J47: 0.5411312 | K47: 1.0729398
B48: CLOSING LOCAL BANK BALANCE | G48: 0.86261881 | H48: 0.98014207 | I48: 0.94831269 | J48: 0.88208601 | K48: 1.0223639 | N48: 4.6955234
A51: Table C=> | B51: DIFFERENCES INFLOW | G51: 0 | H51: 0.12607117 | I51: 0 | J51: -1.4668204 | K51: 0
B53: DIFFERENCES OUTFLOWS | G53: -2.79294 | H53: 0.00084968348 | I53: 0 | J53: 0.016873789 | K53: 0.02032487

Sheet GEOP
B2: NB: Inflow From/Outflow To Technip EuroCash/TCBV must be consistent with what you capture in Diapason
B4: TECHNIP GEOPRODUCTION (M) SDN BHD | C4: IMPORTANT: DATA C/V IN EUR AND NO LONGER IN USD
A7: Table A=> | B7: ACTUAL FORECAST | C7: Week 17 | H7: Week 18 | I7: Week 19 | J7: Week 20 | K7: Week 21 | L7: Week 22
B8: Amounts in M EUR Eq. | C8: 44312 | D8: 44313 | E8: 44314 | F8: 44315 | G8: 44316 | H8: May 03 rd - May 07 th | I8: May 10 th - May 14 th | J8: May 17 th - May 21 st | K8: May 24 th - May 28 th | L8: May 31 st - Jun 04 th
B9: OPENING LOCAL BANK BALANCE | C9: 64.176884 | D9: 60.176884 | E9: 60.176884 | F9: 60.176884 | G9: 60.176884 | H9: 60.044942 | I9: 44.979293 | J9: 44.993231 | K9: 49.343923 | L9: 66.304625
B10: AR -External | H10: 5.746814 | I10: 0.658644 | L10: 0.026774
B11: AR - Interco | H11: 0.373934 | I11: 0.038687 | J11: 4.722995 | L11: 0.04681
B12: Dividend Received
B13: Others
B14: Inflow From Technip EuroCash/TCBV/TCBV | K14: 21
B15: TOTAL INFLOWS | C15: 0 | D15: 0 | E15: 0 | F15: 0 | G15: 0 | H15: 6.120748 | I15: 0.697331 | J15: 4.722995 | K15: 21 | L15: 0.073584
B16: AP - External | G16: 0.131942 | H16: 0.186397 | I16: 0.335346 | J16: 0.372303 | K16: 0.039298
B17: AP - Interco | I17: 0.348047
B18: HR - Payroll | C18: 4 | K18: 4
B19: HR - Others
B20: HR - Bonus
B21: Dividends Paid
B22: Taxes
B23: Others
B24: Outflow to Technip EuroCash/TCBV | H24: 21
B25: TOTAL OUTFLOWS | C25: 4 | D25: 0 | E25: 0 | F25: 0 | G25: 0.131942 | H25: 21.186397 | I25: 0.683393 | J25: 0.372303 | K25: 4.039298 | L25: 0
B26: CLOSING LOCAL BANK BALANCE | C26: 60.176884 | D26: 60.176884 | E26: 60.176884 | F26: 60.176884 | G26: 60.044942 | H26: 44.979293 | I26: 44.993231 | J26: 49.343923 | K26: 66.304625 | L26: 66.378209 | N26: 572.75176
A29: Table B=> | B29: PREVIOUS FORECAST | G29: Week 17 | H29: Week 18 | I29: Week 19 | J29: Week 20 | K29: Week 21
B30: Amounts in M EUR Eq. | G30: April 26 th - April 30 th | H30: May 03 rd - May 07 th | I30: May 10 th - May 14 th | J30: May 17 th - May 21 st | K30: May 24 th - May 28 th
B31: OPENING LOCAL BANK BALANCE | G31: 65.959388 | H31: 61.837318 | I31: 46.783158 | J31: 47.140318 | K31: 47.626678
B32: AR -External | H32: 5.746814 | I32: 0.658644
B33: AR - Interco | H33: 0.373934 | I33: 0.038687 | J33: 0.682716
B34: Dividend Received
B35: Others
B36: Inflow From Technip EuroCash/TCBV | K36: 21
B37: TOTAL INFLOWS | G37: 0 | H37: 6.120748 | I37: 0.697331 | J37: 0.682716 | K37: 21
B38: AP - External | G38: 0.12207 | H38: 0.174908 | I38: 0.340171 | J38: 0.196356 | K38: 0.039298
B39: AP - Interco
B40: HR - Payroll | G40: 4
B41: HR - Others
B42: HR - Bonus
B43: Dividends Paid
B44: Taxes
B45: Others
B46: Outflow to Technip EuroCash/TCBV | H46: 21
B47: TOTAL OUTFLOWS | G47: 4.12207 | H47: 21.174908 | I47: 0.340171 | J47: 0.196356 | K47: 0.039298
B48: CLOSING LOCAL BANK BALANCE | G48: 61.837318 | H48: 46.783158 | I48: 47.140318 | J48: 47.626678 | K48: 68.58738 | N48: 271.97485
A51: Table C=> | B51: DIFFERENCES INFLOW | G51: 0 | H51: 0 | I51: 0 | J51: -4.040279 | K51: 0
B53: DIFFERENCES OUTFLOWS | G53: -0.009872 | H53: -0.011489 | I53: -0.343222 | J53: -0.175947 | K53: -4

Sheet TITA
B2: NB: Inflow From/Outflow To Technip EuroCash/TCBV must be consistent with what you capture in Diapason
B4: TECHNIP ITALY | C4: IMPORTANT: DATA C/V IN EUR AND NO LONGER IN USD
A7: Table A=> | B7: ACTUAL FORECAST | C7: Week 17 | H7: Week 18 | I7: Week 19 | J7: Week 20 | K7: Week 21 | L7: Week 22
B8: Amounts in M EUR Eq. | C8: 44312 | D8: 44313 | E8: 44314 | F8: 44315 | G8: 44316 | H8: May 03 rd - May 07 th | I8: May 10 th - May 14 th | J8: May 17 th - May 21 st | K8: May 24 th - May 28 th | L8: May 31 st - Jun 04 th
B9: OPENING LOCAL BANK BALANCE | C9: 11.924 | D9: 13.748688 | E9: 13.748688 | F9: 2.9041176 | G9: 2.9041176 | H9: 7.4231176 | I9: 5.0531176 | J9: 5.1231176 | K9: 2.4331176 | L9: 2.9831176
B10: AR -External | G10: 4.03 | H10: 0.63 | I10: 4.9 | J10: 22.31 | K10: 5.55 | L10: 4.01
B11: AR - Interco | C11: 1.05 | G11: 0.56 | I11: 0.97
B12: Dividend Received
B13: Others
B14: Inflow From Technip EuroCash/TCBV/TCBV | C14: 7.8396883 | H14: 7 | I14: 10 | K14: 10 | L14: 10
B15: TOTAL INFLOWS | C15: 8.8896883 | D15: 0 | E15: 0 | F15: 0 | G15: 4.59 | H15: 7.63 | I15: 15.87 | J15: 22.31 | K15: 15.55 | L15: 14.01
B16: AP - External | C16: 0.025 | D16: 0 | E16: 10.195229 | F16: 0 | G16: 0 | H16: 8 | I16: 8 | J16: 8 | K16: 8 | L16: 8
B17: AP - Interco | E17: 0.64934185 | H17: 2 | I17: 2 | J17: 2 | K17: 2 | L17: 2
B18: HR - Payroll | C18: 7.04 | G18: 0.071 | I18: 5.8 | K18: 5
B19: HR - Others
B20: HR - Bonus
B21: Dividends Paid
B22: Taxes
B23: Others
B24: Outflow to Technip EuroCash/TCBV | J24: 15
B25: TOTAL OUTFLOWS | C25: 7.065 | D25: 0 | E25: 10.844571 | F25: 0 | G25: 0.071 | H25: 10 | I25: 15.8 | J25: 25 | K25: 15 | L25: 10
B26: CLOSING LOCAL BANK BALANCE | C26: 13.748688 | D26: 13.748688 | E26: 2.9041176 | F26: 2.9041176 | G26: 7.4231176 | H26: 5.0531176 | I26: 5.1231176 | J26: 2.4331176 | K26: 2.9831176 | L26: 6.9931176 | N26: 63.314317
A29: Table B=> | B29: PREVIOUS FORECAST | G29: Week 17 | H29: Week 18 | I29: Week 19 | J29: Week 20 | K29: Week 21
B30: Amounts in M EUR Eq. | G30: April 26 th - April 30 th | H30: May 03 rd - May 07 th | I30: May 10 th - May 14 th | J30: May 17 th - May 21 st | K30: May 24 th - May 28 th
B31: OPENING LOCAL BANK BALANCE | G31: 12.491289 | H31: 7.031289 | I31: 5.111289 | J31: 4.811289 | K31: 3.551289
B32: AR -External | G32: 5.49 | H32: 1.08 | I32: 4.9 | J32: 22.32 | K32: 5.55
B33: AR - Interco | G33: 0.55 | I33: 0.6 | J33: 1.42
B34: Dividend Received
B35: Others
B36: Inflow From Technip EuroCash/TCBV | G36: 5 | H36: 7 | I36: 10 | K36: 10
B37: TOTAL INFLOWS | G37: 11.04 | H37: 8.08 | I37: 15.5 | J37: 23.74 | K37: 15.55
B38: AP - External | G38: 8 | H38: 8 | I38: 8 | J38: 8 | K38: 8
B39: AP - Interco | G39: 2 | H39: 2 | I39: 2 | J39: 2 | K39: 2
B40: HR - Payroll | G40: 6.5 | I40: 5.8 | K40: 5
B41: HR - Others
B42: HR - Bonus
B43: Dividends Paid
B44: Taxes
B45: Others
B46: Outflow to Technip EuroCash/TCBV | J46: 15
B47: TOTAL OUTFLOWS | G47: 16.5 | H47: 10 | I47: 15.8 | J47: 25 | K47: 15
B48: CLOSING LOCAL BANK BALANCE | G48: 7.031289 | H48: 5.111289 | I48: 4.811289 | J48: 3.551289 | K48: 4.101289 | N48: 24.606445
A51: Table C=> | B51: DIFFERENCES INFLOW | G51: 0.4 | H51: 0.45 | I51: -0.37 | J51: 1.43 | K51: 0
B53: DIFFERENCES OUTFLOWS | G53: -1.4805708 | H53: 0 | I53: 0 | J53: 0 | K53: 0

Sheet TAP
B2: NB: Inflow From/Outflow To Technip EuroCash/TCBV must be consistent with what you capture in Diapason
B4: TECHNIP AUSTRALIA PTY LTD | C4: IMPORTANT: DATA C/V IN EUR AND NO LONGER IN USD
A7: Table A=> | B7: ACTUAL FORECAST | C7: Week 17 | H7: Week 18 | I7: Week 19 | J7: Week 20 | K7: Week 21 | L7: Week 22
B8: Amounts in M EUR Eq. | C8: 44312 | D8: 44313 | E8: 44314 | F8: 44315 | G8: 44316 | H8: May 03 rd - May 07 th | I8: May 10 th - May 14 th | J8: May 17 th - May 21 st | K8: May 24 th - May 28 th | L8: May 31 st - Jun 04 th
B9: OPENING LOCAL BANK BALANCE | C9: 7.304108 | D9: 7.304108 | E9: 7.304108 | F9: 7.304108 | G9: 7.304108 | H9: 15.524536 | I9: 9.331355 | J9: 9.306832 | K9: 8.718182 | L9: 9.013792
B10: AR -External | G10: 8.220428 | K10: 5.29561
B11: AR - Interco
B12: Dividend Received
B13: Others
B14: Inflow From Technip EuroCash/TCBV/TCBV
B15: TOTAL INFLOWS | C15: 0 | D15: 0 | E15: 0 | F15: 0 | G15: 8.220428 | H15: 0 | I15: 0 | J15: 0 | K15: 5.29561 | L15: 0
B16: AP - External | H16: 0.468741 | I16: 0.024523 | J16: 0.06865
B17: AP - Interco | H17: 0.20444
B18: HR - Payroll | H18: 0.52 | J18: 0.52 | L18: 0.52
B19: HR - Others
B20: HR - Bonus
B21: Dividends Paid
B22: Taxes
B23: Others
B24: Outflow to Technip EuroCash/TCBV | H24: 5 | K24: 5
B25: TOTAL OUTFLOWS | C25: 0 | D25: 0 | E25: 0 | F25: 0 | G25: 0 | H25: 6.193181 | I25: 0.024523 | J25: 0.58865 | K25: 5 | L25: 0.52
B26: CLOSING LOCAL BANK BALANCE | C26: 7.304108 | D26: 7.304108 | E26: 7.304108 | F26: 7.304108 | G26: 15.524536 | H26: 9.331355 | I26: 9.306832 | J26: 8.718182 | K26: 9.013792 | L26: 8.493792 | N26: 89.604921
A29: Table B=> | B29: PREVIOUS FORECAST | G29: Week 17 | H29: Week 18 | I29: Week 19 | J29: Week 20 | K29: Week 21
B30: Amounts in M EUR Eq. | G30: April 26 th - April 30 th | H30: May 03 rd - May 07 th | I30: May 10 th - May 14 th | J30: May 17 th - May 21 st | K30: May 24 th - May 28 th
B31: OPENING LOCAL BANK BALANCE | G31: 8.2842364 | H31: 6.3113444 | I31: 5.5575724 | J31: 5.5575724 | K31: 5.0365414
B32: AR -External | G32: 8.027108 | K32: 5.29561
B33: AR - Interco
B34: Dividend Received
B35: Others
B36: Inflow From Technip EuroCash/TCBV
B37: TOTAL INFLOWS | G37: 8.027108 | H37: 0 | I37: 0 | J37: 0 | K37: 5.29561
B38: AP - External | H38: 0.052486 | J38: 0.001031
B39: AP - Interco | H39: 0.181286
B40: HR - Payroll | H40: 0.52 | J40: 0.52
B41: HR - Others
B42: HR - Bonus
B43: Dividends Paid
B44: Taxes
B45: Others
B46: Outflow to Technip EuroCash/TCBV | G46: 10
B47: TOTAL OUTFLOWS | G47: 10 | H47: 0.753772 | I47: 0 | J47: 0.521031 | K47: 0
B48: CLOSING LOCAL BANK BALANCE | G48: 6.3113444 | H48: 5.5575724 | I48: 5.5575724 | J48: 5.0365414 | K48: 10.332151 | N48: 32.795182
A51: Table C=> | B51: DIFFERENCES INFLOW | G51: -0.19332 | H51: 0 | I51: 0 | J51: 0 | K51: 0
B53: DIFFERENCES OUTFLOWS | G53: 0 | H53: -0.439409 | I53: -0.024523 | J53: -0.067619 | K53: 0

Sheet TFRA
B2: NB: Inflow From/Outflow To Technip EuroCash/TCBV must be consistent with what you capture in Diapason
B4: Technip France | C4: IMPORTANT: DATA C/V IN EUR AND NO LONGER IN USD
A7: Table A=> | B7: ACTUAL FORECAST | C7: Week 17 | H7: Week 18 | I7: Week 19 | J7: Week 20 | K7: Week 21 | L7: Week 22
B8: Amounts in M EUR Eq. | C8: 44312 | D8: 44313 | E8: 44314 | F8: 44315 | G8: 44316 | H8: May 03 rd - May 07 th | I8: May 10 th - May 14 th | J8: May 17 th - May 21 st | K8: May 24 th - May 28 th | L8: May 31 st - Jun 04 th
B9: OPENING LOCAL BANK BALANCE | D9: =C26 -> 0 | E9: =D26 -> 0 | F9: =E26 -> 0 | G9: =F26 -> 0 | H9: =G26 -> 0 | I9: =H26 -> 0 | J9: =I26 -> 0 | K9: =J26 -> 0 | L9: =K26 -> 0
B10: AR -External | C10: 3.1 | D10: 1.3433948 | F10: 1.5 | H10: 27.7 | I10: 21.4 | J10: 5.3 | K10: 10.6 | L10: 3.7
B11: AR - Interco
B12: Dividend Received
B13: Others | L13: 50
B14: Inflow From Technip EuroCash/TCBV/TCBV | C14: 1.043 | D14: 8.1966202 | E14: 11.505 | F14: 4.656
B15: TOTAL INFLOWS | C15: =SUM(C10:C14) -> 4.143 | D15: =SUM(D10:D14) -> 9.540015 | E15: =SUM(E10:E14) -> 11.505 | F15: =SUM(F10:F14) -> 6.156 | G15: =SUM(G10:G14) -> 0 | H15: =SUM(H10:H14) -> 27.7 | I15: =SUM(I10:I14) -> 21.4 | J15: =SUM(J10:J14) -> 5.3 | ... L15: =SUM(L10:L14) -> 53.7
B16: AP - External | D16: 9.25 | E16: 2.53 | F16: 6.156
B17: AP - Interco | D17: 0.290015 | E17: 0.064
B18: HR - Payroll | E18: 8.911 | K18: 9.5
B19: HR - Others | C19: 4.143 | H19: 5.4 | L19: 5.4
B20: HR - Bonus
B21: Dividends Paid
B22: Taxes | I22: 1.045
B23: Others
B24: Outflow to Technip EuroCash/TCBV | H24: 22.3 | I24: 20.355 | J24: 5.3 | K24: 1.1 | L24: 48.3
B25: TOTAL OUTFLOWS | C25: =SUM(C16:C24) -> 4.143 | D25: =SUM(D16:D24) -> 9.540015 | E25: =SUM(E16:E24) -> 11.505 | F25: =SUM(F16:F24) -> 6.156 | G25: =SUM(G16:G24) -> 0 | H25: =SUM(H16:H24) -> 27.7 | I25: =SUM(I16:I24) -> 21.4 | J25: =SUM(J16:J24) -> 5.3 | ... L25: =SUM(L16:L24) -> 53.7
B26: CLOSING LOCAL BANK BALANCE | C26: =C9+C15-C25 -> 0 | D26: =D9+D15-D25 -> 0 | E26: =E9+E15-E25 -> 0 | F26: =F9+F15-F25 -> 0 | G26: =G9+G15-G25 -> 0 | H26: =H9+H15-H25 -> 0 | I26: =I9+I15-I25 -> 0 | J26: =J9+J15-J25 -> 0 | ... L26: =L9+L15-L25 -> 0 | N26: =SUM(C26:L26) -> 0
A29: Table B=> | B29: PREVIOUS FORECAST | G29: Week 17 | H29: =H7 -> Week 18 | I29: =I7 -> Week 19 | J29: =J7 -> Week 20 | K29: =K7 -> Week 21
B30: Amounts in M EUR Eq. | G30: April 26 th - April 30 th | H30: =H8 -> May 03 rd - May 07 th | I30: =I8 -> May 10 th - May 14 th | J30: =J8 -> May 17 th - May 21 st | K30: =K8 -> May 24 th - May 28 th
B31: OPENING LOCAL BANK BALANCE | H31: =G48 -> 0 | I31: =H48 -> 0 | J31: =I48 -> 19.5 | K31: =J48 -> 69.5
B32: AR -External | G32: 2.75 | H32: 26.6 | I32: =5.3+15.5 -> 20.8 | J32: 50 | K32: 3.5
B33: AR - Interco
B34: Dividend Received
B35: Others
B36: Inflow From Technip EuroCash/TCBV | G36: 10.893896
B37: TOTAL INFLOWS | G37: =SUM(G32:G36) -> 13.643896 | H37: =SUM(H32:H36) -> 26.6 | I37: =SUM(I32:I36) -> 20.8 | J37: =SUM(J32:J36) -> 50 | K37: =SUM(K32:K36) -> 3.5
B38: AP - External
B39: AP - Interco
B40: HR - Payroll | G40: 9.5
B41: HR - Others | G41: 4.143896 | H41: 5.4
B42: HR - Bonus
B43: Dividends Paid
B44: Taxes | I44: 1.3
B45: Others
B46: Outflow to Technip EuroCash/TCBV | H46: 21.2
B47: TOTAL OUTFLOWS | G47: =SUM(G38:G46) -> 13.643896 | H47: =SUM(H38:H46) -> 26.6 | I47: =SUM(I38:I46) -> 1.3 | J47: =SUM(J38:J46) -> 0 | K47: =SUM(K38:K46) -> 0
B48: CLOSING LOCAL BANK BALANCE | G48: =G31+G37-G47 -> 0 | H48: =H31+H37-H47 -> 0 | I48: =I31+I37-I47 -> 19.5 | J48: =J31+J37-J47 -> 69.5 | K48: =K31+K37-K47 -> 73 | N48: =SUM(C48:L48) -> 162
A51: Table C=> | B51: DIFFERENCES INFLOW | G51: =SUM(G32:G35)-SUM(C10:G13) -> -3.1933948 | H51: =SUM(H32:H35)-SUM(H10:H13) -> -1.1 | I51: =SUM(I32:I35)-SUM(I10:I13) -> -0.6 | J51: =SUM(J32:J35)-SUM(J10:J13) -> 44.7 | K51: =SUM(K32:K35)-SUM(K10:K13) -> -7.1
B53: DIFFERENCES OUTFLOWS | G53: =SUM(G38:G45)-SUM(C16:G23) -> -17.700119 | H53: =SUM(H38:H45)-SUM(H16:H23) -> 0 | I53: =SUM(I38:I45)-SUM(I16:I23) -> 0.255 | J53: =SUM(J38:J45)-SUM(J16:J23) -> 0 | K53: =SUM(K38:K45)-SUM(K16:K23) -> -9.5

Sheet TUSA
B2: NB: Inflow From/Outflow To Technip EuroCash/TCBV must be consistent with what you capture in Diapason
B4: TUSA / TSWPT | C4: IMPORTANT: DATA C/V IN EUR AND NO LONGER IN USD
A7: Table A=> | B7: ACTUAL FORECAST | C7: Week 17 | H7: Week 18 | I7: Week 19 | J7: Week 20 | K7: Week 21 | L7: Week 22
B8: Amounts in M EUR Eq. | C8: 44312 | D8: 44313 | E8: 44314 | F8: 44315 | G8: 44316 | H8: May 03 rd - May 07 th | I8: May 10 th - May 14 th | J8: May 17 th - May 21 st | K8: May 24 th - May 28 th | L8: May 31 st - Jun 04 th
B9: OPENING LOCAL BANK BALANCE | C9: 4.0977143 | D9: =C26 -> 13.131551 | E9: =D26 -> 4.0415506 | F9: =E26 -> 4.0502275 | G9: =F26 -> 4.0502275 | H9: =G26 -> 4.0469946 | I9: =H26 -> 3.9920788 | J9: =I26 -> 3.9421283 | K9: =J26 -> 3.9004735 | L9: =K26 -> 3.8465415
B10: AR -External | C10: 0.91503962 | D10: 0 | E10: 0.18118934 | F10: 0 | G10: 1.2767671 | H10: 2.7241425 | I10: 1.109367 | J10: 0.9600487 | K10: 0 | L10: 0
B11: AR - Interco | C11: 8.1187966 | D11: 0 | E11: 0 | F11: 0 | G11: 0 | H11: 20.140394 | I11: 9.1946146 | J11: 0.57774843 | K11: 0 | L11: 0
B12: Dividend Received
B13: Others | C13: 0 | D13: 0 | E13: 0 | F13: 0 | G13: 0 | H13: 0 | I13: 0 | J13: 0 | K13: 0 | L13: 0
B14: Inflow From Technip EuroCash/TCBV/TCBV | C14: 0 | D14: 0 | E14: 7.24 | F14: 0 | G14: 0 | H14: 0 | I14: 0.41 | J14: 3.01 | K14: 10.71 | L14: 4.54
B15: TOTAL INFLOWS | C15: =SUM(C10:C14) -> 9.0338362 | D15: =SUM(D10:D14) -> 0 | E15: =SUM(E10:E14) -> 7.4211893 | F15: =SUM(F10:F14) -> 0 | G15: =SUM(G10:G14) -> 1.2767671 | H15: =SUM(H10:H14) -> 22.864536 | I15: =SUM(I10:I14) -> 10.713982 | J15: =SUM(J10:J14) -> 4.5477971 | ... L15: =SUM(L10:L14) -> 4.54
B16: AP - External | C16: 0 | D16: 0 | E16: 0.8253549 | F16: 0 | G16: 0 | H16: 4.1767745 | I16: 4.1767745 | J16: 4.1767745 | K16: 4.1767745 | L16: 4.1767745
B17: AP - Interco | C17: 0 | D17: 0 | E17: 0 | F17: 0 | G17: 0 | H17: 0 | I17: 0 | J17: 0 | K17: 0 | L17: 0
B18: HR - Payroll | C18: 0 | D18: 0 | E18: 5.6553318 | F18: 0 | G18: 0 | H18: 0 | I18: 5.6553318 | J18: 0 | K18: 5.6553318 | L18: 0
B19: HR - Others | C19: 0 | D19: 0 | E19: 0.93182569 | F19: 0 | G19: 0 | H19: 0.41267745 | I19: 0.93182569 | J19: 0.41267745 | K19: 0.93182569 | L19: 0.41267745
B20: HR - Bonus
B21: Dividends Paid
B22: Taxes
B23: Others
B24: Outflow to Technip EuroCash/TCBV | C24: 0 | D24: 9.09 | E24: 0 | F24: 0 | G24: 1.28 | H24: 18.33 | I24: 0 | J24: 0 | K24: 0 | L24: 0
B25: TOTAL OUTFLOWS | C25: =SUM(C16:C24) -> 0 | D25: =SUM(D16:D24) -> 9.09 | E25: =SUM(E16:E24) -> 7.4125124 | F25: =SUM(F16:F24) -> 0 | G25: =SUM(G16:G24) -> 1.28 | H25: =SUM(H16:H24) -> 22.919452 | I25: =SUM(I16:I24) -> 10.763932 | J25: =SUM(J16:J24) -> 4.589452 | ... L25: =SUM(L16:L24) -> 4.589452
B26: CLOSING LOCAL BANK BALANCE | C26: =C9+C15-C25 -> 13.131551 | D26: =D9+D15-D25 -> 4.0415506 | E26: =E9+E15-E25 -> 4.0502275 | F26: =F9+F15-F25 -> 4.0502275 | G26: =G9+G15-G25 -> 4.0469946 | H26: =H9+H15-H25 -> 3.9920788 | I26: =I9+I15-I25 -> 3.9421283 | J26: =J9+J15-J25 -> 3.9004735 | ... L26: =L9+L15-L25 -> 3.7970896 | N26: =SUM(C26:L26) -> 48.798863
A29: Table B=> | B29: PREVIOUS FORECAST | G29: Week 17 | H29: =H7 -> Week 18 | I29: =I7 -> Week 19 | J29: =J7 -> Week 20 | K29: =K7 -> Week 21
B30: Amounts in M EUR Eq. | G30: April 26 th - April 30 th | H30: =H8 -> May 03 rd - May 07 th | I30: =I8 -> May 10 th - May 14 th | J30: =J8 -> May 17 th - May 21 st | K30: =K8 -> May 24 th - May 28 th
B31: OPENING LOCAL BANK BALANCE | G31: 4.2637537 | H31: =G48 -> 4.252878 | I31: =H48 -> 4.2507915 | J31: =I48 -> 4.2380959 | K31: =J48 -> 4.223289
B32: AR -External | G32: 4.7384112 | H32: 2.3123267 | I32: 0.57197672 | J32: 0 | K32: 0
B33: AR - Interco | G33: 0 | H33: 20.140394 | I33: 9.1946146 | J33: 0 | K33: 0
B34: Dividend Received
B35: Others | G35: 0 | H35: 0 | I35: 0 | J35: 0 | K35: 0
B36: Inflow From Technip EuroCash/TCBV | G36: 6.8 | H36: 0 | I36: 1.77 | J36: 5.36 | K36: 11.54
B37: TOTAL INFLOWS | G37: =SUM(G32:G36) -> 11.538411 | H37: =SUM(H32:H36) -> 22.45272 | I37: =SUM(I32:I36) -> 11.536591 | J37: =SUM(J32:J36) -> 5.36 | K37: =SUM(K32:K36) -> 11.54
B38: AP - External | G38: 4.9621294 | H38: 4.9621294 | I38: 4.9621294 | J38: 4.9621294 | K38: 4.9621294
B39: AP - Interco | G39: 0 | H39: 0 | I39: 0 | J39: 0 | K39: 0
B40: HR - Payroll | G40: 5.6553318 | H40: 0 | I40: 5.6553318 | J40: 0 | K40: 5.6553318
B41: HR - Others | G41: 0.93182569 | H41: 0.41267745 | I41: 0.93182569 | J41: 0.41267745 | K41: 0.93182569
B42: HR - Bonus
B43: Dividends Paid
B44: Taxes | G44: 0
B45: Others
B46: Outflow to Technip EuroCash/TCBV | G46: 0 | H46: 17.08 | I46: 0 | J46: 0 | K46: 0
B47: TOTAL OUTFLOWS | G47: =SUM(G38:G46) -> 11.549287 | H47: =SUM(H38:H46) -> 22.454807 | I47: =SUM(I38:I46) -> 11.549287 | J47: =SUM(J38:J46) -> 5.3748069 | K47: =SUM(K38:K46) -> 11.549287
B48: CLOSING LOCAL BANK BALANCE | G48: =G31+G37-G47 -> 4.252878 | H48: =H31+H37-H47 -> 4.2507915 | I48: =I31+I37-I47 -> 4.2380959 | J48: =J31+J37-J47 -> 4.223289 | K48: =K31+K37-K47 -> 4.2140021 | N48: =SUM(C48:L48) -> 21.179057
A51: Table C=> | B51: DIFFERENCES INFLOW | G51: =SUM(G32:G35)-SUM(C10:G13) -> -5.7533815 | H51: =SUM(H32:H35)-SUM(H10:H13) -> -0.41181578 | I51: =SUM(I32:I35)-SUM(I10:I13) -> -0.53739023 | J51: =SUM(J32:J35)-SUM(J10:J13) -> -1.5377971 | K51: =SUM(K32:K35)-SUM(K10:K13) -> 0
B53: DIFFERENCES OUTFLOWS | G53: =SUM(G38:G45)-SUM(C16:G23) -> 4.1367745 | H53: =SUM(H38:H45)-SUM(H16:H23) -> 0.7853549 | I53: =SUM(I38:I45)-SUM(I16:I23) -> 0.7853549 | J53: =SUM(J38:J45)-SUM(J16:J23) -> 0.7853549 | K53: =SUM(K38:K45)-SUM(K16:K23) -> 0.7853549

Sheet COMPANY LIST
A1: shortname | B1: name
A2: ABKK | B2: Al Ahli Bank Of Kuwait
A3: ABKKKW | B3: Al Ahli Bank Of Kuwait
A4: ABMB | B4: Alliance Bank Malaysia Berhad
A5: ABMBKUL | B5: Alliance Bank Malaysia Berhad Kuala Lumpur
A6: ABSA | B6: ABSA BANK LIMITED
A7: ABSAJNB | B7: ABSA Bank Limited - Johannesburg
A8: ADCB | B8: Abu Dhabi Commercial Bank
A9: ADCBAUH | B9: Abu Dhabi Commercial Bank Abu Dhabi
A10: AFLBMNK | B10: Alfa Bank Minsk
A11: AKERM | B11: Technip Maritime UK Limited
A12: ALFA | B12: Alfa Bank
... A955: YAMGS | B955: Yamal Services SAS

Sheet MONTHLY RATES
A1: Code ISO | B1: Country / Pays | C1: Currency / Devise (unité de monnaie) | E1: Closing Rates / Cours de clôture | F1: Closing Rates / Cours de clôture | G1: Average Monthly Rates / Cours moyen mensuel (Given and Calculated Averages) | H1: Closing Rates / Cours de clôture | I1: Quarterly Rates / Cours Trimestriels | J1: Anticipated average annual rates / Cours moyen annuel anticipé
E2: 1 EUR = X Currencies | F2: 1 USD = X Currencies | G2: 1 EUR = X Currencies | H2: 1 Currency = X EUR | I2: 1 EUR = X Currencies | J2: 1 EUR = X Currencies
A3: AED | B3: United Arab Emirates | C3: UAE Dirham | E3: 4.421738 | F3: 3.67315 | G3: 4.38498 | H3: 0.22615542 | I3: 4.38498 | J3: 4.39651
A4: AFN | B4: Afghanistan | C4: Afghani | E4: 93.198196 | F4: 77.42 | G4: 92.26458 | H4: 0.010729821 | I4: 92.26458 | J4: 92.45847
A5: ALL | B5: Albania | C5: Lek | E5: 123.25106 | F5: 102.385 | G5: 123.21116 | H5: 0.0081135203 | I5: 123.21116 | J5: 123.28687
A6: AMD | B6: Armenia | C6: Armenian Dram | E6: 625.60282 | F6: 519.69 | G6: 626.16346 | H6: 0.0015984583 | I6: 626.16346 | J6: 627.11054
A7: ANG | C7: Netherlands Antillean Guilder | E7: 2.154802 | F7: 1.79 | G7: 2.13689 | H7: 0.46407976 | I7: 2.13689 | J7: 2.14251
A8: AOA | B8: Angola | C8: Kwanza | E8: 787.68366 | F8: 654.331 | G8: 764.60607 | H8: 0.0012695452 | I8: 764.60607 | J8: 767.2315
A9: ARS | B9: Argentina | C9: Argentine Peso | E9: 112.62199 | F9: 93.5554 | G9: 110.63717 | H9: 0.0088792606 | I9: 110.63717 | J9: 109.66458
A10: AUD | B10: Australia | C10: Australian Dollar | E10: 1.55845 | F10: 1.2946087 | G10: 1.55185 | H10: 0.64166319 | I10: 1.55185 | J10: 1.55385
A11: AWG | B11: Aruba | C11: Aruban Florin | E11: 2.154802 | F11: 1.79 | G11: 2.13689 | H11: 0.46407976 | I11: 2.13689 | J11: 2.14251
A12: AZN | B12: Azerbaijan | C12: Azerbaijan Manat | E12: 2.0452562 | F12: 1.699 | G12: 2.02819 | H12: 0.4889363 | I12: 2.02819 | J12: 2.03355
A13: BAM | B13: Bosnia and Herzegovina | C13: Convertible Mark | E13: 1.9558139 | F13: 1.6247 | G13: 1.95583 | H13: 0.5112961 | I13: 1.95583 | J13: 1.95583
A14: BBD | B14: Barbados | C14: Barbados Dollar | E14: 2.4076 | F14: 2 | G14: 2.38759 | H14: 0.41535139 | I14: 2.38759 | J14: 2.39387
A15: BDT | B15: Bangladesh | C15: Taka | E15: 102.02205 | F15: 84.75 | G15: 101.15439 | H15: 0.0098018026 | I15: 101.15439 | J15: 101.42391
A16: BGN | B16: Bulgaria | C16: Bulgarian Lev | E16: 1.9558 | F16: 1.6246885 | G16: 1.95586 | H16: 0.51129972 | I16: 1.95586 | J16: 1.9559
A17: BHD | B17: Bahrain | C17: Bahraini Dinar | E17: 0.4538326 | F17: 0.377 | G17: 0.45008 | H17: 2.2034556 | I17: 0.45008 | J17: 0.45128
A18: BIF | B18: Burundi | C18: Burundi Franc | E18: 2367.8746 | F18: 1967 | G18: 2336.4119 | H18: 0.00042231966 | I18: 2336.4119 | J18: 2341.8119
A19: BMD | B19: Bermuda | C19: Bermudian Dollar | E19: 1.2038 | F19: 1 | G19: 1.19379 | H19: 0.83070277 | I19: 1.19379 | J19: 1.19693
... A25: BWP | B25: Botswana | C25: Pula | E25: 13.028125 | F25: 10.8225 | G25: 12.97658 | H25: 0.076757013 | I25: 12.97658 | J25: 13.02971
A26: BYN | C26: Belarusian Ruble | E26: 3.0922612 | F26: 2.56875 | G26: 3.11549 | H26: 0.32338794 | I26: 3.11549 | J26: 3.11935
A27: BZD | B27: Belize | C27: Belize Dollar | E27: 2.4076 | F27: 2 | G27: 2.38759 | H27: 0.41535139 | I27: 2.38759 | J27: 2.39387
A28: CAD | B28: Canada | C28: Canadian Dollar | E28: 1.48095 | F28: 1.2302293 | G28: 1.49353 | H28: 0.67524224 | I28: 1.49353 | J28: 1.50212
A29: CDF | B29: Congo | C29: Congolese Franc | E29: 2402.7848 | F29: 1996 | G29: 2369.548 | H29: 0.00041618375 | I29: 2369.548 | J29: 2372.0445
A30: CHF | B30: Switzerland and Liechtenstein | C30: Swiss Franc | E30: 1.09795 | F30: 0.91207011 | G30: 1.10332 | H30: 0.91078829 | I30: 1.10332 | J30: 1.10014
A31: CLP | B31: Chile | C31: Chilean Peso | E31: 859.77202 | F31: 714.215 | G31: 848.40971 | H31: 0.001163099 | I31: 848.40971 | J31: 854.72974
A32: CNY | B32: China | C32: Yuan Renminbi | E32: 7.79035 | F32: 6.4714654 | G32: 7.79018 | H32: 0.12836394 | I32: 7.79018 | J32: 7.79515
A33: COP | B33: Colombia | C33: Colombian Peso | E33: 4503.4218 | F33: 3741.005 | G33: 4370.847 | H33: 0.00022205337 | I33: 4370.847 | J33: 4349.3316
A34: CRC | B34: Costa Rica | C34: Costa Rican Colon | E34: 742.0163 | F34: 616.395 | G34: 732.12912 | H34: 0.0013476793 | I34: 732.12912 | J34: 733.43546
A35: CUP | B35: Cuba | C35: Cuban Peso | E35: 28.8912 | F35: 24 | G35: 28.65106 | H35: 0.034612616 | I35: 28.65106 | J35: 28.72641
A36: CVE | B36: Cape Verde | C36: Cabo Verde Escudo | E36: 110.19585 | F36: 91.54 | G36: 110.1031 | H36: 0.0090747517 | I36: 110.1031 | J36: 110.11763
A37: CZK | B37: Czech Republic | C37: Czech Koruna | E37: 25.8695 | F37: 21.489865 | G37: 25.95228 | H37: 0.03865556 | I37: 25.95228 | J37: 25.98057
A38: DJF | B38: Djibouti | C38: Djibouti Franc | E38: 213.6745 | F38: 177.5 | G38: 211.88892 | H38: 0.0046800156 | I38: 211.88892 | J38: 212.44809
... A147: XCD | B147: Zone OECO | C147: East Caribbean Dollar | E147: 3.25026 | F147: 2.7 | G147: 3.22324 | H147: 0.30766769 | I147: 3.22324 | J147: 3.23172
A148: XDR | C148: SDR (Special Drawing Right) | E148: 0.83995145 | F148: 0.69775 | G148: 0.83596 | H148: 1.190545 | I148: 0.83596 | J148: 0.83682
A149: XOF | B149: Zone BCEAO | C149: CFA Franc BCEAO | E149: 655.957 | F149: 544.9053 | G149: 655.95701 | H149: 0.0015244902 | I149: 655.95701 | J149: 655.957
A150: XPF | B150: New Caledonia | C150: CFP Franc | E150: 119.33167 | F150: 99.12915 | G150: 119.3317 | H150: 0.008380005 | I150: 119.3317 | J150: 119.3317
A151: YER | B151: Yemen | C151: Yemeni Rial | E151: 303.67059 | F151: 252.26 | G151: 301.16664 | H151: 0.003293042 | I151: 301.16664 | J151: 301.82408
A152: ZAR | B152: South Africa | C152: Rand | E152: 17.46415 | F152: 14.507518 | G152: 17.29004 | H152: 0.057260159 | I152: 17.29004 | J152: 17.48055
A153: ZMW | B153: Zambia | C153: Zambian Kwacha | E153: 26.850759 | F153: 22.305 | G153: 26.49086 | H153: 0.037242895 | I153: 26.49086 | J153: 26.38728
A154: ZWL | B154: Zimbabwe | C154: Zimbabwe Dollar | E154: 99.181804 | F154: 82.3906 | G154: 98.21362 | H154: 0.010082495 | I154: 98.21362 | J154: 98.13729
A155: EUR | B155: Euroland | C155: Euro | E155: 1 | F155: 0.83070277 | G155: 1 | H155: 1 | I155: 1 | J155: 1

Sheet BDDTransfer
A1: id | B1: reference | C1: tradeType | D1: isRequest | E1: isExternal | F1: isIncomplete | G1: actionStatus | H1: applicativeStatus | I1: applicativeStatusRequested | J1: externalReference | K1: externalUser | L1: externalDescription | M1: createUser | N1: captureUser | O1: lastUser | P1: lastUpdateUser | Q1: captureDate | R1: tradeDate | S1: valueDate | T1: lastUpdate | U1: currency1 | V1: amount1 | W1: entity | X1: accountCur1 | Y1: accountCptyCur1 | Z1: folder | AA1: cpty | AB1: comments | AC1: summary | AD1: creatorModuleURL | AE1: processId | AF1: parentTrade | AG1: feeCurrency | AH1: feeAmount | AI1: feePaymentDate | AJ1: moduleOptions | AK1: initialTrade | AL1: cancelledTrade | AM1: cancellingTrade | AN1: broker | AO1: strategy | AP1: cashSettlementType | AQ1: account | AR1: cptyAccount | AS1: onBehalf | AT1: onBehalfAccount | AU1: onBehalfCurrency | AV1: onBehalfAmount | AW1: onBehalfRate | AX1: analyticItem | AY1: cptyAnalyticItem | AZ1: country | BA1: bbanKey | BB1: bban | BC1: bic | BD1: unmanagedAccountDescription | BE1: description | BF1: drivenCurrency | BG1: currency2 | BH1: amount2 | BI1: spotRate | BJ1: cptyValueDate | BK1: issueDate | BL1: corporateProject.corporateProjectMovement | BM1: corporateProject.projectCode | BN1: corporateProject.ProfitCenterCode | BO1: corporateProject.ProfitCenterCodeString | BP1: corporateProject.projectRate | BQ1: corporateProject.businessSegment | BR1: corporateProject.businessUnit | BS1: corporateProject.seller | BT1: corporateProject.iban | BU1: corporateProject.bankReference | BV1: corporateProject.projectCodeString | BW1: tfPoolingId.tfPoolingId | BX1: tfPoolingId.affiliateDealId | BY1: tfPoolingId.paymentSupport | BZ1: tfPoolingId.processed | CA1: transferAddInfo.lblSSI | CB1: transferAddInfo.internalAccountCategory | CD1: RowTI | CE1: RowTR | CF1: Nom | CG1: Nom complet | CH1: Date de valeur | CI1: montantD | CJ1: devise1 | CK1: montantE | CL1: Rate | CM1: TI | CN1: TR
A2: 276139 | B2: TABUD3093 | C2: TfInfo | D2: TRUE | E2: FALSE | F2: FALSE | G2: CDQSA | H2: validated | I2: submitted | J2: 0 | M2: clopez1 | N2: Candelaria Lopez | O2: jayakrishnap | P2: Jayakrishna Pathipati | Q2: 44321.284 | R2: 44321 | S2: 44322 | T2: 44321.302 | U2: EUR | V2: 200000 | W2: TABUD | AA2: TPEU | AC2: TABUD/TPEU - OTHERPROJECTS ( OTHEROnshore ) - Trade Id 276139 - Transfer information : 200,000 EUR - 2021-05-06 | AD2: com/mccsoft/diapason/transfer/transfer.swf?scope=503,3083,321&title=Treasury Center Request/Info&_class=java.util.ArrayList&isRequest=true&settlementTypeFilter=9924,14770&isCptyInternal=true&tradeTypeFilter=14768&nodeId=84290&swfGroup=cash&swfGrant=|update|cancel| | AE2: 268809735 | AP2: TFPOOL | AQ2: HSBCAUHTABUDEUR1 | AR2: CACIBPARTPEUEUR1 | BE2: PAYMENT RECIEVED FROM INTERCOMPANY | BF2: 1 | BG2: EUR | BH2: 200000 | BI2: 1 | BJ2: 44322 | BK2: 44321 | BL2: OTHEROnshore | BM2: OTHERPROJECTS | BQ2: ONOF | CD2: =IF(CM2="TRUE",ROW()-1,"") -> 1 | CE2: =IF(CN2="TRUE",ROW()-1,"") | CF2: =W2 -> TABUD | CG2: =VLOOKUP(CF2,'COMPANY LIST'!A:B,2,FALSE) -> Technip Abu Dhabi | CH2: =S2 -> 44322 | CI2: =V2 -> 200000 | CJ2: =U2 -> EUR | CK2: =(CI2/CL2)/1000000 -> 0.2 | CL2: =VLOOKUP(BDDTransfer!CJ2,'MONTHLY RATES'!A:J,5,FALSE) -> 1 | CM2: =IF(C2="TfInfo","TRUE","FALSE") -> TRUE | CN2: =IF(C2="TfReq","TRUE","FALSE") -> FALSE
A3: 276138 | B3: TABUD3092 | C3: TfInfo | D3: TRUE | E3: FALSE | F3: FALSE | G3: CDQSA | H3: validated | I3: submitted | J3: 0 | M3: clopez1 | N3: Candelaria Lopez | O3: jayakrishnap | P3: Jayakrishna Pathipati | Q3: 44321.28 | R3: 44321 | S3: 44322 | T3: 44321.302 | U3: EUR | V3: 100000 | W3: TABUD | AA3: TPEU | AC3: TABUD/TPEU - 074423C001 ( P074423 ) - Trade Id 276138 - Transfer information : 100,000 EUR - 2021-05-06 | AD3: com/mccsoft/diapason/transfer/transfer.swf?scope=503,3083,321&title=Treasury Center Request/Info&_class=java.util.ArrayList&isRequest=true&settlementTypeFilter=9924,14770&isCptyInternal=true&tradeTypeFilter=14768&nodeId=84290&swfGroup=cash&swfGrant=|update|cancel| | AE3: 268809459 | AP3: TFPOOL | AQ3: HSBCAUHTABUDEUR1 | AR3: CACIBPARTPEUEUR1 | BE3: PAYMENT RECIEVED FROM INTERCOMPANY | BF3: 1 | BG3: EUR | BH3: 100000 | BI3: 1 | BJ3: 44322 | BK3: 44321 | BL3: P074423 | BM3: 074423C001 | BQ3: ONOF | CD3: =IF(CM3="TRUE",ROW()-1,"") -> 2 | CE3: =IF(CN3="TRUE",ROW()-1,"") | CF3: =W3 -> TABUD | CG3: =VLOOKUP(CF3,'COMPANY LIST'!A:B,2,FALSE) -> Technip Abu Dhabi | CH3: =S3 -> 44322 | CI3: =V3 -> 100000 | CJ3: =U3 -> EUR | CK3: =(CI3/CL3)/1000000 -> 0.1 | CL3: =VLOOKUP(BDDTransfer!CJ3,'MONTHLY RATES'!A:J,5,FALSE) -> 1 | CM3: =IF(C3="TfInfo","TRUE","FALSE") -> TRUE | CN3: =IF(C3="TfReq","TRUE","FALSE") -> FALSE
A4: 276137 | B4: TABUD3091 | C4: TfInfo | D4: TRUE | F4: FALSE | G4: CDQSA | H4: validated | I4: submitted | J4: 0 | M4: clopez1 | N4: Candelaria Lopez | O4: jayakrishnap | P4: Jayakrishna Pathipati | Q4: 44321.276 | R4: 44321 | S4: 44322 | T4: 44321.302 | U4: USD | V4: 400000 | W4: TABUD | AA4: TPEU | AC4: TABUD/TPEU - P079855 - Trade Id 276137 - Transfer information : 400,000 USD - 2021-05-06 | AD4: com/mccsoft/diapason/transfer/transfer.swf?scope=503,3083,321&title=Treasury Center Request/Info&_class=java.util.ArrayList&isRequest=true&settlementTypeFilter=9924,14770&isCptyInternal=true&tradeTypeFilter=14768&nodeId=84290&swfGroup=cash&swfGrant=|update|cancel| | AE4: 268809228 | AP4: TFPOOL | AQ4: HSBCAUHTABUDUSD1 | AR4: CACIBPARTPEUUSD1 | BE4: PAYMENT RECEIVED FROM INTERCOMPANY | BF4: 1 | BG4: USD | BH4: 400000 | BI4: 1 | BJ4: 44322 | BK4: 44321 | BL4: P079855 | BQ4: ONOF | CD4: =IF(CM4="TRUE",ROW()-1,"") -> 3 | CE4: =IF(CN4="TRUE",ROW()-1,"") | CF4: =W4 -> TABUD | CG4: =VLOOKUP(CF4,'COMPANY LIST'!A:B,2,FALSE) -> Technip Abu Dhabi | CH4: =S4 -> 44322 | CI4: =V4 -> 400000 | CJ4: =U4 -> USD | CK4: =(CI4/CL4)/1000000 -> 0.33228111 | CL4: =VLOOKUP(BDDTransfer!CJ4,'MONTHLY RATES'!A:J,5,FALSE) -> 1.2038 | CM4: =IF(C4="TfInfo","TRUE","FALSE") -> TRUE | CN4: =IF(C4="TfReq","TRUE","FALSE") -> FALSE
A5: 276119 | B5: TESING105 | C5: TfReq | D5: TRUE | F5: FALSE | G5: CDQSA | H5: validated | I5: submitted | J5: 0 | M5: yoon | N5: YueFengElli Oon | O5: agoufan | P5: Amandine Goufan | Q5: 44320.492 | R5: 44320 | S5: 44322 | T5: 44321.302 | U5: USD | V5: 200000 | W5: TESING | AA5: TPEU | AC5: TESING/TPEU - GENACT ( GENACT ) - Trade Id 276119 - Transfer request : 200,000 USD - 2021-02-05 | AD5: com/mccsoft/diapason/transfer/transfer.swf?scope=503,3083,299,2991&title=Treasury Center Request/Info&_class=java.util.ArrayList&isRequest=true&settlementTypeFilter=9924,14770&isCptyInternal=true&tradeTypeFilter=14768&hideFeeTab=true&hideEventTab=true&nodeId=84290&swfGroup=cash&swfGrant=|update|cancel| | AP5: TFPOOL | AQ5: BNPSINTESINGUSD1 | AR5: TPEU | AX5: RTreasury | AY5: ETreasury | BF5: 1 | BG5: USD | BH5: 200000 | BI5: 1 | BJ5: 44322 | BK5: 44320 | BL5: GENACT | BM5: GENACT | BX5: 276141 | CD5: =IF(CM5="TRUE",ROW()-1,"") | CE5: =IF(CN5="TRUE",ROW()-1,"") -> 4 | CF5: =W5 -> TESING | CG5: =VLOOKUP(CF5,'COMPANY LIST'!A:B,2,FALSE) -> Technip Energies Singapore Pte. Ltd. | CH5: =S5 -> 44322 | CI5: =V5 -> 200000 | CJ5: =U5 -> USD | CK5: =(CI5/CL5)/1000000 -> 0.16614055 | CL5: =VLOOKUP(BDDTransfer!CJ5,'MONTHLY RATES'!A:J,5,FALSE) -> 1.2038 | CM5: =IF(C5="TfInfo","TRUE","FALSE") -> FALSE | CN5: =IF(C5="TfReq","TRUE","FALSE") -> TRUE
A6: 276118 | B6: TESING104 | C6: TfReq | D6: TRUE | F6: FALSE | G6: CDQSA | H6: validated | I6: submitted | J6: 0 | M6: yoon | N6: YueFengElli Oon | O6: agoufan | P6: Amandine Goufan | Q6: 44320.488 | R6: 44320 | S6: 44322 | T6: 44321.3 | U6: SGD | V6: 2500000 | W6: TESING | AA6: TPEU | AC6: TESING/TPEU - GENACT ( GENACT ) - Trade Id 276118 - Transfer request : 2,500,000 SGD - 2021-03-11 | AD6: com/mccsoft/diapason/transfer/transfer.swf?scope=503,3083,299&title=Treasury Center Request/Info&_class=java.util.ArrayList&isRequest=true&settlementTypeFilter=9924,14770&isCptyInternal=true&tradeTypeFilter=14768&nodeId=84290&swfGroup=cash&swfGrant=|update|cancel| | AP6: TFPOOL | AQ6: BNPSINTESINGSGD1 | AR6: TPEU | AX6: RTreasury | AY6: ETreasury | BF6: 1 | BG6: SGD | BH6: 2500000 | BI6: 1 | BJ6: 44322 | BK6: 44320 | BL6: GENACT | BM6: GENACT | BX6: 276140 | CD6: =IF(CM6="TRUE",ROW()-1,"") | CE6: =IF(CN6="TRUE",ROW()-1,"") -> 5 | CF6: =W6 -> TESING | CG6: =VLOOKUP(CF6,'COMPANY LIST'!A:B,2,FALSE) -> Technip Energies Singapore Pte. Ltd. | CH6: =S6 -> 44322 | CI6: =V6 -> 2500000 | CJ6: =U6 -> SGD | CK6: =(CI6/CL6)/1000000 -> 1.5610365 | CL6: =VLOOKUP(BDDTransfer!CJ6,'MONTHLY RATES'!A:J,5,FALSE) -> 1.6015 | CM6: =IF(C6="TfInfo","TRUE","FALSE") -> FALSE | CN6: =IF(C6="TfReq","TRUE","FALSE") -> TRUE
A7: 276093 | B7: BLJV32 | C7: TfReq | D7: TRUE | F7: FALSE | G7: CDQSA | H7: validated | I7: submitted | J7: 0 | M7: phu | N7: Peggy Hu | O7: agoufan | P7: Amandine Goufan | Q7: 44319.873 | R7: 44319 | S7: 44321 | T7: 44320.289 | U7: USD | V7: 1400000 | W7: BLJV | AA7: TPEU | AC7: BLJV/TPEU - Trade Id 276093 - Transfer request : 1,400,000 USD - 2021-05-05 | AD7: com/mccsoft/diapason/transfer/transfer.swf?scope=503,3083,98,41&title=Treasury Center Request/Info&_class=java.util.ArrayList&isRequest=true&settlementTypeFilter=9924,14770&isCptyInternal=true&tradeTypeFilter=14768&nodeId=84290&swfGroup=cash&swfGrant=|update|cancel| | AP7: TFPOOL | AQ7: BNPPNYCBLJVUSD1 | AR7: TPEU | AX7: RTreasury | AY7: ETreasury | BE7: To fund the AP batch paymens | BF7: 1 | BG7: USD | BH7: 1400000 | BI7: 1 | BJ7: 44321 | BK7: 44319 | BX7: 276103 | CD7: =IF(CM7="TRUE",ROW()-1,"") | CE7: =IF(CN7="TRUE",ROW()-1,"") -> 6 | CF7: =W7 -> BLJV | CG7: =VLOOKUP(CF7,'COMPANY LIST'!A:B,2,FALSE) -> Badger Licensing LLC | CH7: =S7 -> 44321 | CI7: =V7 -> 1400000 | CJ7: =U7 -> USD | CK7: =(CI7/CL7)/1000000 -> 1.1629839 | CL7: =VLOOKUP(BDDTransfer!CJ7,'MONTHLY RATES'!A:J,5,FALSE) -> 1.2038 | CM7: =IF(C7="TfInfo","TRUE","FALSE") -> FALSE | CN7: =IF(C7="TfReq","TRUE","FALSE") -> TRUE
A8: 276074 | B8: TFRA8108 | C8: TfReq | D8: TRUE | E8: FALSE | F8: FALSE | G8: CDQSA | H8: validated | I8: submitted | J8: 0 | M8: ezeqo | N8: Elira Zeqo | O8: agoufan | P8: Amandine Goufan | Q8: 44319.288 | R8: 44319 | S8: 44322 | T8: 44319.3 | U8: JPY | V8: 20000 | W8: TFRA | AA8: TPEU | AC8: TFRA/TPEU - Trade Id 276074 - Transfer request : 20,000 JPY - 2021-05-06 | AD8: com/mccsoft/diapason/transfer/transfer.swf?scope=503,3083,277,1603,2705,3484,321&title=Treasury Center Request/Info&_class=java.util.ArrayList&isRequest=true&settlementTypeFilter=9924,14770&isCptyInternal=true&tradeTypeFilter=14768&nodeId=84290&swfGroup=cash&swfGrant=|update|cancel| | AP8: TFPOOL | AQ8: CACIBPARTFRAONJPY1 | AR8: CACIBPARTPEUJPY1 | BE8: TPEU evnoi à TFRA 20KJPY | BF8: 1 | BG8: JPY | BH8: 20000 | BI8: 1 | BJ8: 44322 | BK8: 44319 | BX8: 276084 | CD8: =IF(CM8="TRUE",ROW()-1,"") | CE8: =IF(CN8="TRUE",ROW()-1,"") -> 7 | CF8: =W8 -> TFRA | CG8: =VLOOKUP(CF8,'COMPANY LIST'!A:B,2,FALSE) -> Technip France | CH8: =S8 -> 44322 | CI8: =V8 -> 20000 | CJ8: =U8 -> JPY | CK8: =(CI8/CL8)/1000000 -> 0.00015199722 | CL8: =VLOOKUP(BDDTransfer!CJ8,'MONTHLY RATES'!A:J,5,FALSE) -> 131.58135 | CM8: =IF(C8="TfInfo","TRUE","FALSE") -> FALSE | CN8: =IF(C8="TfReq","TRUE","FALSE") -> TRUE
A9: 276071 | B9: TCONSU160 | C9: TfInfo | D9: TRUE | E9: FALSE | F9: FALSE | G9: CDQSA | H9: validated | I9: submitted | J9: 0 | M9: hkwong | N9: Hwei Kuin Wong | O9: hkwong | P9: Hwei Kuin Wong | Q9: 44319.267 | R9: 44322 | S9: 44322 | T9: 44319.267 | U9: USD | V9: 20000000 | W9: TCONSU | AA9: TPEU | AC9: TCONSU/TPEU - 0000000000 ( GENACT ) - Trade Id 276071 - Transfer information : 20,000,000 USD - 2021-05-06 | AD9: com/mccsoft/diapason/transfer/transfer.swf?scope=503,3083,293,2866&title=Treasury Center Request/Info&_class=java.util.ArrayList&isRequest=true&settlementTypeFilter=9924,14770&isCptyInternal=true&tradeTypeFilter=14768&nodeId=84290&swfGroup=cash&swfGrant=|update|cancel| | AE9: 268676719 | AP9: TFPOOL | AQ9: SCBKULTCONSUUSD1 | AR9: CACIBPARTPEUUSD1 | AX9: ETreasury | AY9: RTreasury | BE9: TCM to TPEU USD 20Mil Liquidity Swap | BF9: 1 | BG9: USD | BH9: 20000000 | BI9: 1 | BJ9: 44322 | BK9: 44322 | BL9: GENACT | BM9: 0000000000 | CD9: =IF(CM9="TRUE",ROW()-1,"") -> 8 | CE9: =IF(CN9="TRUE",ROW()-1,"") | CF9: =W9 -> TCONSU | CG9: =VLOOKUP(CF9,'COMPANY LIST'!A:B,2,FALSE) -> Technip Consultant (M) SDN Bhd | CH9: =S9 -> 44322 | CI9: =V9 -> 20000000 | CJ9: =U9 -> USD | CK9: =(CI9/CL9)/1000000 -> 16.614055 | CL9: =VLOOKUP(BDDTransfer!CJ9,'MONTHLY RATES'!A:J,5,FALSE) -> 1.2038 | CM9: =IF(C9="TfInfo","TRUE","FALSE") -> TRUE | CN9: =IF(C9="TfReq","TRUE","FALSE") -> FALSE
A10: 276070 | B10: TGEOP2748 | C10: TfInfo | D10: TRUE | E10: FALSE | F10: FALSE | G10: CDQSA | H10: validated | I10: submitted | J10: 0 | M10: hkwong | N10: Hwei Kuin Wong | O10: hkwong | P10: Hwei Kuin Wong | Q10: 44319.259 | R10: 44322 | S10: 44322 | T10: 44319.259 | U10: USD | V10: 25000000 | W10: TGEOP | AA10: TPEU | AC10: TGEOP/TPEU - 0000000000 ( GENACT ) - Trade Id 276070 - Transfer information : 25,000,000 USD - 2021-05-06 | AD10: com/mccsoft/diapason/transfer/transfer.swf?scope=503,3083,293,2866&title=Treasury Center Request/Info&_class=java.util.ArrayList&isRequest=true&settlementTypeFilter=9924,14770&isCptyInternal=true&tradeTypeFilter=14768&nodeId=84290&swfGroup=cash&swfGrant=|update|cancel| | AE10: 268672389 | AP10: TFPOOL | AQ10: SCBKULTGEOPUSD1 | AR10: CACIBPARTPEUUSD1 | AX10: ETreasury | AY10: RTreasury | BE10: TGM to TPEU USD 25Mil Liquidity Swap | BF10: 1 | BG10: USD | BH10: 25000000 | BI10: 1 | BJ10: 44322 | BK10: 44322 | BL10: GENACT | BM10: 0000000000 | CD10: =IF(CM10="TRUE",ROW()-1,"") -> 9 | CE10: =IF(CN10="TRUE",ROW()-1,"") | CF10: =W10 -> TGEOP | CG10: =VLOOKUP(CF10,'COMPANY LIST'!A:B,2,FALSE) -> Technip Geoproduction (M) SDN Bhd | CH10: =S10 -> 44322 | CI10: =V10 -> 25000000 | CJ10: =U10 -> USD | CK10: =(CI10/CL10)/1000000 -> 20.767569 | CL10: =VLOOKUP(BDDTransfer!CJ10,'MONTHLY RATES'!A:J,5,FALSE) -> 1.2038 | CM10: =IF(C10="TfInfo","TRUE","FALSE") -> TRUE | CN10: =IF(C10="TfReq","TRUE","FALSE") -> FALSE
A11: 276067 | B11: TABUD3090 | C11: TfReq | D11: TRUE | E11: FALSE | F11: FALSE | G11: CDQSA | H11: validated | I11: submitted | J11: 0 | M11: clopez1 | N11: Candelaria Lopez | O11: agoufan | P11: Amandine Goufan | Q11: 44318.485 | R11: 44318 | S11: 44320 | T11: 44319.293 | U11: EUR | V11: 100000 | W11: TABUD | AA11: TPEU | AC11: TABUD/TPEU - 063926T009 ( P063926 ) - Trade Id 276067 - Transfer request : 100,000 EUR - 2021-05-04 | AD11: com/mccsoft/diapason/transfer/transfer.swf?scope=503,3083,321&title=Treasury Center Request/Info&_class=java.util.ArrayList&isRequest=true&settlementTypeFilter=9924,14770&isCptyInternal=true&tradeTypeFilter=14768&nodeId=84290&swfGroup=cash&swfGrant=|update|cancel| | AP11: TFPOOL | AQ11: BNPPAUHTABUDEUR1 | AR11: TPEU | BE11: FOR SUPPLIER PAYMENTS | BF11: 1 | BG11: EUR | BH11: 100000 | BI11: 1 | BJ11: 44320 | BK11: 44318 | BL11: P063926 | BM11: 063926T009 | BQ11: ONOF | BX11: 276080 | CD11: =IF(CM11="TRUE",ROW()-1,"") | CE11: =IF(CN11="TRUE",ROW()-1,"") -> 10 | CF11: =W11 -> TABUD | CG11: =VLOOKUP(CF11,'COMPANY LIST'!A:B,2,FALSE) -> Technip Abu Dhabi | CH11: =S11 -> 44320 | CI11: =V11 -> 100000 | CJ11: =U11 -> EUR | CK11: =(CI11/CL11)/1000000 -> 0.1 | CL11: =VLOOKUP(BDDTransfer!CJ11,'MONTHLY RATES'!A:J,5,FALSE) -> 1 | CM11: =IF(C11="TfInfo","TRUE","FALSE") -> FALSE | CN11: =IF(C11="TfReq","TRUE","FALSE") -> TRUE
A12: 276066 | B12: TABUD3089 | C12: TfReq | D12: TRUE | E12: FALSE | F12: FALSE | G12: CDQSA | H12: validated | I12: submitted | J12: 0 | M12: clopez1 | N12: Candelaria Lopez | O12: agoufan | P12: Amandine Goufan | Q12: 44318.479 | R12: 44318 | S12: 44320 | T12: 44319.298 | U12: USD | V12: 400000 | W12: TABUD | AA12: TPEU | AC12: TABUD/TPEU - OTHERPROJECTS ( OTHEROnshore ) - Trade Id 276066 - Transfer request : 400,000 USD - 2021-05-04 | AD12: com/mccsoft/diapason/transfer/transfer.swf?scope=503,3083,321&title=Treasury Center Request/Info&_class=java.util.ArrayList&isRequest=true&settlementTypeFilter=9924,14770&isCptyInternal=true&tradeTypeFilter=14768&nodeId=84290&swfGroup=cash&swfGrant=|update|cancel| | AP12: TFPOOL | AQ12: BNPPAUHTABUDUSD1 | AR12: TPEU | BE12: FOR SUPPLIER PAYMENTS | BF12: 1 | BG12: USD | BH12: 400000 | BI12: 1 | BJ12: 44320 | BK12: 44318 | BL12: OTHEROnshore | BM12: OTHERPROJECTS | BQ12: ONOF | BX12: 276083 | CD12: =IF(CM12="TRUE",ROW()-1,"") | CE12: =IF(CN12="TRUE",ROW()-1,"") -> 11 | CF12: =W12 -> TABUD | CG12: =VLOOKUP(CF12,'COMPANY LIST'!A:B,2,FALSE) -> Technip Abu Dhabi | CH12: =S12 -> 44320 | CI12: =V12 -> 400000 | CJ12: =U12 -> USD | CK12: =(CI12/CL12)/1000000 -> 0.33228111 | CL12: =VLOOKUP(BDDTransfer!CJ12,'MONTHLY RATES'!A:J,5,FALSE) -> 1.2038 | CM12: =IF(C12="TfInfo","TRUE","FALSE") -> FALSE | CN12: =IF(C12="TfReq","TRUE","FALSE") -> TRUE
A13: 276065 | B13: TABUD3088 | C13: TfReq | D13: TRUE | E13: FALSE | F13: FALSE | G13: CDQSA | H13: validated | I13: submitted | J13: 0 | M13: clopez1 | N13: Candelaria Lopez | O13: agoufan | P13: Amandine Goufan | Q13: 44318.477 | R13: 44318 | S13: 44320 | T13: 44319.291 | U13: USD | V13: 800000 | W13: TABUD | AA13: TPEU | AC13: TABUD/TPEU - 063926T009 ( P063926 ) - Trade Id 276065 - Transfer request : 800,000 USD - 2021-05-04 | AD13: com/mccsoft/diapason/transfer/transfer.swf?scope=503,3083,321&title=Treasury Center Request/Info&_class=java.util.ArrayList&isRequest=true&settlementTypeFilter=9924,14770&isCptyInternal=true&tradeTypeFilter=14768&nodeId=84290&swfGroup=cash&swfGrant=|update|cancel| | AP13: TFPOOL | AQ13: BNPPAUHTABUDUSD1 | AR13: TPEU | BE13: FOR SUPPLIER PAYMENTS | BF13: 1 | BG13: USD | BH13: 800000 | BI13: 1 | BJ13: 44320 | BK13: 44318 | BL13: P063926 | BM13: 063926T009 | BQ13: ONOF | BX13: 276078 | CD13: =IF(CM13="TRUE",ROW()-1,"") | CE13: =IF(CN13="TRUE",ROW()-1,"") -> 12 | CF13: =W13 -> TABUD | CG13: =VLOOKUP(CF13,'COMPANY LIST'!A:B,2,FALSE) -> Technip Abu Dhabi | CH13: =S13 -> 44320 | CI13: =V13 -> 800000 | CJ13: =U13 -> USD | CK13: =(CI13/CL13)/1000000 -> 0.66456222 | CL13: =VLOOKUP(BDDTransfer!CJ13,'MONTHLY RATES'!A:J,5,FALSE) -> 1.2038 | CM13: =IF(C13="TfInfo","TRUE","FALSE") -> FALSE | CN13: =IF(C13="TfReq","TRUE","FALSE") -> TRUE
A14: 276064 | B14: TABUD3087 | C14: TfReq | D14: TRUE | E14: FALSE | F14: FALSE | G14: CDQSA | H14: validated | I14: submitted | J14: 0 | M14: clopez1 | N14: Candelaria Lopez | O14: agoufan | P14: Amandine Goufan | Q14: 44318.471 | R14: 44318 | S14: 44320 | T14: 44319.296 | U14: GBP | V14: 7000 | W14: TABUD | AA14: TPEU | AC14: TABUD/TPEU - Trade Id 276064 - Transfer request : 7,000 GBP - 2021-05-04 | AD14: com/mccsoft/diapason/transfer/transfer.swf?scope=503,3083,321&title=Treasury Center Request/Info&_class=java.util.ArrayList&isRequest=true&settlementTypeFilter=9924,14770&isCptyInternal=true&tradeTypeFilter=14768&nodeId=84290&swfGroup=cash&swfGrant=|update|cancel| | AP14: TFPOOL | AQ14: HSBCAUHTABUDGBP1 | AR14: TPEU | BE14: FOR SUPPLIER PAYMENTS | BF14: 1 | BG14: GBP | BH14: 7000 | BI14: 1 | BJ14: 44320 | BK14: 44318 | BQ14: ONOF | BX14: 276082 | CD14: =IF(CM14="TRUE",ROW()-1,"") | CE14: =IF(CN14="TRUE",ROW()-1,"") -> 13 | CF14: =W14 -> TABUD | CG14: =VLOOKUP(CF14,'COMPANY LIST'!A:B,2,FALSE) -> Technip Abu Dhabi | CH14: =S14 -> 44320 | CI14: =V14 -> 7000 | CJ14: =U14 -> GBP | CK14: =(CI14/CL14)/1000000 -> 0.0080510668 | CL14: =VLOOKUP(BDDTransfer!CJ14,'MONTHLY RATES'!A:J,5,FALSE) -> 0.86945 | CM14: =IF(C14="TfInfo","TRUE","FALSE") -> FALSE | CN14: =IF(C14="TfReq","TRUE","FALSE") -> TRUE
A15: 276063 | B15: TABUD3086 | C15: TfReq | D15: TRUE | E15: FALSE | F15: FALSE | G15: CDQSA | H15: validated | I15: submitted | J15: 0 | M15: clopez1 | N15: Candelaria Lopez | O15: agoufan | P15: Amandine Goufan | Q15: 44318.47 | R15: 44318 | S15: 44320 | T15: 44319.294 | U15: AED | V15: 5500000 | W15: TABUD | AA15: TPEU | AC15: TABUD/TPEU - OTHERPROJECTS ( OTHEROnshore ) - Trade Id 276063 - Transfer request : 5,500,000 AED - 2021-05-04 | AD15: com/mccsoft/diapason/transfer/transfer.swf?scope=503,3083,321&title=Treasury Center Request/Info&_class=java.util.ArrayList&isRequest=true&settlementTypeFilter=9924,14770&isCptyInternal=true&tradeTypeFilter=14768&nodeId=84290&swfGroup=cash&swfGrant=|update|cancel| | AP15: TFPOOL | AQ15: BNPPAUHTABUDAED1 | AR15: TPEU | BE15: FOR SUPPLIER PAYMENTS | BF15: 1 | BG15: AED | BH15: 5500000 | BI15: 1 | BJ15: 44320 | BK15: 44318 | BL15: OTHEROnshore | BM15: OTHERPROJECTS | BQ15: ONOF | BX15: 276081 | CD15: =IF(CM15="TRUE",ROW()-1,"") | CE15: =IF(CN15="TRUE",ROW()-1,"") -> 14 | CF15: =W15 -> TABUD | CG15: =VLOOKUP(CF15,'COMPANY LIST'!A:B,2,FALSE) -> Technip Abu Dhabi | CH15: =S15 -> 44320 | CI15: =V15 -> 5500000 | CJ15: =U15 -> AED | CK15: =(CI15/CL15)/1000000 -> 1.2438548 | CL15: =VLOOKUP(BDDTransfer!CJ15,'MONTHLY RATES'!A:J,5,FALSE) -> 4.421738 | CM15: =IF(C15="TfInfo","TRUE","FALSE") -> FALSE | CN15: =IF(C15="TfReq","TRUE","FALSE") -> TRUE
A16: 276046 | B16: TPESM5 | C16: TfReq | D16: TRUE | F16: FALSE | G16: CDQSA | H16: validated | I16: submitted | J16: 0 | M16: phu | N16: Peggy Hu | O16: agoufan | P16: Amandine Goufan | Q16: 44316.888 | R16: 44316 | S16: 44321 | T16: 44320.288 | U16: MXN | V16: 1000000 | W16: TPESM | AA16: TPEU | AC16: TPESM/TPEU - Trade Id 276046 - Transfer request : 1,000,000 MXN - 2021-05-05 | AD16: com/mccsoft/diapason/transfer/transfer.swf?scope=503,3083,98,41&title=Treasury Center Request/Info&_class=java.util.ArrayList&isRequest=true&settlementTypeFilter=9924,14770&isCptyInternal=true&tradeTypeFilter=14768&nodeId=84290&swfGroup=cash&swfGrant=|update|cancel| | AP16: TFPOOL | AQ16: BANAMEXMTYTPESMMXN1 | AR16: TPEU | AX16: RTreasury | AY16: ETreasury | BE16: To fund the AP batch paymens | BF16: 1 | BG16: MXN | BH16: 1000000 | BI16: 1 | BJ16: 44321 | BK16: 44316 | BX16: 276102 | CD16: =IF(CM16="TRUE",ROW()-1,"") | CE16: =IF(CN16="TRUE",ROW()-1,"") -> 15 | CF16: =W16 -> TPESM | CG16: =VLOOKUP(CF16,'COMPANY LIST'!A:B,2,FALSE) -> TP Energies Servicios Mexico S. de R.L. De C.V. | CH16: =S16 -> 44321 | CI16: =V16 -> 1000000 | CJ16: =U16 -> MXN | CK16: =(CI16/CL16)/1000000 -> 0.041175901 | CL16: =VLOOKUP(BDDTransfer!CJ16,'MONTHLY RATES'!A:J,5,FALSE) -> 24.28605 | CM16: =IF(C16="TfInfo","TRUE","FALSE") -> FALSE | CN16: =IF(C16="TfReq","TRUE","FALSE") -> TRUE
A17: 276019 | B17: TFRA8103 | C17: TfInfo | D17: TRUE | E17: FALSE | F17: FALSE | G17: CDQSA | H17: validated | I17: submitted | J17: 0 | M17: ezeqo | N17: Elira Zeqo | O17: ezeqo | P17: Elira Zeqo | Q17: 44316.305 | R17: 44316 | S17: 44322 | T17: 44316.305 | U17: JPY | V17: 19000000 | W17: TFRA | AA17: TPEU | AC17: TFRA/TPEU - Trade Id 276019 - Transfer information : 19,000,000 JPY - 2021-05-06 | AD17: com/mccsoft/diapason/transfer/transfer.swf?scope=503,3083,277,1603,2705,3484,321&title=Treasury Center Request/Info&_class=java.util.ArrayList&isRequest=true&settlementTypeFilter=9924,14770&isCptyInternal=true&tradeTypeFilter=14768&nodeId=84290&swfGroup=cash&swfGrant=|update|cancel| | AE17: 268574867 | AP17: TFPOOL | AQ17: CACIBPARTFRAONJPY1 | AR17: CACIBPARTPEUJPY1 | BE17: Remonté des fonds envers TPEU | BF17: 1 | BG17: JPY | BH17: 19000000 | BI17: 1 | BJ17: 44322 | BK17: 44316 | CD17: =IF(CM17="TRUE",ROW()-1,"") -> 16 | CE17: =IF(CN17="TRUE",ROW()-1,"") | CF17: =W17 -> TFRA | CG17: =VLOOKUP(CF17,'COMPANY LIST'!A:B,2,FALSE) -> Technip France | CH17: =S17 -> 44322 | CI17: =V17 -> 19000000 | CJ17: =U17 -> JPY | CK17: =(CI17/CL17)/1000000 -> 0.14439736 | CL17: =VLOOKUP(BDDTransfer!CJ17,'MONTHLY RATES'!A:J,5,FALSE) -> 131.58135 | CM17: =IF(C17="TfInfo","TRUE","FALSE") -> TRUE | CN17: =IF(C17="TfReq","TRUE","FALSE") -> FALSE
A18: 276018 | B18: TFRA8102 | C18: TfInfo | D18: TRUE | E18: FALSE | F18: FALSE | G18: CDQSA | H18: validated | I18: submitted | J18: 0 | M18: ezeqo | N18: Elira Zeqo | O18: agoufan | P18: Amandine Goufan | Q18: 44316.303 | R18: 44316 | S18: 44319 | T18: 44320.281 | U18: NOK | V18: 1000000 | W18: TFRA | AA18: TPEU | AC18: TFRA/TPEU - Trade Id 276018 - Transfer information : 1,000,000 NOK - 2021-05-03 | AD18: com/mccsoft/diapason/transfer/transfer.swf?scope=503,3083,277,1603,2705,3484,321&title=Treasury Center Request/Info&_class=java.util.ArrayList&isRequest=true&settlementTypeFilter=9924,14770&isCptyInternal=true&tradeTypeFilter=14768&nodeId=84290&swfGroup=cash&swfGrant=|update|cancel| | AP18: TFPOOL | AQ18: SGPLDTFRASUNOK1 | AR18: SGPLDTPEUNOK1 | BE18: Remonté des fonds BP Tortue vers TPEU | BF18: 1 | BG18: NOK | BH18: 1000000 | BI18: 1 | BJ18: 44319 | BK18: 44316 | BX18: 276101 | CD18: =IF(CM18="TRUE",ROW()-1,"") -> 17 | CE18: =IF(CN18="TRUE",ROW()-1,"") | CF18: =W18 -> TFRA | CG18: =VLOOKUP(CF18,'COMPANY LIST'!A:B,2,FALSE) -> Technip France | CH18: =S18 -> 44319 | CI18: =V18 -> 1000000 | CJ18: =U18 -> NOK | CK18: =(CI18/CL18)/1000000 -> 0.099986002 | CL18: =VLOOKUP(BDDTransfer!CJ18,'MONTHLY RATES'!A:J,5,FALSE) -> 10.0014 | CM18: =IF(C18="TfInfo","TRUE","FALSE") -> TRUE | CN18: =IF(C18="TfReq","TRUE","FALSE") -> FALSE
CD19: =IF(CM19="TRUE",ROW()-1,"") | CE19: =IF(CN19="TRUE",ROW()-1,"") | CF19: =W19 -> 0 | CG19: =VLOOKUP(CF19,'COMPANY LIST'!A:B,2,FALSE) -> #N/A | CH19: =S19 -> 0 | CI19: =V19 -> 0 | CJ19: =U19 -> 0 | CK19: =(CI19/CL19)/1000000 -> #N/A | CL19: =VLOOKUP(BDDTransfer!CJ19,'MONTHLY RATES'!A:J,5,FALSE) -> #N/A | CM19: =IF(C19="TfInfo","TRUE","FALSE") -> FALSE | CN19: =IF(C19="TfReq","TRUE","FALSE") -> FALSE
CD20: =IF(CM20="TRUE",ROW()-1,"") | CE20: =IF(CN20="TRUE",ROW()-1,"") | CF20: =W20 -> 0 | CG20: =VLOOKUP(CF20,'COMPANY LIST'!A:B,2,FALSE) -> #N/A | CH20: =S20 -> 0 | CI20: =V20 -> 0 | CJ20: =U20 -> 0 | CK20: =(CI20/CL20)/1000000 -> #N/A | CL20: =VLOOKUP(BDDTransfer!CJ20,'MONTHLY RATES'!A:J,5,FALSE) -> #N/A | CM20: =IF(C20="TfInfo","TRUE","FALSE") -> FALSE | CN20: =IF(C20="TfReq","TRUE","FALSE") -> FALSE
CD21: =IF(CM21="TRUE",ROW()-1,"") | CE21: =IF(CN21="TRUE",ROW()-1,"") | CF21: =W21 -> 0 | CG21: =VLOOKUP(CF21,'COMPANY LIST'!A:B,2,FALSE) -> #N/A | CH21: =S21 -> 0 | CI21: =V21 -> 0 | CJ21: =U21 -> 0 | CK21: =(CI21/CL21)/1000000 -> #N/A | CL21: =VLOOKUP(BDDTransfer!CJ21,'MONTHLY RATES'!A:J,5,FALSE) -> #N/A | CM21: =IF(C21="TfInfo","TRUE","FALSE") -> FALSE | CN21: =IF(C21="TfReq","TRUE","FALSE") -> FALSE
CD22: =IF(CM22="TRUE",ROW()-1,"") | CE22: =IF(CN22="TRUE",ROW()-1,"") | CF22: =W22 -> 0 | CG22: =VLOOKUP(CF22,'COMPANY LIST'!A:B,2,FALSE) -> #N/A | CH22: =S22 -> 0 | CI22: =V22 -> 0 | CJ22: =U22 -> 0 | CK22: =(CI22/CL22)/1000000 -> #N/A | CL22: =VLOOKUP(BDDTransfer!CJ22,'MONTHLY RATES'!A:J,5,FALSE) -> #N/A | CM22: =IF(C22="TfInfo","TRUE","FALSE") -> FALSE | CN22: =IF(C22="TfReq","TRUE","FALSE") -> FALSE
CD23: =IF(CM23="TRUE",ROW()-1,"") | CE23: =IF(CN23="TRUE",ROW()-1,"") | CF23: =W23 -> 0 | CG23: =VLOOKUP(CF23,'COMPANY LIST'!A:B,2,FALSE) -> #N/A | CH23: =S23 -> 0 | CI23: =V23 -> 0 | CJ23: =U23 -> 0 | CK23: =(CI23/CL23)/1000000 -> #N/A | CL23: =VLOOKUP(BDDTransfer!CJ23,'MONTHLY RATES'!A:J,5,FALSE) -> #N/A | CM23: =IF(C23="TfInfo","TRUE","FALSE") -> FALSE | CN23: =IF(C23="TfReq","TRUE","FALSE") -> FALSE
CD24: =IF(CM24="TRUE",ROW()-1,"") | CE24: =IF(CN24="TRUE",ROW()-1,"") | CF24: =W24 -> 0 | CG24: =VLOOKUP(CF24,'COMPANY LIST'!A:B,2,FALSE) -> #N/A | CH24: =S24 -> 0 | CI24: =V24 -> 0 | CJ24: =U24 -> 0 | CK24: =(CI24/CL24)/1000000 -> #N/A | CL24: =VLOOKUP(BDDTransfer!CJ24,'MONTHLY RATES'!A:J,5,FALSE) -> #N/A | CM24: =IF(C24="TfInfo","TRUE","FALSE") -> FALSE | CN24: =IF(C24="TfReq","TRUE","FALSE") -> FALSE
CD25: =IF(CM25="TRUE",ROW()-1,"") | CE25: =IF(CN25="TRUE",ROW()-1,"") | CF25: =W25 -> 0 | CG25: =VLOOKUP(CF25,'COMPANY LIST'!A:B,2,FALSE) -> #N/A | CH25: =S25 -> 0 | CI25: =V25 -> 0 | CJ25: =U25 -> 0 | CK25: =(CI25/CL25)/1000000 -> #N/A | CL25: =VLOOKUP(BDDTransfer!CJ25,'MONTHLY RATES'!A:J,5,FALSE) -> #N/A | CM25: =IF(C25="TfInfo","TRUE","FALSE") -> FALSE | CN25: =IF(C25="TfReq","TRUE","FALSE") -> FALSE
CD26: =IF(CM26="TRUE",ROW()-1,"") | CE26: =IF(CN26="TRUE",ROW()-1,"") | CF26: =W26 -> 0 | CG26: =VLOOKUP(CF26,'COMPANY LIST'!A:B,2,FALSE) -> #N/A | CH26: =S26 -> 0 | CI26: =V26 -> 0 | CJ26: =U26 -> 0 | CK26: =(CI26/CL26)/1000000 -> #N/A | CL26: =VLOOKUP(BDDTransfer!CJ26,'MONTHLY RATES'!A:J,5,FALSE) -> #N/A | CM26: =IF(C26="TfInfo","TRUE","FALSE") -> FALSE | CN26: =IF(C26="TfReq","TRUE","FALSE") -> FALSE
CD27: =IF(CM27="TRUE",ROW()-1,"") | CE27: =IF(CN27="TRUE",ROW()-1,"") | CF27: =W27 -> 0 | CG27: =VLOOKUP(CF27,'COMPANY LIST'!A:B,2,FALSE) -> #N/A | CH27: =S27 -> 0 | CI27: =V27 -> 0 | CJ27: =U27 -> 0 | CK27: =(CI27/CL27)/1000000 -> #N/A | CL27: =VLOOKUP(BDDTransfer!CJ27,'MONTHLY RATES'!A:J,5,FALSE) -> #N/A | CM27: =IF(C27="TfInfo","TRUE","FALSE") -> FALSE | CN27: =IF(C27="TfReq","TRUE","FALSE") -> FALSE
CD28: =IF(CM28="TRUE",ROW()-1,"") | CE28: =IF(CN28="TRUE",ROW()-1,"") | CF28: =W28 -> 0 | CG28: =VLOOKUP(CF28,'COMPANY LIST'!A:B,2,FALSE) -> #N/A | CH28: =S28 -> 0 | CI28: =V28 -> 0 | CJ28: =U28 -> 0 | CK28: =(CI28/CL28)/1000000 -> #N/A | CL28: =VLOOKUP(BDDTransfer!CJ28,'MONTHLY RATES'!A:J,5,FALSE) -> #N/A | CM28: =IF(C28="TfInfo","TRUE","FALSE") -> FALSE | CN28: =IF(C28="TfReq","TRUE","FALSE") -> FALSE
CD29: =IF(CM29="TRUE",ROW()-1,"") | CE29: =IF(CN29="TRUE",ROW()-1,"") | CF29: =W29 -> 0 | CG29: =VLOOKUP(CF29,'COMPANY LIST'!A:B,2,FALSE) -> #N/A | CH29: =S29 -> 0 | CI29: =V29 -> 0 | CJ29: =U29 -> 0 | CK29: =(CI29/CL29)/1000000 -> #N/A | CL29: =VLOOKUP(BDDTransfer!CJ29,'MONTHLY RATES'!A:J,5,FALSE) -> #N/A | CM29: =IF(C29="TfInfo","TRUE","FALSE") -> FALSE | CN29: =IF(C29="TfReq","TRUE","FALSE") -> FALSE
CD30: =IF(CM30="TRUE",ROW()-1,"") | CE30: =IF(CN30="TRUE",ROW()-1,"") | CF30: =W30 -> 0 | CG30: =VLOOKUP(CF30,'COMPANY LIST'!A:B,2,FALSE) -> #N/A | CH30: =S30 -> 0 | CI30: =V30 -> 0 | CJ30: =U30 -> 0 | CK30: =(CI30/CL30)/1000000 -> #N/A | CL30: =VLOOKUP(BDDTransfer!CJ30,'MONTHLY RATES'!A:J,5,FALSE) -> #N/A | CM30: =IF(C30="TfInfo","TRUE","FALSE") -> FALSE | CN30: =IF(C30="TfReq","TRUE","FALSE") -> FALSE
... CD53: =IF(CM53="TRUE",ROW()-1,"") | CE53: =IF(CN53="TRUE",ROW()-1,"") | CF53: =W53 -> 0 | CG53: =VLOOKUP(CF53,'COMPANY LIST'!A:B,2,FALSE) -> #N/A | CH53: =S53 -> 0 | CI53: =V53 -> 0 | CJ53: =U53 -> 0 | CK53: =(CI53/CL53)/1000000 -> #N/A | CL53: =VLOOKUP(BDDTransfer!CJ53,'MONTHLY RATES'!A:J,5,FALSE) -> #N/A | CM53: =IF(C53="TfInfo","TRUE","FALSE") -> FALSE | CN53: =IF(C53="TfReq","TRUE","FALSE") -> FALSE

Sheet BDDZBA
A1: id | B1: reference | C1: tradeType | D1: isRequest | E1: isExternal | F1: isIncomplete | G1: actionStatus | H1: applicativeStatus | I1: applicativeStatusRequested | J1: externalReference | K1: externalUser | L1: externalDescription | M1: createUser | N1: captureUser | O1: lastUser | P1: lastUpdateUser | Q1: captureDate | R1: tradeDate | S1: valueDate | T1: lastUpdate | U1: currency1 | V1: amount1 | W1: entity | X1: accountCur1 | Y1: accountCptyCur1 | Z1: folder | AA1: cpty | AB1: comments | AC1: summary | AD1: creatorModuleURL | AE1: processId | AF1: parentTrade | AG1: feeCurrency | AH1: feeAmount | AI1: feePaymentDate | AJ1: moduleOptions | AK1: initialTrade | AL1: cancelledTrade | AM1: cancellingTrade | AN1: broker | AO1: strategy | AP1: cashSettlementType | AQ1: account | AR1: cptyAccount | AS1: onBehalf | AT1: onBehalfAccount | AU1: onBehalfCurrency | AV1: onBehalfAmount | AW1: onBehalfRate | AX1: analyticItem | AY1: cptyAnalyticItem | AZ1: country | BA1: bbanKey | BB1: bban | BC1: bic | BD1: unmanagedAccountDescription | BE1: description | BF1: drivenCurrency | BG1: currency2 | BH1: amount2 | BI1: spotRate | BJ1: cptyValueDate | BK1: issueDate | BL1: corporateProject.corporateProjectMovement | BM1: corporateProject.projectCode | BN1: corporateProject.ProfitCenterCode | BO1: corporateProject.ProfitCenterCodeString | BP1: corporateProject.projectRate | BQ1: corporateProject.businessSegment | BR1: corporateProject.businessUnit | BS1: corporateProject.seller | BT1: corporateProject.iban | BU1: corporateProject.bankReference | BV1: corporateProject.projectCodeString | BW1: tfPoolingId.tfPoolingId | BX1: tfPoolingId.affiliateDealId | BY1: tfPoolingId.paymentSupport | BZ1: tfPoolingId.processed | CA1: transferAddInfo.lblSSI | CB1: transferAddInfo.internalAccountCategory | CD1: ValZba | CE1: Name | CF1: FullName | CG1: Montant1 | CH1: Devise1 | CI1: Montant2 | CJ1: Rate | CK1: Applicative | CL1: DateValeur
A2: 276220 | B2: TCS444 | C2: ZBACashPoolingCredit | D2: TRUE | E2: FALSE | F2: FALSE | G2: CDQSA | H2: validated | I2: submitted | J2: 0 | M2: jmacdonald | N2: Julien Macdonald | O2: agoufan | P2: Amandine Goufan | Q2: 44326.311 | R2: 44328 | S2: 44328 | T2: 44326.314 | U2: USD | V2: 6000 | W2: TCS | AA2: TPEU | AC2: TCS/TPEU - Trade Id 276220 - ZBA cash pooling - Credit on subsidiary bank account / Debit on pivot bank account : 6,000 USD - 2021-05-12 | AD2: com/mccsoft/diapason/transfer/transfer.swf?scope=503,3083,1&title=ZBA cash pooling information&tradeTypeFilter=14767&isRequest=true&settlementTypeFilter=14770&nodeId=24082287&swfGroup=cash&swfGrant=|update|updateUserData|cancel| | AE2: 269010954 | AP2: TFZBA | AQ2: BNPPPLDTCSUSD1 | AR2: BNPPPLDTPEUUSD1 | AX2: RTreasury | AY2: ETreasury | BF2: 1 | BG2: USD | BH2: 6000 | BI2: 1 | BJ2: 44328 | BK2: 44328 | CD2: =IF(CK2="validated",ROW(),"") -> 2 | CE2: =W2 -> TCS | CF2: =VLOOKUP(CE2,'COMPANY LIST'!$A:$B,2,FALSE) -> Technip Corporate Services | CG2: =V2 -> 6000 | CH2: =U2 -> USD | CI2: =(CG2/CJ2)/1000000 -> 0.0049842166 | CJ2: =VLOOKUP(CH2,'MONTHLY RATES'!$A:$E,5,FALSE) -> 1.2038 | CK2: =H2 -> validated | CL2: =S2 -> 44328
A3: 276219 | B3: TCS443 | C3: ZBACashPoolingCredit | D3: TRUE | E3: FALSE | F3: FALSE | G3: CDQSA | H3: validated | I3: submitted | J3: 0 | M3: jmacdonald | N3: Julien Macdonald | O3: agoufan | P3: Amandine Goufan | Q3: 44326.308 | R3: 44328 | S3: 44328 | T3: 44326.314 | U3: EUR | V3: 1160000 | W3: TCS | AA3: TPEU | AC3: TCS/TPEU - Trade Id 276219 - ZBA cash pooling - Credit on subsidiary bank account / Debit on pivot bank account : 1,160,000 EUR - 2021-05-12 | AD3: com/mccsoft/diapason/transfer/transfer.swf?scope=503,3083,1&title=ZBA cash pooling information&tradeTypeFilter=14767&isRequest=true&settlementTypeFilter=14770&nodeId=24082287&swfGroup=cash&swfGrant=|update|updateUserData|cancel| | AE3: 269010876 | AP3: TFZBA | AQ3: BNPPPLDTCSEUR1 | AR3: BNPPPLDTPEUEUR1 | AX3: RTreasury | AY3: ETreasury | BF3: 1 | BG3: EUR | BH3: 1160000 | BI3: 1 | BJ3: 44328 | BK3: 44328 | CD3: =IF(CK3="validated",ROW(),"") -> 3 | CE3: =W3 -> TCS | CF3: =VLOOKUP(CE3,'COMPANY LIST'!$A:$B,2,FALSE) -> Technip Corporate Services | CG3: =V3 -> 1160000 | CH3: =U3 -> EUR | CI3: =(CG3/CJ3)/1000000 -> 1.16 | CJ3: =VLOOKUP(CH3,'MONTHLY RATES'!$A:$E,5,FALSE) -> 1 | CK3: =H3 -> validated | CL3: =S3 -> 44328
A4: 276218 | B4: TEBV82 | C4: ZBACashPoolingCredit | D4: TRUE | E4: FALSE | F4: FALSE | G4: ED | H4: rejected | I4: submitted | J4: 0 | M4: jmacdonald | N4: Julien Macdonald | O4: jmacdonald | P4: Julien Macdonald | Q4: 44326.305 | R4: 44327 | S4: 44327 | T4: 44326.305 | U4: EUR | V4: 1770000 | W4: TEBV | AA4: TPEU | AC4: TEBV/TPEU - Trade Id 276218 - ZBA cash pooling - Credit on subsidiary bank account / Debit on pivot bank account : 1,770,000 EUR - 2021-05-11 | AD4: com/mccsoft/diapason/transfer/transfer.swf?scope=503,3083,1&title=ZBA cash pooling information&tradeTypeFilter=14767&isRequest=true&settlementTypeFilter=14770&nodeId=24082287&swfGroup=cash&swfGrant=|update|updateUserData|cancel| | AP4: TFZBA | AQ4: BNPPPLDTEBVEUR1 | AR4: BNPPPLDTPEUEUR1 | AX4: RTreasury | AY4: ETreasury | BF4: 1 | BG4: EUR | BH4: 1770000 | BI4: 1 | BJ4: 44327 | BK4: 44327 | CD4: =IF(CK4="validated",ROW(),"") | CE4: =W4 -> TEBV | CF4: =VLOOKUP(CE4,'COMPANY LIST'!$A:$B,2,FALSE) -> Technip Energies N.V. | CG4: =V4 -> 1770000 | CH4: =U4 -> EUR | CI4: =(CG4/CJ4)/1000000 -> 1.77 | CJ4: =VLOOKUP(CH4,'MONTHLY RATES'!$A:$E,5,FALSE) -> 1 | CK4: =H4 -> rejected | CL4: =S4 -> 44327
A5: 276216 | B5: TNET1426 | C5: ZBACashPoolingCredit | D5: TRUE | E5: FALSE | F5: FALSE | G5: CDQSA | H5: validated | I5: submitted | J5: 0 | M5: ezeqo | N5: Elira Zeqo | O5: agoufan | P5: Amandine Goufan | Q5: 44326.291 | R5: 44326 | S5: 44329 | T5: 44326.295 | U5: EUR | V5: 2200000 | W5: TNET | AA5: TPEU | AC5: TNET/TPEU - Trade Id 276216 - ZBA cash pooling - Credit on subsidiary bank account / Debit on pivot bank account : 2,200,000 EUR - 2021-05-13 | AD5: com/mccsoft/diapason/transfer/transfer.swf?scope=503,3083,277,1603,2705,3484,321&title=ZBA cash pooling information&tradeTypeFilter=14767&isRequest=true&settlementTypeFilter=14770&nodeId=24082287&swfGroup=cash&swfGrant=|update|updateUserData|cancel| | AE5: 269008856 | AP5: TFZBA | AQ5: BNPPPLDTNETEUR1 | AR5: BNPPPLDTPEUEUR1 | BE5: TPEU envoi à TNET 2,2 M EUR | BF5: 1 | BG5: EUR | BH5: 2200000 | BI5: 1 | BJ5: 44329 | BK5: 44326 | CD5: =IF(CK5="validated",ROW(),"") -> 5 | CE5: =W5 -> TNET | CF5: =VLOOKUP(CE5,'COMPANY LIST'!$A:$B,2,FALSE) -> Technipnet SAS | CG5: =V5 -> 2200000 | CH5: =U5 -> EUR | CI5: =(CG5/CJ5)/1000000 -> 2.2 | CJ5: =VLOOKUP(CH5,'MONTHLY RATES'!$A:$E,5,FALSE) -> 1 | CK5: =H5 -> validated | CL5: =S5 -> 44329
A6: 276191 | B6: TFRA8114 | C6: ZBACashPoolingCredit | D6: TRUE | E6: FALSE | F6: FALSE | G6: CDQSA | H6: validated | I6: submitted | J6: 0 | M6: ezeqo | N6: Elira Zeqo | O6: agoufan | P6: Amandine Goufan | Q6: 44323.555 | R6: 44323 | S6: 44329 | T6: 44323.557 | U6: USD | V6: 4700000 | W6: TFRA | AA6: TPEU | AC6: TFRA/TPEU - Trade Id 276191 - ZBA cash pooling - Credit on subsidiary bank account / Debit on pivot bank account : 4,700,000 USD - 2021-05-13 | AD6: com/mccsoft/diapason/transfer/transfer.swf?scope=503,3083,277,1603,2705,3484,321&title=ZBA cash pooling information&tradeTypeFilter=14767&isRequest=true&settlementTypeFilter=14770&nodeId=24082287&swfGroup=cash&swfGrant=|update|updateUserData|cancel| | AE6: 268909096 | AP6: TFZBA | AQ6: BNPPPLDTFRAONUSD1 | AR6: BNPPPLDTPEUUSD1 | BE6: TPEU envoi à TFRA 4,7 MUSD / RAF | BF6: 1 | BG6: USD | BH6: 4700000 | BI6: 1 | BJ6: 44329 | BK6: 44323 | CD6: =IF(CK6="validated",ROW(),"") -> 6 | CE6: =W6 -> TFRA | CF6: =VLOOKUP(CE6,'COMPANY LIST'!$A:$B,2,FALSE) -> Technip France | CG6: =V6 -> 4700000 | CH6: =U6 -> USD | CI6: =(CG6/CJ6)/1000000 -> 3.904303 | CJ6: =VLOOKUP(CH6,'MONTHLY RATES'!$A:$E,5,FALSE) -> 1.2038 | CK6: =H6 -> validated | CL6: =S6 -> 44329
A7: 276190 | B7: TFRA8113 | C7: ZBACashPoolingCredit | D7: TRUE | E7: FALSE | F7: FALSE | G7: CDQSA | H7: validated | I7: submitted | J7: 0 | M7: ezeqo | N7: Elira Zeqo | O7: agoufan | P7: Amandine Goufan | Q7: 44323.554 | R7: 44323 | S7: 44328 | T7: 44323.557 | U7: NOK | V7: 12500000 | W7: TFRA | AA7: TPEU | AC7: TFRA/TPEU - Trade Id 276190 - ZBA cash pooling - Credit on subsidiary bank account / Debit on pivot bank account : 12,500,000 NOK - 2021-05-12 | AD7: com/mccsoft/diapason/transfer/transfer.swf?scope=503,3083,277,1603,2705,3484,321&title=ZBA cash pooling information&tradeTypeFilter=14767&isRequest=true&settlementTypeFilter=14770&nodeId=24082287&swfGroup=cash&swfGrant=|update|updateUserData|cancel| | AE7: 268909025 | AP7: TFZBA | AQ7: CACIBPARTFRAOFNOK1 | AR7: CACIBPARTPEUNOK1 | BE7: TPEU envoi à TFRA 12,5 M NOK / RAF | BF7: 1 | BG7: NOK | BH7: 12500000 | BI7: 1 | BJ7: 44328 | BK7: 44323 | CD7: =IF(CK7="validated",ROW(),"") -> 7 | CE7: =W7 -> TFRA | CF7: =VLOOKUP(CE7,'COMPANY LIST'!$A:$B,2,FALSE) -> Technip France | CG7: =V7 -> 12500000 | CH7: =U7 -> NOK | CI7: =(CG7/CJ7)/1000000 -> 1.249825 | CJ7: =VLOOKUP(CH7,'MONTHLY RATES'!$A:$E,5,FALSE) -> 10.0014 | CK7: =H7 -> validated | CL7: =S7 -> 44328
A8: 276189 | B8: TFRA8112 | C8: ZBACashPoolingCredit | D8: TRUE | E8: FALSE | F8: FALSE | G8: CDQSA | H8: validated | I8: submitted | J8: 0 | M8: ezeqo | N8: Elira Zeqo | O8: agoufan | P8: Amandine Goufan | Q8: 44323.554 | R8: 44323 | S8: 44327 | T8: 44323.556 | U8: GBP | V8: 1300000 | W8: TFRA | AA8: TPEU | AC8: TFRA/TPEU - Trade Id 276189 - ZBA cash pooling - Credit on subsidiary bank account / Debit on pivot bank account : 1,300,000 GBP - 2021-05-11 | AD8: com/mccsoft/diapason/transfer/transfer.swf?scope=503,3083,277,1603,2705,3484,321&title=ZBA cash pooling information&tradeTypeFilter=14767&isRequest=true&settlementTypeFilter=14770&nodeId=24082287&swfGroup=cash&swfGrant=|update|updateUserData|cancel| | AE8: 268908987 | AP8: TFZBA | AQ8: SGPLDTFRAONGBP1 | AR8: SGPLDTPEUGBP1 | BE8: TPEU envoi à TFRA 1,3 M GBP / RAF | BF8: 1 | BG8: GBP | BH8: 1300000 | BI8: 1 | BJ8: 44327 | BK8: 44323 | CD8: =IF(CK8="validated",ROW(),"") -> 8 | CE8: =W8 -> TFRA | CF8: =VLOOKUP(CE8,'COMPANY LIST'!$A:$B,2,FALSE) -> Technip France | CG8: =V8 -> 1300000 | CH8: =U8 -> GBP | CI8: =(CG8/CJ8)/1000000 -> 1.4951981 | CJ8: =VLOOKUP(CH8,'MONTHLY RATES'!$A:$E,5,FALSE) -> 0.86945 | CK8: =H8 -> validated | CL8: =S8 -> 44327
A9: 276188 | B9: TFRA8111 | C9: ZBACashPoolingCredit | D9: TRUE | E9: FALSE | F9: FALSE | G9: CDQSA | H9: validated | I9: submitted | J9: 0 | M9: ezeqo | N9: Elira Zeqo | O9: agoufan | P9: Amandine Goufan | Q9: 44323.553 | R9: 44323 | S9: 44327 | T9: 44323.556 | U9: EUR | V9: 1500000 | W9: TFRA | AA9: TPEU | AC9: TFRA/TPEU - Trade Id 276188 - ZBA cash pooling - Credit on subsidiary bank account / Debit on pivot bank account : 1,500,000 EUR - 2021-05-11 | AD9: com/mccsoft/diapason/transfer/transfer.swf?scope=503,3083,277,1603,2705,3484,321&title=ZBA cash pooling information&tradeTypeFilter=14767&isRequest=true&settlementTypeFilter=14770&nodeId=24082287&swfGroup=cash&swfGrant=|update|updateUserData|cancel| | AE9: 268908949 | AP9: TFZBA | AQ9: SGPLDTFRAONEUR3 | AR9: SGPLDTPEUEUR1 | BE9: TPEU envoi à TFRA 1,5 MEUR / RAF | BF9: 1 | BG9: EUR | BH9: 1500000 | BI9: 1 | BJ9: 44327 | BK9: 44323 | CD9: =IF(CK9="validated",ROW(),"") -> 9 | CE9: =W9 -> TFRA | CF9: =VLOOKUP(CE9,'COMPANY LIST'!$A:$B,2,FALSE) -> Technip France | CG9: =V9 -> 1500000 | CH9: =U9 -> EUR | CI9: =(CG9/CJ9)/1000000 -> 1.5 | CJ9: =VLOOKUP(CH9,'MONTHLY RATES'!$A:$E,5,FALSE) -> 1 | CK9: =H9 -> validated | CL9: =S9 -> 44327
A10: 276187 | B10: TFRA8110 | C10: ZBACashPoolingCredit | D10: TRUE | E10: FALSE | F10: FALSE | G10: CDQSA | H10: validated | I10: submitted | J10: 0 | M10: ezeqo | N10: Elira Zeqo | O10: agoufan | P10: Amandine Goufan | Q10: 44323.553 | R10: 44323 | S10: 44328 | T10: 44323.557 | U10: EUR | V10: 7000000 | W10: TFRA | AA10: TPEU | AC10: TFRA/TPEU - Trade Id 276187 - ZBA cash pooling - Credit on subsidiary bank account / Debit on pivot bank account : 7,000,000 EUR - 2021-05-12 | AD10: com/mccsoft/diapason/transfer/transfer.swf?scope=503,3083,277,1603,2705,3484,321&title=ZBA cash pooling information&tradeTypeFilter=14767&isRequest=true&settlementTypeFilter=14770&nodeId=24082287&swfGroup=cash&swfGrant=|update|updateUserData|cancel| | AE10: 268908911 | AP10: TFZBA | AQ10: BNPPPLDTFRAONEUR2 | AR10: BNPPPLDTPEUEUR1 | BE10: TPEU envoi à TFRA 7 MEUR | BF10: 1 | BG10: EUR | BH10: 7000000 | BI10: 1 | BJ10: 44328 | BK10: 44323 | CD10: =IF(CK10="validated",ROW(),"") -> 10 | CE10: =W10 -> TFRA | CF10: =VLOOKUP(CE10,'COMPANY LIST'!$A:$B,2,FALSE) -> Technip France | CG10: =V10 -> 7000000 | CH10: =U10 -> EUR | CI10: =(CG10/CJ10)/1000000 -> 7 | CJ10: =VLOOKUP(CH10,'MONTHLY RATES'!$A:$E,5,FALSE) -> 1 | CK10: =H10 -> validated | CL10: =S10 -> 44328
A11: 276181 | B11: FMCLSYSAS54 | C11: ZBACashPoolingCredit | D11: TRUE | E11: FALSE | F11: FALSE | G11: CDQSA | H11: validated | I11: submitted | J11: 0 | M11: iclergeaud | N11: Isabelle Clergeaud | O11: agoufan | P11: Amandine Goufan | Q11: 44323.278 | R11: 44323 | S11: 44328 | T11: 44323.285 | U11: EUR | V11: 1970000 | W11: FMCLSYSAS | AA11: TPEU | AC11: FMCLSYSAS/TPEU - Trade Id 276181 - ZBA cash pooling - Credit on subsidiary bank account / Debit on pivot bank account : 1,970,000 EUR - 2021-05-12 | AD11: com/mccsoft/diapason/transfer/transfer.swf?scope=503,3083,1603,3484,321&title=ZBA cash pooling information&tradeTypeFilter=14767&isRequest=true&settlementTypeFilter=14770&nodeId=24082287&swfGroup=cash&swfGrant=|update|updateUserData|cancel| | AE11: 268902074 | AP11: TFZBA | AQ11: BNPPPLDFMCLSYSASEUR1 | AR11: BNPPPLDTPEUEUR1 | BE11: TPEU A FMCLSYS BNP EUR EMAIL L.Pichon le 07.05 | BF11: 1 | BG11: EUR | BH11: 1970000 | BI11: 1 | BJ11: 44328 | BK11: 44323 | CD11: =IF(CK11="validated",ROW(),"") -> 11 | CE11: =W11 -> FMCLSYSAS | CF11: =VLOOKUP(CE11,'COMPANY LIST'!$A:$B,2,FALSE) -> FMC Loading Systems SAS | CG11: =V11 -> 1970000 | CH11: =U11 -> EUR | CI11: =(CG11/CJ11)/1000000 -> 1.97 | CJ11: =VLOOKUP(CH11,'MONTHLY RATES'!$A:$E,5,FALSE) -> 1 | CK11: =H11 -> validated | CL11: =S11 -> 44328
A12: 275927 | B12: TFRA8096 | C12: ZBACashPoolingCredit | D12: TRUE | E12: FALSE | F12: FALSE | G12: CDQSA | H12: validated | I12: submitted | J12: 0 | M12: ezeqo | N12: Elira Zeqo | O12: agoufan | P12: Amandine Goufan | Q12: 44312.688 | R12: 44312 | S12: 44326 | T12: 44313.275 | U12: EUR | V12: 1000000 | W12: TFRA | AA12: TPEU | AC12: TFRA/TPEU - Trade Id 275927 - ZBA cash pooling - Credit on subsidiary bank account / Debit on pivot bank account : 1,000,000 EUR - 2021-05-10 | AD12: com/mccsoft/diapason/transfer/transfer.swf?scope=503,3083,277,1603,2705,3484,321&title=ZBA cash pooling information&tradeTypeFilter=14767&isRequest=true&settlementTypeFilter=14770&nodeId=24082287&swfGroup=cash&swfGrant=|update|updateUserData|cancel| | AE12: 268403797 | AP12: TFZBA | AQ12: SGPLDTFRAONEUR2 | AR12: SGPLDTPEUEUR1 | BE12: TPEU envoi à TFRA 1 MEUR / PAS 04.2021 | BF12: 1 | BG12: EUR | BH12: 1000000 | BI12: 1 | BJ12: 44326 | BK12: 44312 | CD12: =IF(CK12="validated",ROW(),"") -> 12 | CE12: =W12 -> TFRA | CF12: =VLOOKUP(CE12,'COMPANY LIST'!$A:$B,2,FALSE) -> Technip France | CG12: =V12 -> 1000000 | CH12: =U12 -> EUR | CI12: =(CG12/CJ12)/1000000 -> 1 | CJ12: =VLOOKUP(CH12,'MONTHLY RATES'!$A:$E,5,FALSE) -> 1 | CK12: =H12 -> validated | CL12: =S12 -> 44326
CD13: =IF(CK13="validated",ROW(),"") | CE13: =W13 -> 0 | CF13: =VLOOKUP(CE13,'COMPANY LIST'!$A:$B,2,FALSE) -> #N/A | CG13: =V13 -> 0 | CH13: =U13 -> 0 | CI13: =(CG13/CJ13)/1000000 -> #N/A | CJ13: =VLOOKUP(CH13,'MONTHLY RATES'!$A:$E,5,FALSE) -> #N/A | CK13: =H13 -> 0 | CL13: =S13 -> 0
CD14: =IF(CK14="validated",ROW(),"") | CE14: =W14 -> 0 | CF14: =VLOOKUP(CE14,'COMPANY LIST'!$A:$B,2,FALSE) -> #N/A | CG14: =V14 -> 0 | CH14: =U14 -> 0 | CI14: =(CG14/CJ14)/1000000 -> #N/A | CJ14: =VLOOKUP(CH14,'MONTHLY RATES'!$A:$E,5,FALSE) -> #N/A | CK14: =H14 -> 0 | CL14: =S14 -> 0
CD15: =IF(CK15="validated",ROW(),"") | CE15: =W15 -> 0 | CF15: =VLOOKUP(CE15,'COMPANY LIST'!$A:$B,2,FALSE) -> #N/A | CG15: =V15 -> 0 | CH15: =U15 -> 0 | CI15: =(CG15/CJ15)/1000000 -> #N/A | CJ15: =VLOOKUP(CH15,'MONTHLY RATES'!$A:$E,5,FALSE) -> #N/A | CK15: =H15 -> 0 | CL15: =S15 -> 0
